Workbook

Sheet RESUMO
B5: Posto/ ITEM | C5: Cargo | D5: CBO | E5: Nivel | F5: Experiência Mínima | G5: C/H | H5: Qttvo postos | I5: Salário | J5: Custo unitário do posto | K5: Total Mensal | L5: Total Anual
B6: 1 | C6: Auxiliar Administrativo I | D6: 2523-05 | E6: NÍVEL FUNDAMENTAL | F6: sem experiência | G6: 40 | H6: ='POSTO 1 - Aux. Adm. I'!E135 -> 8 | I6: ='POSTO 1 - Aux. Adm. I'!E24 -> 1710.58 | J6: ='POSTO 1 - Aux. Adm. I'!E134 -> 1607.9452 | K6: =J6*H6 -> 12863.562 | L6: =K6*12 -> 154362.74
B7: 2 | C7: Auxiliar Administrativo II | D7: 2523-05 | E7: NÍVEL FUNDAMENTAL | F7: 6 meses | G7: 40 | H7: ='POSTO 2 - Aux. Adm. II'!E135 -> 11 | I7: ='POSTO 2 - Aux. Adm. II'!E24 -> 1824.89 | J7: ='POSTO 2 - Aux. Adm. II'!E134 -> 1715.3966 | K7: =J7*H7 -> 18869.363 | L7: =K7*12 -> 226432.35
B8: 3 | C8: Assistente Administrativo I | D8: 4110-10 | E8: NÍVEL MÉDIO | F8: 12 meses | G8: 40 | H8: ='POSTO 3 - Assist. Adm I'!E135 -> 10 | I8: ='POSTO 3 - Assist. Adm I'!E24 -> 2069.14 | J8: ='POSTO 3 - Assist. Adm I'!E134 -> 1944.9916 | K8: =J8*H8 -> 19449.916 | L8: =K8*12 -> 233398.99
B9: 4 | C9: Assistente Administrativo II | D9: 4110-10 | E9: NÍVEL MÉDIO | F9: 24 meses | G9: 40 | H9: ='POSTO 4 - Assist. Adm. II'!E135 -> 30 | I9: ='POSTO 4 - Assist. Adm. II'!E24 -> 2278.95 | J9: ='POSTO 4 - Assist. Adm. II'!E134 -> 2142.213 | K9: =J9*H9 -> 64266.39 | L9: =K9*12 -> 771196.68
B10: 5 | C10: Analista Administrativo Júnior | D10: 2521-05 | E10: NÍVEL SUPERIOR | F10: 30 meses | G10: 40 | H10: ='POSTO 5 - Analista Adm. Jr.'!E135 -> 4 | I10: ='POSTO 5 - Analista Adm. Jr.'!E24 -> 3454.97 | J10: ='POSTO 5 - Analista Adm. Jr.'!E134 -> 3247.6718 | K10: =J10*H10 -> 12990.687 | L10: =K10*12 -> 155888.25
B11: 6 | C11: Auxiliar de Laboratório I | D11: 5152-20 | E11: NÍVEL FUNDAMENTAL | F11: sem experiência | G11: 40 | H11: ='POSTO 6 - Aux. Lab. I'!E135 -> 11 | I11: ='POSTO 6 - Aux. Lab. I'!E24 -> 1710.58 | J11: ='POSTO 6 - Aux. Lab. I'!E134 -> 1607.9452 | K11: =J11*H11 -> 17687.397 | L11: =K11*12 -> 212248.77
B12: 7 | C12: Auxiliar de Laboratório II | D12: 5152-20 | E12: NÍVEL FUNDAMENTAL | F12: 06 meses | G12: 40 | H12: ='POSTO 7 - Aux. Lab. II'!E135 -> 12 | I12: ='POSTO 7 - Aux. Lab. II'!E24 -> 1824.89 | J12: ='POSTO 7 - Aux. Lab. II'!E134 -> 1715.3966 | K12: =J12*H12 -> 20584.759 | L12: =K12*12 -> 247017.11
B13: 8 | C13: Assistente de Laboratório I | D13: 3242-10 | E13: NÍVEL MÉDIO | F13: 12 meses | G13: 40 | H13: ='POSTO 8 - Assist. Lab. I'!E135 -> 8 | I13: ='POSTO 8 - Assist. Lab. I'!E24 -> 2069.14 | J13: ='POSTO 8 - Assist. Lab. I'!E134 -> 1944.9916 | K13: =J13*H13 -> 15559.933 | L13: =K13*12 -> 186719.19
B14: 9 | C14: Assistente de Laboratório II | D14: 3242-10 | E14: NÍVEL MÉDIO | F14: 24 meses | G14: 40 | H14: ='POSTO 9 - Assist. Lab. II'!E135 -> 10 | I14: ='POSTO 9 - Assist. Lab. II'!E24 -> 2278.95 | J14: ='POSTO 9 - Assist. Lab. II'!E134 -> 2142.213 | K14: =J14*H14 -> 21422.13 | L14: =K14*12 -> 257065.56
B15: 10 | C15: Auxiliar de Mantenção I | D15: 5143-25 | E15: NÍVEL FUNDAMENTAL | F15: sem experiência | G15: 40 | H15: ='POSTO 10 Aux de Manut I'!E135 -> 1 | I15: ='POSTO 10 Aux de Manut I'!E24 -> 1710.58 | J15: ='POSTO 10 Aux de Manut I'!E134 -> 1607.9452 | K15: =J15*H15 -> 1607.9452 | L15: =K15*12 -> 19295.342
B16: 11 | C16: Meio-Oficial de Manutenção I | D16: 5143-10 | E16: NÍVEL FUNDAMENTAL | F16: 12 meses | G16: 40 | H16: ='POSTO 11 Meio-Oficial Manut.I'!E135 -> 1 | I16: ='POSTO 11 Meio-Oficial Manut.I'!E24 -> 2069.14 | J16: ='POSTO 11 Meio-Oficial Manut.I'!E134 -> 1944.9916 | K16: =J16*H16 -> 1944.9916 | L16: =K16*12 -> 23339.899
B17: 12 | C17: Meio-Oficial de Manutenção II | D17: 5143-10 | E17: NÍVEL FUNDAMENTAL | F17: 24 meses | G17: 40 | H17: ='POSTO 12 Meio-Oficial Manut. II'!E135 -> 5 | I17: ='POSTO 12 Meio-Oficial Manut. II'!E24 -> 2278.95 | J17: ='POSTO 12 Meio-Oficial Manut. II'!E134 -> 2142.213 | K17: =J17*H17 -> 10711.065 | L17: =K17*12 -> 128532.78
B18: 13 | C18: Meio-Oficial de Manutenção III | D18: 5143-10 | E18: NÍVEL FUNDAMENTAL | F18: 30 meses | G18: 40 | H18: ='POSTO 13 Meio-Oficial Manut.III'!E135 -> 1 | I18: ='POSTO 13 Meio-Oficial Manut.III'!E24 -> 3454.97 | J18: ='POSTO 13 Meio-Oficial Manut.III'!E134 -> 3247.6718 | K18: =J18*H18 -> 3247.6718 | L18: =K18*12 -> 38972.062
B19: 14 | C19: Intérprete de Libras | D19: 2614-25 | E19: NÍVEL SUPERIOR | F19: 12 meses | G19: 40 | H19: ='POSTO 14 Intérprete de Libras'!E135 -> 1 | I19: ='POSTO 14 Intérprete de Libras'!E24 -> 3406.11 | J19: ='POSTO 14 Intérprete de Libras'!E134 -> 3201.7434 | K19: =J19*H19 -> 3201.7434 | L19: =K19*12 -> 38420.921
B20: 15 | C20: Psicólogo(a) | D20: 2515-40 | E20: NÍVEL SUPERIOR | F20: 12 meses | G20: 40 | H20: ='POSTO 15 Psicólogo'!E135 -> 1 | I20: ='POSTO 15 Psicólogo'!E24 -> 4991.14 | J20: ='POSTO 15 Psicólogo'!E134 -> 4691.6716 | K20: =J20*H20 -> 4691.6716 | L20: =K20*12 -> 56300.059
B21: 16 | C21: Assistente Social | D21: 2516-05 | E21: NÍVEL SUPERIOR | F21: 12 meses | G21: 40 | H21: ='POSTO 16 Assist. Social'!E135 -> 1 | I21: ='POSTO 16 Assist. Social'!E24 -> 4991.14 | J21: ='POSTO 16 Assist. Social'!E134 -> 4691.6716 | K21: =J21*H21 -> 4691.6716 | L21: =K21*12 -> 56300.059
B22: 17 | C22: Supervisão de Educação | D22: 1311-20 | E22: NÍVEL SUPERIOR | F22: 24 meses | G22: 40 | H22: ='POSTO 17 Supervisão de Educação'!E135 -> 1 | I22: ='POSTO 17 Supervisão de Educação'!E24 -> 6102.62 | J22: ='POSTO 17 Supervisão de Educação'!E134 -> 5736.4628 | K22: =J22*H22 -> 5736.4628 | L22: =K22*12 -> 68837.554
B23: Total de mão de obra | H23: =SUM(H6:H22) -> 116 | I23: Total | K23: =SUM(K6:K22) -> 239527.36 | L23: =+K23*12 -> 2874328.3
J24: Uniformes | K24: 11575.62 | L24: 11575.62
J25: Ttl global estimado | L25: =SUM(L23:L24) -> 2885903.9

Sheet Mão de Obra
B2: PLANILHA DE CUSTO E FORMAÇÃO DE PREÇOS
B4: DADOS COMPLEMENTARES PARA COMPOSIÇÃO DOS CUSTOS REFERENTE AOS SERVIÇOS
B5: Nº do Processo Administrativo:
B7: Local da Prestação dos Serviços:
B9: Descrição do Posto de Trabalho: Auxiliar Administrativo I
B12: Dados Complementares para Composição dos Custos com Mão de Obra
B13: Tipo de Jornada de Trabalho:
B14: 44 Horas Semanais (Segunda a Sexta)
B15: Descrição da Convenção Coletiva de Trabalho (CCT, ACT ou Dissídio Coletivo) | D15: Vigência da CCT, ACT ou Dissídio Coletivo:
B17: Classificação Brasileira de Ocupações (CBO) (MTE Nº)
B19: Piso Salarial Definido na CCT:
B20: 1412
B22: MÓDULO 1 - COMPOSIÇÃO DA REMUNERAÇÃO
B23: COMPOSIÇÃO DA REMUNERAÇÃO | D23: (%) | E23: VALOR (R$)
B24: A | C24: Salário Base | E24: 5000
B25: B | C25: Adicional Periculosidade | E25: 0
B26: C | C26: Adicional Insalubridade | E26: =D26*B20 -> 0
B27: D | C27: Adicional Noturno | E27: 0
B28: E | C28: Adicional de Hora Noturna Reduzida | E28: 0
B29: F | C29: Outros (especificar) | E29: 0
B30: TOTAL DO MÓDULO 1 | E30: =SUM(E24:E29) -> 5000
B32: MÓDULO 2 – ENCARGOS E BENEFÍCIOS ANUAIS, MENSAIS E DIÁRIOS
B33: Submódulo 2.1 - 13º Salário, Férias e Adicional de Férias | D33: (%) | E33: VALOR (R$)
B34: A | C34: 13 (Décimo-terceiro) salário | E34: =$E$30*D34 -> 0
B35: B | C35: Férias e Adicional de Férias | E35: =$E$30*D35 -> 0
B36: C | C36: Incidência dos encargos do submódulo 2.2 sobre Submódulo 2.1 - 13º Salário, Férias e Adicional de Férias | E36: =$E$30*D36 -> 0
B37: TOTAL SUBMÓDULO 2.1 | C37: Incidência dos encargos do submódulo 2.2 sobre Submódulo 2.1 - 13º Salário, Férias e Adicional de Férias | D37: =SUM(D34:D36) -> 0 | E37: =SUM(E34:E36) -> 0
B39: Submódulo 2.2 - GPS, FGTS e Outras Contribuições | D39: (%) | E39: VALOR (R$)
B40: A | C40: INSS | E40: =D40*$E$30 -> 0
B41: B | C41: Salário Educação | E41: =D41*$E$30 -> 0
B42: C | C42: SAT (Seguro Acidente de Trabalho) | E42: =D42*$E$30 -> 0
B43: D | C43: SESC ou SESI | E43: =D43*$E$30 -> 0
B44: E | C44: SENAI - SENAC | E44: =D44*$E$30 -> 0
B45: F | C45: SEBRAE | E45: =D45*$E$30 -> 0
B46: G | C46: INCRA | E46: =D46*$E$30 -> 0
B47: H | C47: FGTS | E47: =D47*$E$30 -> 0
B48: TOTAL SUBMÓDULO 2.2 | D48: =SUM(D40:D47) -> 0 | E48: =SUM(E40:E47) -> 0
B50: Submódulo 2.3 - Benefícios Mensais e Diários | D50: Valor Unitário | E50: VALOR (R$)
B51: A | C51: Transporte | E51: 0
B52: B | C52: Auxílio-Refeição/Alimentação | E52: 0
B53: C | C53: Assistência Médica e Familiar | E53: 0
B54: D | C54: Seguro de Vida/Auxilio Funeral | E54: 0
B55: E | C55: Auxilio Creche conforme CCT | E55: 0
B56: F | C56: Informar Benefício CCT da Proposta | E56: 0
B57: G | C57: Informar Benefício CCT da Proposta | E57: 0
B58: H | C58: Informar Benefício CCT da Proposta | E58: 0
B59: TOTAL SUBMÓDULO 2.3 | E59: =SUM(E51:E58) -> 0
B61: QUADRO-RESUMO DO MÓDULO 2 - ENCARGOS, BENEFÍCIOS ANUAIS, MENSAIS E DIÁRIOS
B62: Módulo 2 - Encargos, Benefícios Anuais, Mensais e Diários | E62: VALOR (R$)
B63: 2.1 | C63: 13º Salário, Férias e Adicional de Férias | E63: =$E$37 -> 0
B64: 2.2 | C64: GPS, FGTS e Outras Contribuições | E64: =$E$48 -> 0
B65: 2.3 | C65: Benefícios Mensais e Diários | E65: =$E$59 -> 0
B66: TOTAL DO MÓDULO 2 | E66: =SUM(E63:E65) -> 0
B68: MÓDULO 3 – PROVISÃO PARA RESCISÃO
B69: PROVISÃO PARA RESCISÃO | D69: (%) | E69: VALOR (R$)
B70: A | C70: Aviso Prévio Indenizado | E70: =$E$30*D70 -> 0
B71: B | C71: Incidência do FGTS sobre Aviso Prévio Indenizado | E71: =$E$30*D71 -> 0
B72: D | C72: Aviso Prévio Trabalhado | E72: =$E$30*D72 -> 0
B73: E | C73: Incidência de GPS, FGTS e outras contribuições sobre o Aviso Prévio Trabalhado | E73: =$E$30*D73 -> 0
B74: F | C74: Multa do FGTS sobre API e APT | E74: =$E$30*D74 -> 0
B75: TOTAL DO MÓDULO 3 | D75: =SUM(D70:D74) -> 0 | E75: =SUM(E70:E74) -> 0
B77: MÓDULO 4 – CUSTO DE REPOSIÇÃO DO PROFISSIONAL AUSENTE
B78: Submódulo 4.1 - Substituto nas Ausências Legais | D78: (%) | E78: VALOR (R$)
B79: A | C79: Substituto na cobertura de Férias | E79: =D79*$E$30 -> 0
B80: B | C80: Substituto na cobertura de Ausências Legais | E80: =D80*$E$30 -> 0
B81: C | C81: Substituto na cobertura de Licença Paternidade | E81: =D81*$E$30 -> 0
B82: D | C82: Substituto na cobertura de Ausência por Acidente de Trabalho | E82: =D82*$E$30 -> 0
B83: E | C83: Substituto na cobertura de Afastamento Maternidade | E83: =D83*$E$30 -> 0
B84: F | C84: Substituto na cobertura de Outras ausências (especificar) | E84: =D84*$E$30 -> 0
B85: TOTAL SUBMÓDULO 4.1 | D85: =SUM(D79:D84) -> 0 | E85: =SUM(E79:E84) -> 0
B87: Submódulo 4.2 - Substituto na Intrajornada | D87: (%) | E87: VALOR (R$)
B88: A | C88: Substituto na cobertura de Intervalo para Repouso ou Alimentação | D88: 0 | E88: =$E$30*D88 -> 0
B89: TOTAL SUBMÓDULO 4.2 | D89: =D88 -> 0 | E89: =E88 -> 0
B91: QUADRO-RESUMO DO MÓDULO 4 - CUSTO DE REPOSIÇÃO DO PROFISSIONAL AUSENTE
B92: Módulo 4 - Custo de Reposição do Profissional Ausente | E92: VALOR (R$)
B93: 4.1 | C93: Substituto nas Ausências Legais | E93: 11.15
B94: 4.2 | C94: Substituto na Intrajornada | E94: =$E$89 -> 0
B95: TOTAL DO MÓDULO 4 | E95: =SUM(E93:E94) -> 11.15
B97: MÓDULO 5 – INSUMOS DIVERSOS
B98: INSUMOS DIVERSOS | E98: VALOR (R$)
B99: A | C99: Uniformes e Epi' s | E99: 0
B100: B | C100: Materiais | E100: 0
B101: C | C101: Equipamentos/Ferramentas | E101: 0
B102: D | C102: Outros Necessários (Especificar) | E102: 0
B103: TOTAL DO MÓDULO 5 | E103: =SUM(E99:E102) -> 0
B105: MÓDULO 6 – CUSTOS INDIRETOS, TRIBUTOS E LUCRO
B106: CUSTOS INDIRETOS, TRIBUTOS E LUCRO | D106: (%) | E106: VALOR (R$)
B107: A | C107: Custos Indiretos | E107: =D107*E132 -> 0
B108: B | C108: Lucro | E108: =D108*(E107+E132) -> 0
B109: C | C109: TRIBUTOS
B110: C.1 | C110: PIS | E110: =(D110*E120) -> 0
B111: C.2 | C111: COFINS | D111: 0 | E111: =(D111*E120) -> 0
B112: C.3 | C112: ISS | D112: 0 | E112: =(D112*E120) -> 0
B113: C.4 | C113: Outros (CPBR) | D113: 0 | E113: =(D113*E120) -> 0
B114: TOTAL DO MÓDULO 6 | D114: =D107+D108+D110+D111+D112+D113 -> 0 | E114: =SUM(E107:E113) -> 0
B116: a) | C116: Total dos Tributos % = To = ............................................................. | D116: =D110+D111+D112+D113 -> 0
B118: b) | C118: (Total dos Módulos 1, 2, 3, 4 e 5 + Custos indiretos + lucro)= Po = ................................... | E118: =E132+E107+E108 -> 5011.15
B120: c) | C120: Po / (1 - To) = Valor do Posto = .............................................................................. | E120: =E118/(1-D116) -> 5011.15
B122: d) | C122: Valor dos Tributos = P1 - Po | E122: =E120-E118 -> 0
B125: QUADRO RESUMO DO CUSTO POR EMPREGADO
...

Sheet POSTO 1 - Aux. Adm. I
B2: PLANILHA DE CUSTO E FORMAÇÃO DE PREÇOS
B4: DADOS COMPLEMENTARES PARA COMPOSIÇÃO DOS CUSTOS REFERENTE AOS SERVIÇOS
B5: Nº do Processo Administrativo:
B7: Local da Prestação dos Serviços:
B9: Descrição do Posto de Trabalho:
B10: Auxiliar Administrativo I
B12: Dados Complementares para Composição dos Custos com Mão de Obra
B13: Tipo de Jornada de Trabalho:
B14: 40 Horas Semanais (Segunda a Sexta)
B15: Descrição da Convenção Coletiva de Trabalho (CCT, ACT ou Dissídio Coletivo) | D15: Vigência da CCT, ACT ou Dissídio Coletivo:
B17: Classificação Brasileira de Ocupações (CBO) (MTE Nº)
B19: Piso Salarial Definido na CCT (PISO NACIONAL 2024):
B20: 1412
B22: MÓDULO 1 - COMPOSIÇÃO DA REMUNERAÇÃO
B23: COMPOSIÇÃO DA REMUNERAÇÃO | D23: (%) | E23: VALOR (R$)
B24: A | C24: Salário Base | D24: ='Mão de Obra'!D24 -> 0 | E24: 1710.58
B25: B | C25: Adicional Periculosidade | D25: ='Mão de Obra'!D25 -> 0 | E25: 0
B26: C | C26: Adicional Insalubridade | D26: ='Mão de Obra'!D26 -> 0 | E26: =D26*B20 -> 0
B27: D | C27: Adicional Noturno | D27: ='Mão de Obra'!D27 -> 0 | E27: 0
B28: E | C28: Adicional de Hora Noturna Reduzida | D28: ='Mão de Obra'!D28 -> 0 | E28: 0
B29: F | C29: Outros (especificar) | D29: ='Mão de Obra'!D29 -> 0 | E29: 0
B30: TOTAL DO MÓDULO 1 | E30: =SUM(E24:E29) -> 1710.58
B32: MÓDULO 2 – ENCARGOS E BENEFÍCIOS ANUAIS, MENSAIS E DIÁRIOS
B33: Submódulo 2.1 - 13º Salário, Férias e Adicional de Férias | D33: (%) | E33: VALOR (R$)
B34: A | C34: 13 (Décimo-terceiro) salário | D34: ='Mão de Obra'!D34 -> 0 | E34: =$E$30*D34 -> 0
B35: B | C35: Férias e Adicional de Férias | D35: ='Mão de Obra'!D35 -> 0 | E35: =$E$30*D35 -> 0
B36: C | C36: Incidência dos encargos do submódulo 2.2 sobre Submódulo 2.1 - 13º Salário, Férias e Adicional de Férias | D36: ='Mão de Obra'!D36 -> 0 | E36: =$E$30*D36 -> 0
B37: TOTAL SUBMÓDULO 2.1 | C37: Incidência dos encargos do submódulo 2.2 sobre Submódulo 2.1 - 13º Salário, Férias e Adicional de Férias | D37: =SUM(D34:D36) -> 0 | E37: =SUM(E34:E36) -> 0
B39: Submódulo 2.2 - GPS, FGTS e Outras Contribuições | D39: (%) | E39: VALOR (R$)
B40: A | C40: INSS | D40: ='Mão de Obra'!D40 -> 0 | E40: =D40*$E$30 -> 0
B41: B | C41: Salário Educação | D41: ='Mão de Obra'!D41 -> 0 | E41: =D41*$E$30 -> 0
B42: C | C42: SAT (Seguro Acidente de Trabalho) | D42: ='Mão de Obra'!D42 -> 0 | E42: =D42*$E$30 -> 0
B43: D | C43: SESC ou SESI | D43: ='Mão de Obra'!D43 -> 0 | E43: =D43*$E$30 -> 0
B44: E | C44: SENAI - SENAC | D44: ='Mão de Obra'!D44 -> 0 | E44: =D44*$E$30 -> 0
B45: F | C45: SEBRAE | D45: ='Mão de Obra'!D45 -> 0 | E45: =D45*$E$30 -> 0
B46: G | C46: INCRA | D46: ='Mão de Obra'!D46 -> 0 | E46: =D46*$E$30 -> 0
B47: H | C47: FGTS | D47: ='Mão de Obra'!D47 -> 0 | E47: =D47*$E$30 -> 0
B48: TOTAL SUBMÓDULO 2.2 | D48: =SUM(D40:D47) -> 0 | E48: =SUM(E40:E47) -> 0
B50: Submódulo 2.3 - Benefícios Mensais e Diários | D50: Valor Unitário | E50: VALOR (R$)
B51: A | C51: Transporte | D51: ='Mão de Obra'!D51 -> 0 | E51: =(D51*4*22)-E24*6% -> -102.6348
B52: B | C52: Auxílio-Refeição/Alimentação | D52: ='Mão de Obra'!D52 -> 0 | E52: =D52*22 -> 0
B53: C | C53: Assistência Médica e Familiar | D53: ='Mão de Obra'!D53 -> 0 | E53: =D53 -> 0
B54: D | C54: Seguro de Vida/Auxilio Funeral | D54: ='Mão de Obra'!D54 -> 0 | E54: =D54 -> 0
B55: E | C55: Auxilio Creche conforme CCT | D55: ='Mão de Obra'!D55 -> 0 | E55: =D55 -> 0
B56: F | C56: Benefício Apoio Social | D56: ='Mão de Obra'!D56 -> 0 | E56: =D56 -> 0
B57: G | C57: Informar Benefício CCT da Proposta | D57: ='Mão de Obra'!D57 -> 0 | E57: 0
B58: H | C58: Informar Benefício CCT da Proposta | D58: ='Mão de Obra'!D58 -> 0 | E58: 0
B59: TOTAL SUBMÓDULO 2.3 | E59: =SUM(E51:E58) -> -102.6348
B61: QUADRO-RESUMO DO MÓDULO 2 - ENCARGOS, BENEFÍCIOS ANUAIS, MENSAIS E DIÁRIOS
B62: Módulo 2 - Encargos, Benefícios Anuais, Mensais e Diários | E62: VALOR (R$)
B63: 2.1 | C63: 13º Salário, Férias e Adicional de Férias | E63: =E37 -> 0
B64: 2.2 | C64: GPS, FGTS e Outras Contribuições | E64: =$E$48 -> 0
B65: 2.3 | C65: Benefícios Mensais e Diários | E65: =E59 -> -102.6348
B66: TOTAL DO MÓDULO 2 | E66: =SUM(E63:E65) -> -102.6348
B68: MÓDULO 3 – PROVISÃO PARA RESCISÃO
B69: PROVISÃO PARA RESCISÃO | D69: (%) | E69: VALOR (R$)
B70: A | C70: Aviso Prévio Indenizado | D70: ='Mão de Obra'!D70 -> 0 | E70: =$E$30*D70 -> 0
B71: B | C71: Incidência do FGTS sobre Aviso Prévio Indenizado | D71: ='Mão de Obra'!D71 -> 0 | E71: =$E$30*D71 -> 0
B72: D | C72: Aviso Prévio Trabalhado | D72: ='Mão de Obra'!D72 -> 0 | E72: =$E$30*D72 -> 0
B73: E | C73: Incidência de GPS, FGTS e outras contribuições sobre o Aviso Prévio Trabalhado | D73: ='Mão de Obra'!D73 -> 0 | E73: =$E$30*D73 -> 0
B74: F | C74: Multa do FGTS sobre API e APT | D74: ='Mão de Obra'!D74 -> 0 | E74: =$E$30*D74 -> 0
B75: TOTAL DO MÓDULO 3 | D75: =SUM(D70:D74) -> 0 | E75: =SUM(E70:E74) -> 0
B77: MÓDULO 4 – CUSTO DE REPOSIÇÃO DO PROFISSIONAL AUSENTE
B78: Submódulo 4.1 - Substituto nas Ausências Legais | D78: (%) | E78: VALOR (R$)
B79: A | C79: Substituto na cobertura de Férias | D79: ='Mão de Obra'!D79 -> 0 | E79: =D79*$E$30 -> 0
B80: B | C80: Substituto na cobertura de Ausências Legais | D80: ='Mão de Obra'!D80 -> 0 | E80: =D80*$E$30 -> 0
B81: C | C81: Substituto na cobertura de Licença Paternidade | D81: ='Mão de Obra'!D81 -> 0 | E81: =D81*$E$30 -> 0
B82: D | C82: Substituto na cobertura de Ausência por Acidente de Trabalho | D82: ='Mão de Obra'!D82 -> 0 | E82: =D82*$E$30 -> 0
B83: E | C83: Substituto na cobertura de Afastamento Maternidade | D83: ='Mão de Obra'!D83 -> 0 | E83: =D83*$E$30 -> 0
B84: F | C84: Substituto na cobertura de Outras ausências (especificar) | D84: ='Mão de Obra'!D84 -> 0 | E84: =D84*$E$30 -> 0
B85: TOTAL SUBMÓDULO 4.1 | D85: =SUM(D79:D84) -> 0 | E85: =SUM(E79:E84) -> 0
B87: Submódulo 4.2 - Substituto na Intrajornada | D87: (%) | E87: VALOR (R$)
B88: A | C88: Substituto na cobertura de Intervalo para Repouso ou Alimentação | D88: ='Mão de Obra'!D88 -> 0 | E88: =$E$30*D88 -> 0
B89: TOTAL SUBMÓDULO 4.2 | D89: =D88 -> 0 | E89: =E88 -> 0
B91: QUADRO-RESUMO DO MÓDULO 4 - CUSTO DE REPOSIÇÃO DO PROFISSIONAL AUSENTE
B92: Módulo 4 - Custo de Reposição do Profissional Ausente | E92: VALOR (R$)
B93: 4.1 | C93: Substituto nas Ausências Legais | E93: =$E$85 -> 0
B94: 4.2 | C94: Substituto na Intrajornada | E94: =$E$89 -> 0
B95: TOTAL DO MÓDULO 4 | E95: =SUM(E93:E94) -> 0
B97: MÓDULO 5 – INSUMOS DIVERSOS
B98: INSUMOS DIVERSOS | E98: VALOR (R$)
B99: A | C99: Uniformes e Epi' s | E99: 0
B100: B | C100: Materiais | E100: 0
B101: C | C101: Equipamentos/Ferramentas | E101: 0
B102: D | C102: Outros Necessários (Especificar) | E102: 0
B103: TOTAL DO MÓDULO 5 | E103: =SUM(E99:E102) -> 0
B105: MÓDULO 6 – CUSTOS INDIRETOS, TRIBUTOS E LUCRO
B106: CUSTOS INDIRETOS, TRIBUTOS E LUCRO | D106: (%) | E106: VALOR (R$)
B107: A | C107: Custos Indiretos | D107: ='Mão de Obra'!D107 -> 0 | E107: =D107*E132 -> 0
B108: B | C108: Lucro | D108: ='Mão de Obra'!D108 -> 0 | E108: =D108*(E107+E132) -> 0
B109: C | C109: TRIBUTOS
B110: C.1 | C110: PIS | D110: ='Mão de Obra'!D110 -> 0 | E110: =(D110*E120) -> 0
B111: C.2 | C111: COFINS | D111: ='Mão de Obra'!D111 -> 0 | E111: =(D111*E120) -> 0
B112: C.3 | C112: ISS | D112: ='Mão de Obra'!D112 -> 0 | E112: =(D112*E120) -> 0
B113: C.4 | C113: Outros (CPBR) | D113: ='Mão de Obra'!D113 -> 0 | E113: =(D113*E120) -> 0
B114: TOTAL DO MÓDULO 6 | D114: =D107+D108+D110+D111+D112+D113 -> 0 | E114: =SUM(E107:E113) -> 0
B116: a) | C116: Total dos Tributos % = To = ............................................................. | D116: =D110+D111+D112+D113 -> 0
B118: b) | C118: (Total dos Módulos 1, 2, 3, 4 e 5 + Custos indiretos + lucro)= Po = ................................... | E118: =E132+E107+E108 -> 1607.9452
B120: c) | C120: Po / (1 - To) = Valor do Posto = .............................................................................. | E120: =E118/(1-D116) -> 1607.9452
B122: d) | C122: Valor dos Tributos = P1 - Po | E122: =E120-E118 -> 0
...

Sheet POSTO 2 - Aux. Adm. II
B2: PLANILHA DE CUSTO E FORMAÇÃO DE PREÇOS
B4: DADOS COMPLEMENTARES PARA COMPOSIÇÃO DOS CUSTOS REFERENTE AOS SERVIÇOS
B5: Nº do Processo Administrativo:
B7: Local da Prestação dos Serviços:
B9: Descrição do Posto de Trabalho:
B10: Auxiliar Administrativo II
B12: Dados Complementares para Composição dos Custos com Mão de Obra
B13: Tipo de Jornada de Trabalho:
B14: 40 Horas Semanais (Segunda a Sexta)
B15: Descrição da Convenção Coletiva de Trabalho (CCT, ACT ou Dissídio Coletivo) | D15: Vigência da CCT, ACT ou Dissídio Coletivo:
B17: Classificação Brasileira de Ocupações (CBO) (MTE Nº)
B19: Piso Salarial Definido na CCT:
B20: 1412
B22: MÓDULO 1 - COMPOSIÇÃO DA REMUNERAÇÃO
B23: COMPOSIÇÃO DA REMUNERAÇÃO | D23: (%) | E23: VALOR (R$)
B24: A | C24: Salário Base | D24: ='Mão de Obra'!D24 -> 0 | E24: 1824.89
B25: B | C25: Adicional Periculosidade | D25: ='Mão de Obra'!D25 -> 0 | E25: 0
B26: C | C26: Adicional Insalubridade | D26: ='Mão de Obra'!D26 -> 0 | E26: =D26*B20 -> 0
B27: D | C27: Adicional Noturno | D27: ='Mão de Obra'!D27 -> 0 | E27: 0
B28: E | C28: Adicional de Hora Noturna Reduzida | D28: ='Mão de Obra'!D28 -> 0 | E28: 0
B29: F | C29: Outros (especificar) | D29: ='Mão de Obra'!D29 -> 0 | E29: 0
B30: TOTAL DO MÓDULO 1 | E30: =SUM(E24:E29) -> 1824.89
B32: MÓDULO 2 – ENCARGOS E BENEFÍCIOS ANUAIS, MENSAIS E DIÁRIOS
B33: Submódulo 2.1 - 13º Salário, Férias e Adicional de Férias | D33: (%) | E33: VALOR (R$)
B34: A | C34: 13 (Décimo-terceiro) salário | D34: ='Mão de Obra'!D34 -> 0 | E34: =$E$30*D34 -> 0
B35: B | C35: Férias e Adicional de Férias | D35: ='Mão de Obra'!D35 -> 0 | E35: =$E$30*D35 -> 0
B36: C | C36: Incidência dos encargos do submódulo 2.2 sobre Submódulo 2.1 - 13º Salário, Férias e Adicional de Férias | D36: ='Mão de Obra'!D36 -> 0 | E36: =$E$30*D36 -> 0
B37: TOTAL SUBMÓDULO 2.1 | C37: Incidência dos encargos do submódulo 2.2 sobre Submódulo 2.1 - 13º Salário, Férias e Adicional de Férias | D37: =SUM(D34:D36) -> 0 | E37: =SUM(E34:E36) -> 0
B39: Submódulo 2.2 - GPS, FGTS e Outras Contribuições | D39: (%) | E39: VALOR (R$)
B40: A | C40: INSS | D40: ='Mão de Obra'!D40 -> 0 | E40: =D40*$E$30 -> 0
B41: B | C41: Salário Educação | D41: ='Mão de Obra'!D41 -> 0 | E41: =D41*$E$30 -> 0
B42: C | C42: SAT (Seguro Acidente de Trabalho) | D42: ='Mão de Obra'!D42 -> 0 | E42: =D42*$E$30 -> 0
B43: D | C43: SESC ou SESI | D43: ='Mão de Obra'!D43 -> 0 | E43: =D43*$E$30 -> 0
B44: E | C44: SENAI - SENAC | D44: ='Mão de Obra'!D44 -> 0 | E44: =D44*$E$30 -> 0
B45: F | C45: SEBRAE | D45: ='Mão de Obra'!D45 -> 0 | E45: =D45*$E$30 -> 0
B46: G | C46: INCRA | D46: ='Mão de Obra'!D46 -> 0 | E46: =D46*$E$30 -> 0
B47: H | C47: FGTS | D47: ='Mão de Obra'!D47 -> 0 | E47: =D47*$E$30 -> 0
B48: TOTAL SUBMÓDULO 2.2 | D48: =SUM(D40:D47) -> 0 | E48: =SUM(E40:E47) -> 0
B50: Submódulo 2.3 - Benefícios Mensais e Diários | D50: Valor Unitário | E50: VALOR (R$)
B51: A | C51: Transporte | D51: ='Mão de Obra'!D51 -> 0 | E51: =(D51*4*22)-E24*6% -> -109.4934
B52: B | C52: Auxílio-Refeição/Alimentação | D52: ='Mão de Obra'!D52 -> 0 | E52: =D52*22 -> 0
B53: C | C53: Assistência Médica e Familiar | D53: ='Mão de Obra'!D53 -> 0 | E53: =D53 -> 0
B54: D | C54: Seguro de Vida/Auxilio Funeral | D54: ='Mão de Obra'!D54 -> 0 | E54: =D54 -> 0
B55: E | C55: Auxilio Creche conforme CCT | D55: ='Mão de Obra'!D55 -> 0 | E55: =D55 -> 0
B56: F | C56: Benefício Apoio Social | D56: ='Mão de Obra'!D56 -> 0 | E56: =D56 -> 0
B57: G | C57: Informar Benefício CCT da Proposta | D57: ='Mão de Obra'!D57 -> 0 | E57: 0
B58: H | C58: Informar Benefício CCT da Proposta | D58: ='Mão de Obra'!D58 -> 0 | E58: 0
B59: TOTAL SUBMÓDULO 2.3 | E59: =SUM(E51:E58) -> -109.4934
B61: QUADRO-RESUMO DO MÓDULO 2 - ENCARGOS, BENEFÍCIOS ANUAIS, MENSAIS E DIÁRIOS
B62: Módulo 2 - Encargos, Benefícios Anuais, Mensais e Diários | E62: VALOR (R$)
B63: 2.1 | C63: 13º Salário, Férias e Adicional de Férias | E63: =E37 -> 0
B64: 2.2 | C64: GPS, FGTS e Outras Contribuições | E64: =$E$48 -> 0
B65: 2.3 | C65: Benefícios Mensais e Diários | E65: =E59 -> -109.4934
B66: TOTAL DO MÓDULO 2 | E66: =SUM(E63:E65) -> -109.4934
B68: MÓDULO 3 – PROVISÃO PARA RESCISÃO
B69: PROVISÃO PARA RESCISÃO | D69: (%) | E69: VALOR (R$)
B70: A | C70: Aviso Prévio Indenizado | D70: ='Mão de Obra'!D70 -> 0 | E70: =$E$30*D70 -> 0
B71: B | C71: Incidência do FGTS sobre Aviso Prévio Indenizado | D71: ='Mão de Obra'!D71 -> 0 | E71: =$E$30*D71 -> 0
B72: D | C72: Aviso Prévio Trabalhado | D72: ='Mão de Obra'!D72 -> 0 | E72: =$E$30*D72 -> 0
B73: E | C73: Incidência de GPS, FGTS e outras contribuições sobre o Aviso Prévio Trabalhado | D73: ='Mão de Obra'!D73 -> 0 | E73: =$E$30*D73 -> 0
B74: F | C74: Multa do FGTS sobre API e APT | D74: ='Mão de Obra'!D74 -> 0 | E74: =$E$30*D74 -> 0
B75: TOTAL DO MÓDULO 3 | D75: =SUM(D70:D74) -> 0 | E75: =SUM(E70:E74) -> 0
B77: MÓDULO 4 – CUSTO DE REPOSIÇÃO DO PROFISSIONAL AUSENTE
B78: Submódulo 4.1 - Substituto nas Ausências Legais | D78: (%) | E78: VALOR (R$)
B79: A | C79: Substituto na cobertura de Férias | D79: ='Mão de Obra'!D79 -> 0 | E79: =D79*$E$30 -> 0
B80: B | C80: Substituto na cobertura de Ausências Legais | D80: ='Mão de Obra'!D80 -> 0 | E80: =D80*$E$30 -> 0
B81: C | C81: Substituto na cobertura de Licença Paternidade | D81: ='Mão de Obra'!D81 -> 0 | E81: =D81*$E$30 -> 0
B82: D | C82: Substituto na cobertura de Ausência por Acidente de Trabalho | D82: ='Mão de Obra'!D82 -> 0 | E82: =D82*$E$30 -> 0
B83: E | C83: Substituto na cobertura de Afastamento Maternidade | D83: ='Mão de Obra'!D83 -> 0 | E83: =D83*$E$30 -> 0
B84: F | C84: Substituto na cobertura de Outras ausências (especificar) | D84: ='Mão de Obra'!D84 -> 0 | E84: =D84*$E$30 -> 0
B85: TOTAL SUBMÓDULO 4.1 | D85: =SUM(D79:D84) -> 0 | E85: =SUM(E79:E84) -> 0
B87: Submódulo 4.2 - Substituto na Intrajornada | D87: (%) | E87: VALOR (R$)
B88: A | C88: Substituto na cobertura de Intervalo para Repouso ou Alimentação | D88: ='Mão de Obra'!D88 -> 0 | E88: =$E$30*D88 -> 0
B89: TOTAL SUBMÓDULO 4.2 | D89: =D88 -> 0 | E89: =E88 -> 0
B91: QUADRO-RESUMO DO MÓDULO 4 - CUSTO DE REPOSIÇÃO DO PROFISSIONAL AUSENTE
B92: Módulo 4 - Custo de Reposição do Profissional Ausente | E92: VALOR (R$)
B93: 4.1 | C93: Substituto nas Ausências Legais | E93: =$E$85 -> 0
B94: 4.2 | C94: Substituto na Intrajornada | E94: =$E$89 -> 0
B95: TOTAL DO MÓDULO 4 | E95: =SUM(E93:E94) -> 0
B97: MÓDULO 5 – INSUMOS DIVERSOS
B98: INSUMOS DIVERSOS | E98: VALOR (R$)
B99: A | C99: Uniformes e Epi' s | E99: 0
B100: B | C100: Materiais | E100: 0
B101: C | C101: Equipamentos/Ferramentas | E101: 0
B102: D | C102: Outros Necessários (Especificar) | E102: 0
B103: TOTAL DO MÓDULO 5 | E103: =SUM(E99:E102) -> 0
B105: MÓDULO 6 – CUSTOS INDIRETOS, TRIBUTOS E LUCRO
B106: CUSTOS INDIRETOS, TRIBUTOS E LUCRO | D106: (%) | E106: VALOR (R$)
B107: A | C107: Custos Indiretos | D107: ='Mão de Obra'!D107 -> 0 | E107: =D107*E132 -> 0
B108: B | C108: Lucro | D108: ='Mão de Obra'!D108 -> 0 | E108: =D108*(E107+E132) -> 0
B109: C | C109: TRIBUTOS
B110: C.1 | C110: PIS | D110: ='Mão de Obra'!D110 -> 0 | E110: =(D110*E120) -> 0
B111: C.2 | C111: COFINS | D111: ='Mão de Obra'!D111 -> 0 | E111: =(D111*E120) -> 0
B112: C.3 | C112: ISS | D112: ='Mão de Obra'!D112 -> 0 | E112: =(D112*E120) -> 0
B113: C.4 | C113: Outros (CPBR) | D113: ='Mão de Obra'!D113 -> 0 | E113: =(D113*E120) -> 0
B114: TOTAL DO MÓDULO 6 | D114: =D107+D108+D110+D111+D112+D113 -> 0 | E114: =SUM(E107:E113) -> 0
B116: a) | C116: Total dos Tributos % = To = ............................................................. | D116: =D110+D111+D112+D113 -> 0
B118: b) | C118: (Total dos Módulos 1, 2, 3, 4 e 5 + Custos indiretos + lucro)= Po = ................................... | E118: =E132+E107+E108 -> 1715.3966
B120: c) | C120: Po / (1 - To) = Valor do Posto = .............................................................................. | E120: =E118/(1-D116) -> 1715.3966
B122: d) | C122: Valor dos Tributos = P1 - Po | E122: =E120-E118 -> 0
...

Sheet POSTO 3 -  Assist. Adm I
B2: PLANILHA DE CUSTO E FORMAÇÃO DE PREÇOS
B4: DADOS COMPLEMENTARES PARA COMPOSIÇÃO DOS CUSTOS REFERENTE AOS SERVIÇOS
B5: Nº do Processo Administrativo:
B7: Local da Prestação dos Serviços:
B9: Descrição do Posto de Trabalho:
B10: Assistente Administrativo I
B12: Dados Complementares para Composição dos Custos com Mão de Obra
B13: Tipo de Jornada de Trabalho:
B14: 40 Horas Semanais (Segunda a Sexta)
B15: Descrição da Convenção Coletiva de Trabalho (CCT, ACT ou Dissídio Coletivo) | D15: Vigência da CCT, ACT ou Dissídio Coletivo:
B17: Classificação Brasileira de Ocupações (CBO) (MTE Nº)
B19: Piso Salarial Definido na CCT:
B20: 1412
B22: MÓDULO 1 - COMPOSIÇÃO DA REMUNERAÇÃO
B23: COMPOSIÇÃO DA REMUNERAÇÃO | D23: (%) | E23: VALOR (R$)
B24: A | C24: Salário Base | D24: ='Mão de Obra'!D24 -> 0 | E24: 2069.14
B25: B | C25: Adicional Periculosidade | D25: ='Mão de Obra'!D25 -> 0 | E25: 0
B26: C | C26: Adicional Insalubridade | D26: ='Mão de Obra'!D26 -> 0 | E26: =D26*B20 -> 0
B27: D | C27: Adicional Noturno | D27: ='Mão de Obra'!D27 -> 0 | E27: 0
B28: E | C28: Adicional de Hora Noturna Reduzida | D28: ='Mão de Obra'!D28 -> 0 | E28: 0
B29: F | C29: Outros (especificar) | D29: ='Mão de Obra'!D29 -> 0 | E29: 0
B30: TOTAL DO MÓDULO 1 | E30: =SUM(E24:E29) -> 2069.14
B32: MÓDULO 2 – ENCARGOS E BENEFÍCIOS ANUAIS, MENSAIS E DIÁRIOS
B33: Submódulo 2.1 - 13º Salário, Férias e Adicional de Férias | D33: (%) | E33: VALOR (R$)
B34: A | C34: 13 (Décimo-terceiro) salário | D34: ='Mão de Obra'!D34 -> 0 | E34: =$E$30*D34 -> 0
B35: B | C35: Férias e Adicional de Férias | D35: ='Mão de Obra'!D35 -> 0 | E35: =$E$30*D35 -> 0
B36: C | C36: Incidência dos encargos do submódulo 2.2 sobre Submódulo 2.1 - 13º Salário, Férias e Adicional de Férias | D36: ='Mão de Obra'!D36 -> 0 | E36: =$E$30*D36 -> 0
B37: TOTAL SUBMÓDULO 2.1 | C37: Incidência dos encargos do submódulo 2.2 sobre Submódulo 2.1 - 13º Salário, Férias e Adicional de Férias | D37: =SUM(D34:D36) -> 0 | E37: =SUM(E34:E36) -> 0
B39: Submódulo 2.2 - GPS, FGTS e Outras Contribuições | D39: (%) | E39: VALOR (R$)
B40: A | C40: INSS | D40: ='Mão de Obra'!D40 -> 0 | E40: =D40*$E$30 -> 0
B41: B | C41: Salário Educação | D41: ='Mão de Obra'!D41 -> 0 | E41: =D41*$E$30 -> 0
B42: C | C42: SAT (Seguro Acidente de Trabalho) | D42: ='Mão de Obra'!D42 -> 0 | E42: =D42*$E$30 -> 0
B43: D | C43: SESC ou SESI | D43: ='Mão de Obra'!D43 -> 0 | E43: =D43*$E$30 -> 0
B44: E | C44: SENAI - SENAC | D44: ='Mão de Obra'!D44 -> 0 | E44: =D44*$E$30 -> 0
B45: F | C45: SEBRAE | D45: ='Mão de Obra'!D45 -> 0 | E45: =D45*$E$30 -> 0
B46: G | C46: INCRA | D46: ='Mão de Obra'!D46 -> 0 | E46: =D46*$E$30 -> 0
B47: H | C47: FGTS | D47: ='Mão de Obra'!D47 -> 0 | E47: =D47*$E$30 -> 0
B48: TOTAL SUBMÓDULO 2.2 | D48: =SUM(D40:D47) -> 0 | E48: =SUM(E40:E47) -> 0
B50: Submódulo 2.3 - Benefícios Mensais e Diários | D50: Valor Unitário | E50: VALOR (R$)
B51: A | C51: Transporte | D51: ='Mão de Obra'!D51 -> 0 | E51: =(D51*4*22)-E24*6% -> -124.1484
B52: B | C52: Auxílio-Refeição/Alimentação | D52: ='Mão de Obra'!D52 -> 0 | E52: =D52*22 -> 0
B53: C | C53: Assistência Médica e Familiar | D53: ='Mão de Obra'!D53 -> 0 | E53: =D53 -> 0
B54: D | C54: Seguro de Vida/Auxilio Funeral | D54: ='Mão de Obra'!D54 -> 0 | E54: =D54 -> 0
B55: E | C55: Auxilio Creche conforme CCT | D55: ='Mão de Obra'!D55 -> 0 | E55: =D55 -> 0
B56: F | C56: Benefício Apoio Social | D56: ='Mão de Obra'!D56 -> 0 | E56: =D56 -> 0
B57: G | C57: Informar Benefício CCT da Proposta | D57: ='Mão de Obra'!D57 -> 0 | E57: 0
B58: H | C58: Informar Benefício CCT da Proposta | D58: ='Mão de Obra'!D58 -> 0 | E58: 0
B59: TOTAL SUBMÓDULO 2.3 | E59: =SUM(E51:E58) -> -124.1484
B61: QUADRO-RESUMO DO MÓDULO 2 - ENCARGOS, BENEFÍCIOS ANUAIS, MENSAIS E DIÁRIOS
B62: Módulo 2 - Encargos, Benefícios Anuais, Mensais e Diários | E62: VALOR (R$)
B63: 2.1 | C63: 13º Salário, Férias e Adicional de Férias | E63: =E37 -> 0
B64: 2.2 | C64: GPS, FGTS e Outras Contribuições | E64: =$E$48 -> 0
B65: 2.3 | C65: Benefícios Mensais e Diários | E65: =E59 -> -124.1484
B66: TOTAL DO MÓDULO 2 | E66: =SUM(E63:E65) -> -124.1484
B68: MÓDULO 3 – PROVISÃO PARA RESCISÃO
B69: PROVISÃO PARA RESCISÃO | D69: (%) | E69: VALOR (R$)
B70: A | C70: Aviso Prévio Indenizado | D70: ='Mão de Obra'!D70 -> 0 | E70: =$E$30*D70 -> 0
B71: B | C71: Incidência do FGTS sobre Aviso Prévio Indenizado | D71: ='Mão de Obra'!D71 -> 0 | E71: =$E$30*D71 -> 0
B72: D | C72: Aviso Prévio Trabalhado | D72: ='Mão de Obra'!D72 -> 0 | E72: =$E$30*D72 -> 0
B73: E | C73: Incidência de GPS, FGTS e outras contribuições sobre o Aviso Prévio Trabalhado | D73: ='Mão de Obra'!D73 -> 0 | E73: =$E$30*D73 -> 0
B74: F | C74: Multa do FGTS sobre API e APT | D74: ='Mão de Obra'!D74 -> 0 | E74: =$E$30*D74 -> 0
B75: TOTAL DO MÓDULO 3 | D75: =SUM(D70:D74) -> 0 | E75: =SUM(E70:E74) -> 0
B77: MÓDULO 4 – CUSTO DE REPOSIÇÃO DO PROFISSIONAL AUSENTE
B78: Submódulo 4.1 - Substituto nas Ausências Legais | D78: (%) | E78: VALOR (R$)
B79: A | C79: Substituto na cobertura de Férias | D79: ='Mão de Obra'!D79 -> 0 | E79: =D79*$E$30 -> 0
B80: B | C80: Substituto na cobertura de Ausências Legais | D80: ='Mão de Obra'!D80 -> 0 | E80: =D80*$E$30 -> 0
B81: C | C81: Substituto na cobertura de Licença Paternidade | D81: ='Mão de Obra'!D81 -> 0 | E81: =D81*$E$30 -> 0
B82: D | C82: Substituto na cobertura de Ausência por Acidente de Trabalho | D82: ='Mão de Obra'!D82 -> 0 | E82: =D82*$E$30 -> 0
B83: E | C83: Substituto na cobertura de Afastamento Maternidade | D83: ='Mão de Obra'!D83 -> 0 | E83: =D83*$E$30 -> 0
B84: F | C84: Substituto na cobertura de Outras ausências (especificar) | D84: ='Mão de Obra'!D84 -> 0 | E84: =D84*$E$30 -> 0
B85: TOTAL SUBMÓDULO 4.1 | D85: =SUM(D79:D84) -> 0 | E85: =SUM(E79:E84) -> 0
B87: Submódulo 4.2 - Substituto na Intrajornada | D87: (%) | E87: VALOR (R$)
B88: A | C88: Substituto na cobertura de Intervalo para Repouso ou Alimentação | D88: ='Mão de Obra'!D88 -> 0 | E88: =$E$30*D88 -> 0
B89: TOTAL SUBMÓDULO 4.2 | D89: =D88 -> 0 | E89: =E88 -> 0
B91: QUADRO-RESUMO DO MÓDULO 4 - CUSTO DE REPOSIÇÃO DO PROFISSIONAL AUSENTE
B92: Módulo 4 - Custo de Reposição do Profissional Ausente | E92: VALOR (R$)
B93: 4.1 | C93: Substituto nas Ausências Legais | E93: =$E$85 -> 0
B94: 4.2 | C94: Substituto na Intrajornada | E94: =$E$89 -> 0
B95: TOTAL DO MÓDULO 4 | E95: =SUM(E93:E94) -> 0
B97: MÓDULO 5 – INSUMOS DIVERSOS
B98: INSUMOS DIVERSOS | E98: VALOR (R$)
B99: A | C99: Uniformes e Epi' s | E99: 0
B100: B | C100: Materiais | E100: 0
B101: C | C101: Equipamentos/Ferramentas | E101: 0
B102: D | C102: Outros Necessários (Especificar) | E102: 0
B103: TOTAL DO MÓDULO 5 | E103: =SUM(E99:E102) -> 0
B105: MÓDULO 6 – CUSTOS INDIRETOS, TRIBUTOS E LUCRO
B106: CUSTOS INDIRETOS, TRIBUTOS E LUCRO | D106: (%) | E106: VALOR (R$)
B107: A | C107: Custos Indiretos | D107: ='Mão de Obra'!D107 -> 0 | E107: =D107*E132 -> 0
B108: B | C108: Lucro | D108: ='Mão de Obra'!D108 -> 0 | E108: =D108*(E107+E132) -> 0
B109: C | C109: TRIBUTOS
B110: C.1 | C110: PIS | D110: ='Mão de Obra'!D110 -> 0 | E110: =(D110*E120) -> 0
B111: C.2 | C111: COFINS | D111: ='Mão de Obra'!D111 -> 0 | E111: =(D111*E120) -> 0
B112: C.3 | C112: ISS | D112: ='Mão de Obra'!D112 -> 0 | E112: =(D112*E120) -> 0
B113: C.4 | C113: Outros (CPBR) | D113: ='Mão de Obra'!D113 -> 0 | E113: =(D113*E120) -> 0
B114: TOTAL DO MÓDULO 6 | D114: =D107+D108+D110+D111+D112+D113 -> 0 | E114: =SUM(E107:E113) -> 0
B116: a) | C116: Total dos Tributos % = To = ............................................................. | D116: =D110+D111+D112+D113 -> 0
B118: b) | C118: (Total dos Módulos 1, 2, 3, 4 e 5 + Custos indiretos + lucro)= Po = ................................... | E118: =E132+E107+E108 -> 1944.9916
B120: c) | C120: Po / (1 - To) = Valor do Posto = .............................................................................. | E120: =E118/(1-D116) -> 1944.9916
B122: d) | C122: Valor dos Tributos = P1 - Po | E122: =E120-E118 -> 0
...

Sheet POSTO 4 - Assist. Adm. II
B2: PLANILHA DE CUSTO E FORMAÇÃO DE PREÇOS
B4: DADOS COMPLEMENTARES PARA COMPOSIÇÃO DOS CUSTOS REFERENTE AOS SERVIÇOS
B5: Nº do Processo Administrativo:
B7: Local da Prestação dos Serviços:
B9: Descrição do Posto de Trabalho:
B10: Assistente Administrativo II
B12: Dados Complementares para Composição dos Custos com Mão de Obra
B13: Tipo de Jornada de Trabalho:
B14: 40 Horas Semanais (Segunda a Sexta)
B15: Descrição da Convenção Coletiva de Trabalho (CCT, ACT ou Dissídio Coletivo) | D15: Vigência da CCT, ACT ou Dissídio Coletivo:
B17: Classificação Brasileira de Ocupações (CBO) (MTE Nº)
B19: Piso Salarial Definido na CCT:
B20: 1412
B22: MÓDULO 1 - COMPOSIÇÃO DA REMUNERAÇÃO
B23: COMPOSIÇÃO DA REMUNERAÇÃO | D23: (%) | E23: VALOR (R$)
B24: A | C24: Salário Base | D24: ='Mão de Obra'!D24 -> 0 | E24: 2278.95
B25: B | C25: Adicional Periculosidade | D25: ='Mão de Obra'!D25 -> 0 | E25: 0
B26: C | C26: Adicional Insalubridade | D26: ='Mão de Obra'!D26 -> 0 | E26: =D26*B20 -> 0
B27: D | C27: Adicional Noturno | D27: ='Mão de Obra'!D27 -> 0 | E27: 0
B28: E | C28: Adicional de Hora Noturna Reduzida | D28: ='Mão de Obra'!D28 -> 0 | E28: 0
B29: F | C29: Outros (especificar) | D29: ='Mão de Obra'!D29 -> 0 | E29: 0
B30: TOTAL DO MÓDULO 1 | E30: =SUM(E24:E29) -> 2278.95
B32: MÓDULO 2 – ENCARGOS E BENEFÍCIOS ANUAIS, MENSAIS E DIÁRIOS
B33: Submódulo 2.1 - 13º Salário, Férias e Adicional de Férias | D33: (%) | E33: VALOR (R$)
B34: A | C34: 13 (Décimo-terceiro) salário | D34: ='Mão de Obra'!D34 -> 0 | E34: =$E$30*D34 -> 0
B35: B | C35: Férias e Adicional de Férias | D35: ='Mão de Obra'!D35 -> 0 | E35: =$E$30*D35 -> 0
B36: C | C36: Incidência dos encargos do submódulo 2.2 sobre Submódulo 2.1 - 13º Salário, Férias e Adicional de Férias | D36: ='Mão de Obra'!D36 -> 0 | E36: =$E$30*D36 -> 0
B37: TOTAL SUBMÓDULO 2.1 | C37: Incidência dos encargos do submódulo 2.2 sobre Submódulo 2.1 - 13º Salário, Férias e Adicional de Férias | D37: =SUM(D34:D36) -> 0 | E37: =SUM(E34:E36) -> 0
B39: Submódulo 2.2 - GPS, FGTS e Outras Contribuições | D39: (%) | E39: VALOR (R$)
B40: A | C40: INSS | D40: ='Mão de Obra'!D40 -> 0 | E40: =D40*$E$30 -> 0
B41: B | C41: Salário Educação | D41: ='Mão de Obra'!D41 -> 0 | E41: =D41*$E$30 -> 0
B42: C | C42: SAT (Seguro Acidente de Trabalho) | D42: ='Mão de Obra'!D42 -> 0 | E42: =D42*$E$30 -> 0
B43: D | C43: SESC ou SESI | D43: ='Mão de Obra'!D43 -> 0 | E43: =D43*$E$30 -> 0
B44: E | C44: SENAI - SENAC | D44: ='Mão de Obra'!D44 -> 0 | E44: =D44*$E$30 -> 0
B45: F | C45: SEBRAE | D45: ='Mão de Obra'!D45 -> 0 | E45: =D45*$E$30 -> 0
B46: G | C46: INCRA | D46: ='Mão de Obra'!D46 -> 0 | E46: =D46*$E$30 -> 0
B47: H | C47: FGTS | D47: ='Mão de Obra'!D47 -> 0 | E47: =D47*$E$30 -> 0
B48: TOTAL SUBMÓDULO 2.2 | D48: =SUM(D40:D47) -> 0 | E48: =SUM(E40:E47) -> 0
B50: Submódulo 2.3 - Benefícios Mensais e Diários | D50: Valor Unitário | E50: VALOR (R$)
B51: A | C51: Transporte | D51: ='Mão de Obra'!D51 -> 0 | E51: =(D51*4*22)-E24*6% -> -136.737
B52: B | C52: Auxílio-Refeição/Alimentação | D52: ='Mão de Obra'!D52 -> 0 | E52: =D52*22 -> 0
B53: C | C53: Assistência Médica e Familiar | D53: ='Mão de Obra'!D53 -> 0 | E53: =D53 -> 0
B54: D | C54: Seguro de Vida/Auxilio Funeral | D54: ='Mão de Obra'!D54 -> 0 | E54: =D54 -> 0
B55: E | C55: Auxilio Creche conforme CCT | D55: ='Mão de Obra'!D55 -> 0 | E55: =D55 -> 0
B56: F | C56: Benefício Apoio Social | D56: ='Mão de Obra'!D56 -> 0 | E56: =D56 -> 0
B57: G | C57: Informar Benefício CCT da Proposta | D57: ='Mão de Obra'!D57 -> 0 | E57: 0
B58: H | C58: Informar Benefício CCT da Proposta | D58: ='Mão de Obra'!D58 -> 0 | E58: 0
B59: TOTAL SUBMÓDULO 2.3 | E59: =SUM(E51:E58) -> -136.737
B61: QUADRO-RESUMO DO MÓDULO 2 - ENCARGOS, BENEFÍCIOS ANUAIS, MENSAIS E DIÁRIOS
B62: Módulo 2 - Encargos, Benefícios Anuais, Mensais e Diários | E62: VALOR (R$)
B63: 2.1 | C63: 13º Salário, Férias e Adicional de Férias | E63: =E37 -> 0
B64: 2.2 | C64: GPS, FGTS e Outras Contribuições | E64: =$E$48 -> 0
B65: 2.3 | C65: Benefícios Mensais e Diários | E65: =E59 -> -136.737
B66: TOTAL DO MÓDULO 2 | E66: =SUM(E63:E65) -> -136.737
B68: MÓDULO 3 – PROVISÃO PARA RESCISÃO
B69: PROVISÃO PARA RESCISÃO | D69: (%) | E69: VALOR (R$)
B70: A | C70: Aviso Prévio Indenizado | D70: ='Mão de Obra'!D70 -> 0 | E70: =$E$30*D70 -> 0
B71: B | C71: Incidência do FGTS sobre Aviso Prévio Indenizado | D71: ='Mão de Obra'!D71 -> 0 | E71: =$E$30*D71 -> 0
B72: D | C72: Aviso Prévio Trabalhado | D72: ='Mão de Obra'!D72 -> 0 | E72: =$E$30*D72 -> 0
B73: E | C73: Incidência de GPS, FGTS e outras contribuições sobre o Aviso Prévio Trabalhado | D73: ='Mão de Obra'!D73 -> 0 | E73: =$E$30*D73 -> 0
B74: F | C74: Multa do FGTS sobre API e APT | D74: ='Mão de Obra'!D74 -> 0 | E74: =$E$30*D74 -> 0
B75: TOTAL DO MÓDULO 3 | D75: =SUM(D70:D74) -> 0 | E75: =SUM(E70:E74) -> 0
B77: MÓDULO 4 – CUSTO DE REPOSIÇÃO DO PROFISSIONAL AUSENTE
B78: Submódulo 4.1 - Substituto nas Ausências Legais | D78: (%) | E78: VALOR (R$)
B79: A | C79: Substituto na cobertura de Férias | D79: ='Mão de Obra'!D79 -> 0 | E79: =D79*$E$30 -> 0
B80: B | C80: Substituto na cobertura de Ausências Legais | D80: ='Mão de Obra'!D80 -> 0 | E80: =D80*$E$30 -> 0
B81: C | C81: Substituto na cobertura de Licença Paternidade | D81: ='Mão de Obra'!D81 -> 0 | E81: =D81*$E$30 -> 0
B82: D | C82: Substituto na cobertura de Ausência por Acidente de Trabalho | D82: ='Mão de Obra'!D82 -> 0 | E82: =D82*$E$30 -> 0
B83: E | C83: Substituto na cobertura de Afastamento Maternidade | D83: ='Mão de Obra'!D83 -> 0 | E83: =D83*$E$30 -> 0
B84: F | C84: Substituto na cobertura de Outras ausências (especificar) | D84: ='Mão de Obra'!D84 -> 0 | E84: =D84*$E$30 -> 0
B85: TOTAL SUBMÓDULO 4.1 | D85: =SUM(D79:D84) -> 0 | E85: =SUM(E79:E84) -> 0
B87: Submódulo 4.2 - Substituto na Intrajornada | D87: (%) | E87: VALOR (R$)
B88: A | C88: Substituto na cobertura de Intervalo para Repouso ou Alimentação | D88: ='Mão de Obra'!D88 -> 0 | E88: =$E$30*D88 -> 0
B89: TOTAL SUBMÓDULO 4.2 | D89: =D88 -> 0 | E89: =E88 -> 0
B91: QUADRO-RESUMO DO MÓDULO 4 - CUSTO DE REPOSIÇÃO DO PROFISSIONAL AUSENTE
B92: Módulo 4 - Custo de Reposição do Profissional Ausente | E92: VALOR (R$)
B93: 4.1 | C93: Substituto nas Ausências Legais | E93: =$E$85 -> 0
B94: 4.2 | C94: Substituto na Intrajornada | E94: =$E$89 -> 0
B95: TOTAL DO MÓDULO 4 | E95: =SUM(E93:E94) -> 0
B97: MÓDULO 5 – INSUMOS DIVERSOS
B98: INSUMOS DIVERSOS | E98: VALOR (R$)
B99: A | C99: Uniformes e Epi' s | E99: 0
B100: B | C100: Materiais | E100: 0
B101: C | C101: Equipamentos/Ferramentas | E101: 0
B102: D | C102: Outros Necessários (Especificar) | E102: 0
B103: TOTAL DO MÓDULO 5 | E103: =SUM(E99:E102) -> 0
B105: MÓDULO 6 – CUSTOS INDIRETOS, TRIBUTOS E LUCRO
B106: CUSTOS INDIRETOS, TRIBUTOS E LUCRO | D106: (%) | E106: VALOR (R$)
B107: A | C107: Custos Indiretos | D107: ='Mão de Obra'!D107 -> 0 | E107: =D107*E132 -> 0
B108: B | C108: Lucro | D108: ='Mão de Obra'!D108 -> 0 | E108: =D108*(E107+E132) -> 0
B109: C | C109: TRIBUTOS
B110: C.1 | C110: PIS | D110: ='Mão de Obra'!D110 -> 0 | E110: =(D110*E120) -> 0
B111: C.2 | C111: COFINS | D111: ='Mão de Obra'!D111 -> 0 | E111: =(D111*E120) -> 0
B112: C.3 | C112: ISS | D112: ='Mão de Obra'!D112 -> 0 | E112: =(D112*E120) -> 0
B113: C.4 | C113: Outros (CPBR) | D113: ='Mão de Obra'!D113 -> 0 | E113: =(D113*E120) -> 0
B114: TOTAL DO MÓDULO 6 | D114: =D107+D108+D110+D111+D112+D113 -> 0 | E114: =SUM(E107:E113) -> 0
B116: a) | C116: Total dos Tributos % = To = ............................................................. | D116: =D110+D111+D112+D113 -> 0
B118: b) | C118: (Total dos Módulos 1, 2, 3, 4 e 5 + Custos indiretos + lucro)= Po = ................................... | E118: =E132+E107+E108 -> 2142.213
B120: c) | C120: Po / (1 - To) = Valor do Posto = .............................................................................. | E120: =E118/(1-D116) -> 2142.213
B122: d) | C122: Valor dos Tributos = P1 - Po | E122: =E120-E118 -> 0
...

Sheet POSTO 5 - Analista Adm. Jr.
B2: PLANILHA DE CUSTO E FORMAÇÃO DE PREÇOS
B4: DADOS COMPLEMENTARES PARA COMPOSIÇÃO DOS CUSTOS REFERENTE AOS SERVIÇOS
B5: Nº do Processo Administrativo:
B7: Local da Prestação dos Serviços:
B9: Descrição do Posto de Trabalho:
B10: Analista Administrativo Júnior
B12: Dados Complementares para Composição dos Custos com Mão de Obra
B13: Tipo de Jornada de Trabalho:
B14: 40 Horas Semanais (Segunda a Sexta)
B15: Descrição da Convenção Coletiva de Trabalho (CCT, ACT ou Dissídio Coletivo) | D15: Vigência da CCT, ACT ou Dissídio Coletivo:
B17: Classificação Brasileira de Ocupações (CBO) (MTE Nº)
B19: Piso Salarial Definido na CCT:
B20: 1412
B22: MÓDULO 1 - COMPOSIÇÃO DA REMUNERAÇÃO
B23: COMPOSIÇÃO DA REMUNERAÇÃO | D23: (%) | E23: VALOR (R$)
B24: A | C24: Salário Base | D24: ='Mão de Obra'!D24 -> 0 | E24: 3454.97
B25: B | C25: Adicional Periculosidade | D25: ='Mão de Obra'!D25 -> 0 | E25: 0
B26: C | C26: Adicional Insalubridade | D26: ='Mão de Obra'!D26 -> 0 | E26: =D26*B20 -> 0
B27: D | C27: Adicional Noturno | D27: ='Mão de Obra'!D27 -> 0 | E27: 0
B28: E | C28: Adicional de Hora Noturna Reduzida | D28: ='Mão de Obra'!D28 -> 0 | E28: 0
B29: F | C29: Outros (especificar) | D29: ='Mão de Obra'!D29 -> 0 | E29: 0
B30: TOTAL DO MÓDULO 1 | E30: =SUM(E24:E29) -> 3454.97
B32: MÓDULO 2 – ENCARGOS E BENEFÍCIOS ANUAIS, MENSAIS E DIÁRIOS
B33: Submódulo 2.1 - 13º Salário, Férias e Adicional de Férias | D33: (%) | E33: VALOR (R$)
B34: A | C34: 13 (Décimo-terceiro) salário | D34: ='Mão de Obra'!D34 -> 0 | E34: =$E$30*D34 -> 0
B35: B | C35: Férias e Adicional de Férias | D35: ='Mão de Obra'!D35 -> 0 | E35: =$E$30*D35 -> 0
B36: C | C36: Incidência dos encargos do submódulo 2.2 sobre Submódulo 2.1 - 13º Salário, Férias e Adicional de Férias | D36: ='Mão de Obra'!D36 -> 0 | E36: =$E$30*D36 -> 0
B37: TOTAL SUBMÓDULO 2.1 | C37: Incidência dos encargos do submódulo 2.2 sobre Submódulo 2.1 - 13º Salário, Férias e Adicional de Férias | D37: =SUM(D34:D36) -> 0 | E37: =SUM(E34:E36) -> 0
B39: Submódulo 2.2 - GPS, FGTS e Outras Contribuições | D39: (%) | E39: VALOR (R$)
B40: A | C40: INSS | D40: ='Mão de Obra'!D40 -> 0 | E40: =D40*$E$30 -> 0
B41: B | C41: Salário Educação | D41: ='Mão de Obra'!D41 -> 0 | E41: =D41*$E$30 -> 0
B42: C | C42: SAT (Seguro Acidente de Trabalho) | D42: ='Mão de Obra'!D42 -> 0 | E42: =D42*$E$30 -> 0
B43: D | C43: SESC ou SESI | D43: ='Mão de Obra'!D43 -> 0 | E43: =D43*$E$30 -> 0
B44: E | C44: SENAI - SENAC | D44: ='Mão de Obra'!D44 -> 0 | E44: =D44*$E$30 -> 0
B45: F | C45: SEBRAE | D45: ='Mão de Obra'!D45 -> 0 | E45: =D45*$E$30 -> 0
B46: G | C46: INCRA | D46: ='Mão de Obra'!D46 -> 0 | E46: =D46*$E$30 -> 0
B47: H | C47: FGTS | D47: ='Mão de Obra'!D47 -> 0 | E47: =D47*$E$30 -> 0
B48: TOTAL SUBMÓDULO 2.2 | D48: =SUM(D40:D47) -> 0 | E48: =SUM(E40:E47) -> 0
B50: Submódulo 2.3 - Benefícios Mensais e Diários | D50: Valor Unitário | E50: VALOR (R$)
B51: A | C51: Transporte | D51: ='Mão de Obra'!D51 -> 0 | E51: =(D51*4*22)-E24*6% -> -207.2982
B52: B | C52: Auxílio-Refeição/Alimentação | D52: ='Mão de Obra'!D52 -> 0 | E52: =D52*22 -> 0
B53: C | C53: Assistência Médica e Familiar | D53: ='Mão de Obra'!D53 -> 0 | E53: =D53 -> 0
B54: D | C54: Seguro de Vida/Auxilio Funeral | D54: ='Mão de Obra'!D54 -> 0 | E54: =D54 -> 0
B55: E | C55: Auxilio Creche conforme CCT | D55: ='Mão de Obra'!D55 -> 0 | E55: =D55 -> 0
B56: F | C56: Benefício Apoio Social | D56: ='Mão de Obra'!D56 -> 0 | E56: =D56 -> 0
B57: G | C57: Informar Benefício CCT da Proposta | D57: ='Mão de Obra'!D57 -> 0 | E57: 0
B58: H | C58: Informar Benefício CCT da Proposta | D58: ='Mão de Obra'!D58 -> 0 | E58: 0
B59: TOTAL SUBMÓDULO 2.3 | E59: =SUM(E51:E58) -> -207.2982
B61: QUADRO-RESUMO DO MÓDULO 2 - ENCARGOS, BENEFÍCIOS ANUAIS, MENSAIS E DIÁRIOS
B62: Módulo 2 - Encargos, Benefícios Anuais, Mensais e Diários | E62: VALOR (R$)
B63: 2.1 | C63: 13º Salário, Férias e Adicional de Férias | E63: =E37 -> 0
B64: 2.2 | C64: GPS, FGTS e Outras Contribuições | E64: =$E$48 -> 0
B65: 2.3 | C65: Benefícios Mensais e Diários | E65: =E59 -> -207.2982
B66: TOTAL DO MÓDULO 2 | E66: =SUM(E63:E65) -> -207.2982
B68: MÓDULO 3 – PROVISÃO PARA RESCISÃO
B69: PROVISÃO PARA RESCISÃO | D69: (%) | E69: VALOR (R$)
B70: A | C70: Aviso Prévio Indenizado | D70: ='Mão de Obra'!D70 -> 0 | E70: =$E$30*D70 -> 0
B71: B | C71: Incidência do FGTS sobre Aviso Prévio Indenizado | D71: ='Mão de Obra'!D71 -> 0 | E71: =$E$30*D71 -> 0
B72: D | C72: Aviso Prévio Trabalhado | D72: ='Mão de Obra'!D72 -> 0 | E72: =$E$30*D72 -> 0
B73: E | C73: Incidência de GPS, FGTS e outras contribuições sobre o Aviso Prévio Trabalhado | D73: ='Mão de Obra'!D73 -> 0 | E73: =$E$30*D73 -> 0
B74: F | C74: Multa do FGTS sobre API e APT | D74: ='Mão de Obra'!D74 -> 0 | E74: =$E$30*D74 -> 0
B75: TOTAL DO MÓDULO 3 | D75: =SUM(D70:D74) -> 0 | E75: =SUM(E70:E74) -> 0
B77: MÓDULO 4 – CUSTO DE REPOSIÇÃO DO PROFISSIONAL AUSENTE
B78: Submódulo 4.1 - Substituto nas Ausências Legais | D78: (%) | E78: VALOR (R$)
B79: A | C79: Substituto na cobertura de Férias | D79: ='Mão de Obra'!D79 -> 0 | E79: =D79*$E$30 -> 0
B80: B | C80: Substituto na cobertura de Ausências Legais | D80: ='Mão de Obra'!D80 -> 0 | E80: =D80*$E$30 -> 0
B81: C | C81: Substituto na cobertura de Licença Paternidade | D81: ='Mão de Obra'!D81 -> 0 | E81: =D81*$E$30 -> 0
B82: D | C82: Substituto na cobertura de Ausência por Acidente de Trabalho | D82: ='Mão de Obra'!D82 -> 0 | E82: =D82*$E$30 -> 0
B83: E | C83: Substituto na cobertura de Afastamento Maternidade | D83: ='Mão de Obra'!D83 -> 0 | E83: =D83*$E$30 -> 0
B84: F | C84: Substituto na cobertura de Outras ausências (especificar) | D84: ='Mão de Obra'!D84 -> 0 | E84: =D84*$E$30 -> 0
B85: TOTAL SUBMÓDULO 4.1 | D85: =SUM(D79:D84) -> 0 | E85: =SUM(E79:E84) -> 0
B87: Submódulo 4.2 - Substituto na Intrajornada | D87: (%) | E87: VALOR (R$)
B88: A | C88: Substituto na cobertura de Intervalo para Repouso ou Alimentação | D88: ='Mão de Obra'!D88 -> 0 | E88: =$E$30*D88 -> 0
B89: TOTAL SUBMÓDULO 4.2 | D89: =D88 -> 0 | E89: =E88 -> 0
B91: QUADRO-RESUMO DO MÓDULO 4 - CUSTO DE REPOSIÇÃO DO PROFISSIONAL AUSENTE
B92: Módulo 4 - Custo de Reposição do Profissional Ausente | E92: VALOR (R$)
B93: 4.1 | C93: Substituto nas Ausências Legais | E93: =$E$85 -> 0
B94: 4.2 | C94: Substituto na Intrajornada | E94: =$E$89 -> 0
B95: TOTAL DO MÓDULO 4 | E95: =SUM(E93:E94) -> 0
B97: MÓDULO 5 – INSUMOS DIVERSOS
B98: INSUMOS DIVERSOS | E98: VALOR (R$)
B99: A | C99: Uniformes e Epi' s | E99: 0
B100: B | C100: Materiais | E100: 0
B101: C | C101: Equipamentos/Ferramentas | E101: 0
B102: D | C102: Outros Necessários (Especificar) | E102: 0
B103: TOTAL DO MÓDULO 5 | E103: =SUM(E99:E102) -> 0
B105: MÓDULO 6 – CUSTOS INDIRETOS, TRIBUTOS E LUCRO
B106: CUSTOS INDIRETOS, TRIBUTOS E LUCRO | D106: (%) | E106: VALOR (R$)
B107: A | C107: Custos Indiretos | D107: ='Mão de Obra'!D107 -> 0 | E107: =D107*E132 -> 0
B108: B | C108: Lucro | D108: ='Mão de Obra'!D108 -> 0 | E108: =D108*(E107+E132) -> 0
B109: C | C109: TRIBUTOS
B110: C.1 | C110: PIS | D110: ='Mão de Obra'!D110 -> 0 | E110: =(D110*E120) -> 0
B111: C.2 | C111: COFINS | D111: ='Mão de Obra'!D111 -> 0 | E111: =(D111*E120) -> 0
B112: C.3 | C112: ISS | D112: ='Mão de Obra'!D112 -> 0 | E112: =(D112*E120) -> 0
B113: C.4 | C113: Outros (CPBR) | D113: ='Mão de Obra'!D113 -> 0 | E113: =(D113*E120) -> 0
B114: TOTAL DO MÓDULO 6 | D114: =D107+D108+D110+D111+D112+D113 -> 0 | E114: =SUM(E107:E113) -> 0
B116: a) | C116: Total dos Tributos % = To = ............................................................. | D116: =D110+D111+D112+D113 -> 0
B118: b) | C118: (Total dos Módulos 1, 2, 3, 4 e 5 + Custos indiretos + lucro)= Po = ................................... | E118: =E132+E107+E108 -> 3247.6718
B120: c) | C120: Po / (1 - To) = Valor do Posto = .............................................................................. | E120: =E118/(1-D116) -> 3247.6718
B122: d) | C122: Valor dos Tributos = P1 - Po | E122: =E120-E118 -> 0
...

Sheet POSTO 6 - Aux. Lab. I
B2: PLANILHA DE CUSTO E FORMAÇÃO DE PREÇOS
B4: DADOS COMPLEMENTARES PARA COMPOSIÇÃO DOS CUSTOS REFERENTE AOS SERVIÇOS
B5: Nº do Processo Administrativo:
B7: Local da Prestação dos Serviços:
B9: Descrição do Posto de Trabalho:
B10: Auxiliar Laboratório I
B12: Dados Complementares para Composição dos Custos com Mão de Obra
B13: Tipo de Jornada de Trabalho:
B14: 40 Horas Semanais (Segunda a Sexta)
B15: Descrição da Convenção Coletiva de Trabalho (CCT, ACT ou Dissídio Coletivo) | D15: Vigência da CCT, ACT ou Dissídio Coletivo:
B17: Classificação Brasileira de Ocupações (CBO) (MTE Nº)
B19: Piso Salarial Definido na CCT:
B20: 1412
B22: MÓDULO 1 - COMPOSIÇÃO DA REMUNERAÇÃO
B23: COMPOSIÇÃO DA REMUNERAÇÃO | D23: (%) | E23: VALOR (R$)
B24: A | C24: Salário Base | D24: ='Mão de Obra'!D24 -> 0 | E24: 1710.58
B25: B | C25: Adicional Periculosidade | D25: ='Mão de Obra'!D25 -> 0 | E25: 0
B26: C | C26: Adicional Insalubridade | D26: ='Mão de Obra'!D26 -> 0 | E26: =D26*B20 -> 0
B27: D | C27: Adicional Noturno | D27: ='Mão de Obra'!D27 -> 0 | E27: 0
B28: E | C28: Adicional de Hora Noturna Reduzida | D28: ='Mão de Obra'!D28 -> 0 | E28: 0
B29: F | C29: Outros (especificar) | D29: ='Mão de Obra'!D29 -> 0 | E29: 0
B30: TOTAL DO MÓDULO 1 | E30: =SUM(E24:E29) -> 1710.58
B32: MÓDULO 2 – ENCARGOS E BENEFÍCIOS ANUAIS, MENSAIS E DIÁRIOS
B33: Submódulo 2.1 - 13º Salário, Férias e Adicional de Férias | D33: (%) | E33: VALOR (R$)
B34: A | C34: 13 (Décimo-terceiro) salário | D34: ='Mão de Obra'!D34 -> 0 | E34: =$E$30*D34 -> 0
B35: B | C35: Férias e Adicional de Férias | D35: ='Mão de Obra'!D35 -> 0 | E35: =$E$30*D35 -> 0
B36: C | C36: Incidência dos encargos do submódulo 2.2 sobre Submódulo 2.1 - 13º Salário, Férias e Adicional de Férias | D36: ='Mão de Obra'!D36 -> 0 | E36: =$E$30*D36 -> 0
B37: TOTAL SUBMÓDULO 2.1 | C37: Incidência dos encargos do submódulo 2.2 sobre Submódulo 2.1 - 13º Salário, Férias e Adicional de Férias | D37: =SUM(D34:D36) -> 0 | E37: =SUM(E34:E36) -> 0
B39: Submódulo 2.2 - GPS, FGTS e Outras Contribuições | D39: (%) | E39: VALOR (R$)
B40: A | C40: INSS | D40: ='Mão de Obra'!D40 -> 0 | E40: =D40*$E$30 -> 0
B41: B | C41: Salário Educação | D41: ='Mão de Obra'!D41 -> 0 | E41: =D41*$E$30 -> 0
B42: C | C42: SAT (Seguro Acidente de Trabalho) | D42: ='Mão de Obra'!D42 -> 0 | E42: =D42*$E$30 -> 0
B43: D | C43: SESC ou SESI | D43: ='Mão de Obra'!D43 -> 0 | E43: =D43*$E$30 -> 0
B44: E | C44: SENAI - SENAC | D44: ='Mão de Obra'!D44 -> 0 | E44: =D44*$E$30 -> 0
B45: F | C45: SEBRAE | D45: ='Mão de Obra'!D45 -> 0 | E45: =D45*$E$30 -> 0
B46: G | C46: INCRA | D46: ='Mão de Obra'!D46 -> 0 | E46: =D46*$E$30 -> 0
B47: H | C47: FGTS | D47: ='Mão de Obra'!D47 -> 0 | E47: =D47*$E$30 -> 0
B48: TOTAL SUBMÓDULO 2.2 | D48: =SUM(D40:D47) -> 0 | E48: =SUM(E40:E47) -> 0
B50: Submódulo 2.3 - Benefícios Mensais e Diários | D50: Valor Unitário | E50: VALOR (R$)
B51: A | C51: Transporte | D51: ='Mão de Obra'!D51 -> 0 | E51: =(D51*4*22)-E24*6% -> -102.6348
B52: B | C52: Auxílio-Refeição/Alimentação | D52: ='Mão de Obra'!D52 -> 0 | E52: =D52*22 -> 0
B53: C | C53: Assistência Médica e Familiar | D53: ='Mão de Obra'!D53 -> 0 | E53: =D53 -> 0
B54: D | C54: Seguro de Vida/Auxilio Funeral | D54: ='Mão de Obra'!D54 -> 0 | E54: =D54 -> 0
B55: E | C55: Auxilio Creche conforme CCT | D55: ='Mão de Obra'!D55 -> 0 | E55: =D55 -> 0
B56: F | C56: Benefício Apoio Social | D56: ='Mão de Obra'!D56 -> 0 | E56: =D56 -> 0
B57: G | C57: Informar Benefício CCT da Proposta | D57: ='Mão de Obra'!D57 -> 0 | E57: 0
B58: H | C58: Informar Benefício CCT da Proposta | D58: ='Mão de Obra'!D58 -> 0 | E58: 0
B59: TOTAL SUBMÓDULO 2.3 | E59: =SUM(E51:E58) -> -102.6348
B61: QUADRO-RESUMO DO MÓDULO 2 - ENCARGOS, BENEFÍCIOS ANUAIS, MENSAIS E DIÁRIOS
B62: Módulo 2 - Encargos, Benefícios Anuais, Mensais e Diários | E62: VALOR (R$)
B63: 2.1 | C63: 13º Salário, Férias e Adicional de Férias | E63: =E37 -> 0
B64: 2.2 | C64: GPS, FGTS e Outras Contribuições | E64: =$E$48 -> 0
B65: 2.3 | C65: Benefícios Mensais e Diários | E65: =E59 -> -102.6348
B66: TOTAL DO MÓDULO 2 | E66: =SUM(E63:E65) -> -102.6348
B68: MÓDULO 3 – PROVISÃO PARA RESCISÃO
B69: PROVISÃO PARA RESCISÃO | D69: (%) | E69: VALOR (R$)
B70: A | C70: Aviso Prévio Indenizado | D70: ='Mão de Obra'!D70 -> 0 | E70: =$E$30*D70 -> 0
B71: B | C71: Incidência do FGTS sobre Aviso Prévio Indenizado | D71: ='Mão de Obra'!D71 -> 0 | E71: =$E$30*D71 -> 0
B72: D | C72: Aviso Prévio Trabalhado | D72: ='Mão de Obra'!D72 -> 0 | E72: =$E$30*D72 -> 0
B73: E | C73: Incidência de GPS, FGTS e outras contribuições sobre o Aviso Prévio Trabalhado | D73: ='Mão de Obra'!D73 -> 0 | E73: =$E$30*D73 -> 0
B74: F | C74: Multa do FGTS sobre API e APT | D74: ='Mão de Obra'!D74 -> 0 | E74: =$E$30*D74 -> 0
B75: TOTAL DO MÓDULO 3 | D75: =SUM(D70:D74) -> 0 | E75: =SUM(E70:E74) -> 0
B77: MÓDULO 4 – CUSTO DE REPOSIÇÃO DO PROFISSIONAL AUSENTE
B78: Submódulo 4.1 - Substituto nas Ausências Legais | D78: (%) | E78: VALOR (R$)
B79: A | C79: Substituto na cobertura de Férias | D79: ='Mão de Obra'!D79 -> 0 | E79: =D79*$E$30 -> 0
B80: B | C80: Substituto na cobertura de Ausências Legais | D80: ='Mão de Obra'!D80 -> 0 | E80: =D80*$E$30 -> 0
B81: C | C81: Substituto na cobertura de Licença Paternidade | D81: ='Mão de Obra'!D81 -> 0 | E81: =D81*$E$30 -> 0
B82: D | C82: Substituto na cobertura de Ausência por Acidente de Trabalho | D82: ='Mão de Obra'!D82 -> 0 | E82: =D82*$E$30 -> 0
B83: E | C83: Substituto na cobertura de Afastamento Maternidade | D83: ='Mão de Obra'!D83 -> 0 | E83: =D83*$E$30 -> 0
B84: F | C84: Substituto na cobertura de Outras ausências (especificar) | D84: ='Mão de Obra'!D84 -> 0 | E84: =D84*$E$30 -> 0
B85: TOTAL SUBMÓDULO 4.1 | D85: =SUM(D79:D84) -> 0 | E85: =SUM(E79:E84) -> 0
B87: Submódulo 4.2 - Substituto na Intrajornada | D87: (%) | E87: VALOR (R$)
B88: A | C88: Substituto na cobertura de Intervalo para Repouso ou Alimentação | D88: ='Mão de Obra'!D88 -> 0 | E88: =$E$30*D88 -> 0
B89: TOTAL SUBMÓDULO 4.2 | D89: =D88 -> 0 | E89: =E88 -> 0
B91: QUADRO-RESUMO DO MÓDULO 4 - CUSTO DE REPOSIÇÃO DO PROFISSIONAL AUSENTE
B92: Módulo 4 - Custo de Reposição do Profissional Ausente | E92: VALOR (R$)
B93: 4.1 | C93: Substituto nas Ausências Legais | E93: =$E$85 -> 0
B94: 4.2 | C94: Substituto na Intrajornada | E94: =$E$89 -> 0
B95: TOTAL DO MÓDULO 4 | E95: =SUM(E93:E94) -> 0
B97: MÓDULO 5 – INSUMOS DIVERSOS
B98: INSUMOS DIVERSOS | E98: VALOR (R$)
B99: A | C99: Uniformes e Epi' s | E99: 0
B100: B | C100: Materiais | E100: 0
B101: C | C101: Equipamentos/Ferramentas | E101: 0
B102: D | C102: Outros Necessários (Especificar) | E102: 0
B103: TOTAL DO MÓDULO 5 | E103: =SUM(E99:E102) -> 0
B105: MÓDULO 6 – CUSTOS INDIRETOS, TRIBUTOS E LUCRO
B106: CUSTOS INDIRETOS, TRIBUTOS E LUCRO | D106: (%) | E106: VALOR (R$)
B107: A | C107: Custos Indiretos | D107: ='Mão de Obra'!D107 -> 0 | E107: =D107*E132 -> 0
B108: B | C108: Lucro | D108: ='Mão de Obra'!D108 -> 0 | E108: =D108*(E107+E132) -> 0
B109: C | C109: TRIBUTOS
B110: C.1 | C110: PIS | D110: ='Mão de Obra'!D110 -> 0 | E110: =(D110*E120) -> 0
B111: C.2 | C111: COFINS | D111: ='Mão de Obra'!D111 -> 0 | E111: =(D111*E120) -> 0
B112: C.3 | C112: ISS | D112: ='Mão de Obra'!D112 -> 0 | E112: =(D112*E120) -> 0
B113: C.4 | C113: Outros (CPBR) | D113: ='Mão de Obra'!D113 -> 0 | E113: =(D113*E120) -> 0
B114: TOTAL DO MÓDULO 6 | D114: =D107+D108+D110+D111+D112+D113 -> 0 | E114: =SUM(E107:E113) -> 0
B116: a) | C116: Total dos Tributos % = To = ............................................................. | D116: =D110+D111+D112+D113 -> 0
B118: b) | C118: (Total dos Módulos 1, 2, 3, 4 e 5 + Custos indiretos + lucro)= Po = ................................... | E118: =E132+E107+E108 -> 1607.9452
B120: c) | C120: Po / (1 - To) = Valor do Posto = .............................................................................. | E120: =E118/(1-D116) -> 1607.9452
B122: d) | C122: Valor dos Tributos = P1 - Po | E122: =E120-E118 -> 0
...

Sheet POSTO 7 - Aux. Lab. II
B2: PLANILHA DE CUSTO E FORMAÇÃO DE PREÇOS
B4: DADOS COMPLEMENTARES PARA COMPOSIÇÃO DOS CUSTOS REFERENTE AOS SERVIÇOS
B5: Nº do Processo Administrativo:
B7: Local da Prestação dos Serviços:
B9: Descrição do Posto de Trabalho:
B10: Auxiliar de Laboratório II
B12: Dados Complementares para Composição dos Custos com Mão de Obra
B13: Tipo de Jornada de Trabalho:
B14: 40 Horas Semanais (Segunda a Sexta)
B15: Descrição da Convenção Coletiva de Trabalho (CCT, ACT ou Dissídio Coletivo) | D15: Vigência da CCT, ACT ou Dissídio Coletivo:
B17: Classificação Brasileira de Ocupações (CBO) (MTE Nº)
B19: Piso Salarial Definido na CCT:
B20: 1412
B22: MÓDULO 1 - COMPOSIÇÃO DA REMUNERAÇÃO
B23: COMPOSIÇÃO DA REMUNERAÇÃO | D23: (%) | E23: VALOR (R$)
B24: A | C24: Salário Base | D24: ='Mão de Obra'!D24 -> 0 | E24: 1824.89
B25: B | C25: Adicional Periculosidade | D25: ='Mão de Obra'!D25 -> 0 | E25: 0
B26: C | C26: Adicional Insalubridade | D26: ='Mão de Obra'!D26 -> 0 | E26: =D26*B20 -> 0
B27: D | C27: Adicional Noturno | D27: ='Mão de Obra'!D27 -> 0 | E27: 0
B28: E | C28: Adicional de Hora Noturna Reduzida | D28: ='Mão de Obra'!D28 -> 0 | E28: 0
B29: F | C29: Outros (especificar) | D29: ='Mão de Obra'!D29 -> 0 | E29: 0
B30: TOTAL DO MÓDULO 1 | E30: =SUM(E24:E29) -> 1824.89
B32: MÓDULO 2 – ENCARGOS E BENEFÍCIOS ANUAIS, MENSAIS E DIÁRIOS
B33: Submódulo 2.1 - 13º Salário, Férias e Adicional de Férias | D33: (%) | E33: VALOR (R$)
B34: A | C34: 13 (Décimo-terceiro) salário | D34: ='Mão de Obra'!D34 -> 0 | E34: =$E$30*D34 -> 0
B35: B | C35: Férias e Adicional de Férias | D35: ='Mão de Obra'!D35 -> 0 | E35: =$E$30*D35 -> 0
B36: C | C36: Incidência dos encargos do submódulo 2.2 sobre Submódulo 2.1 - 13º Salário, Férias e Adicional de Férias | D36: ='Mão de Obra'!D36 -> 0 | E36: =$E$30*D36 -> 0
B37: TOTAL SUBMÓDULO 2.1 | C37: Incidência dos encargos do submódulo 2.2 sobre Submódulo 2.1 - 13º Salário, Férias e Adicional de Férias | D37: =SUM(D34:D36) -> 0 | E37: =SUM(E34:E36) -> 0
B39: Submódulo 2.2 - GPS, FGTS e Outras Contribuições | D39: (%) | E39: VALOR (R$)
B40: A | C40: INSS | D40: ='Mão de Obra'!D40 -> 0 | E40: =D40*$E$30 -> 0
B41: B | C41: Salário Educação | D41: ='Mão de Obra'!D41 -> 0 | E41: =D41*$E$30 -> 0
B42: C | C42: SAT (Seguro Acidente de Trabalho) | D42: ='Mão de Obra'!D42 -> 0 | E42: =D42*$E$30 -> 0
B43: D | C43: SESC ou SESI | D43: ='Mão de Obra'!D43 -> 0 | E43: =D43*$E$30 -> 0
B44: E | C44: SENAI - SENAC | D44: ='Mão de Obra'!D44 -> 0 | E44: =D44*$E$30 -> 0
B45: F | C45: SEBRAE | D45: ='Mão de Obra'!D45 -> 0 | E45: =D45*$E$30 -> 0
B46: G | C46: INCRA | D46: ='Mão de Obra'!D46 -> 0 | E46: =D46*$E$30 -> 0
B47: H | C47: FGTS | D47: ='Mão de Obra'!D47 -> 0 | E47: =D47*$E$30 -> 0
B48: TOTAL SUBMÓDULO 2.2 | D48: =SUM(D40:D47) -> 0 | E48: =SUM(E40:E47) -> 0
B50: Submódulo 2.3 - Benefícios Mensais e Diários | D50: Valor Unitário | E50: VALOR (R$)
B51: A | C51: Transporte | D51: ='Mão de Obra'!D51 -> 0 | E51: =(D51*4*22)-E24*6% -> -109.4934
B52: B | C52: Auxílio-Refeição/Alimentação | D52: ='Mão de Obra'!D52 -> 0 | E52: =D52*22 -> 0
B53: C | C53: Assistência Médica e Familiar | D53: ='Mão de Obra'!D53 -> 0 | E53: =D53 -> 0
B54: D | C54: Seguro de Vida/Auxilio Funeral | D54: ='Mão de Obra'!D54 -> 0 | E54: =D54 -> 0
B55: E | C55: Auxilio Creche conforme CCT | D55: ='Mão de Obra'!D55 -> 0 | E55: =D55 -> 0
B56: F | C56: Benefício Apoio Social | D56: ='Mão de Obra'!D56 -> 0 | E56: =D56 -> 0
B57: G | C57: Informar Benefício CCT da Proposta | D57: ='Mão de Obra'!D57 -> 0 | E57: 0
B58: H | C58: Informar Benefício CCT da Proposta | D58: ='Mão de Obra'!D58 -> 0 | E58: 0
B59: TOTAL SUBMÓDULO 2.3 | E59: =SUM(E51:E58) -> -109.4934
B61: QUADRO-RESUMO DO MÓDULO 2 - ENCARGOS, BENEFÍCIOS ANUAIS, MENSAIS E DIÁRIOS
B62: Módulo 2 - Encargos, Benefícios Anuais, Mensais e Diários | E62: VALOR (R$)
B63: 2.1 | C63: 13º Salário, Férias e Adicional de Férias | E63: =E37 -> 0
B64: 2.2 | C64: GPS, FGTS e Outras Contribuições | E64: =$E$48 -> 0
B65: 2.3 | C65: Benefícios Mensais e Diários | E65: =E59 -> -109.4934
B66: TOTAL DO MÓDULO 2 | E66: =SUM(E63:E65) -> -109.4934
B68: MÓDULO 3 – PROVISÃO PARA RESCISÃO
B69: PROVISÃO PARA RESCISÃO | D69: (%) | E69: VALOR (R$)
B70: A | C70: Aviso Prévio Indenizado | D70: ='Mão de Obra'!D70 -> 0 | E70: =$E$30*D70 -> 0
B71: B | C71: Incidência do FGTS sobre Aviso Prévio Indenizado | D71: ='Mão de Obra'!D71 -> 0 | E71: =$E$30*D71 -> 0
B72: D | C72: Aviso Prévio Trabalhado | D72: ='Mão de Obra'!D72 -> 0 | E72: =$E$30*D72 -> 0
B73: E | C73: Incidência de GPS, FGTS e outras contribuições sobre o Aviso Prévio Trabalhado | D73: ='Mão de Obra'!D73 -> 0 | E73: =$E$30*D73 -> 0
B74: F | C74: Multa do FGTS sobre API e APT | D74: ='Mão de Obra'!D74 -> 0 | E74: =$E$30*D74 -> 0
B75: TOTAL DO MÓDULO 3 | D75: =SUM(D70:D74) -> 0 | E75: =SUM(E70:E74) -> 0
B77: MÓDULO 4 – CUSTO DE REPOSIÇÃO DO PROFISSIONAL AUSENTE
B78: Submódulo 4.1 - Substituto nas Ausências Legais | D78: (%) | E78: VALOR (R$)
B79: A | C79: Substituto na cobertura de Férias | D79: ='Mão de Obra'!D79 -> 0 | E79: =D79*$E$30 -> 0
B80: B | C80: Substituto na cobertura de Ausências Legais | D80: ='Mão de Obra'!D80 -> 0 | E80: =D80*$E$30 -> 0
B81: C | C81: Substituto na cobertura de Licença Paternidade | D81: ='Mão de Obra'!D81 -> 0 | E81: =D81*$E$30 -> 0
B82: D | C82: Substituto na cobertura de Ausência por Acidente de Trabalho | D82: ='Mão de Obra'!D82 -> 0 | E82: =D82*$E$30 -> 0
B83: E | C83: Substituto na cobertura de Afastamento Maternidade | D83: ='Mão de Obra'!D83 -> 0 | E83: =D83*$E$30 -> 0
B84: F | C84: Substituto na cobertura de Outras ausências (especificar) | D84: ='Mão de Obra'!D84 -> 0 | E84: =D84*$E$30 -> 0
B85: TOTAL SUBMÓDULO 4.1 | D85: =SUM(D79:D84) -> 0 | E85: =SUM(E79:E84) -> 0
B87: Submódulo 4.2 - Substituto na Intrajornada | D87: (%) | E87: VALOR (R$)
B88: A | C88: Substituto na cobertura de Intervalo para Repouso ou Alimentação | D88: ='Mão de Obra'!D88 -> 0 | E88: =$E$30*D88 -> 0
B89: TOTAL SUBMÓDULO 4.2 | D89: =D88 -> 0 | E89: =E88 -> 0
B91: QUADRO-RESUMO DO MÓDULO 4 - CUSTO DE REPOSIÇÃO DO PROFISSIONAL AUSENTE
B92: Módulo 4 - Custo de Reposição do Profissional Ausente | E92: VALOR (R$)
B93: 4.1 | C93: Substituto nas Ausências Legais | E93: =$E$85 -> 0
B94: 4.2 | C94: Substituto na Intrajornada | E94: =$E$89 -> 0
B95: TOTAL DO MÓDULO 4 | E95: =SUM(E93:E94) -> 0
B97: MÓDULO 5 – INSUMOS DIVERSOS
B98: INSUMOS DIVERSOS | E98: VALOR (R$)
B99: A | C99: Uniformes e Epi' s | E99: 0
B100: B | C100: Materiais | E100: 0
B101: C | C101: Equipamentos/Ferramentas | E101: 0
B102: D | C102: Outros Necessários (Especificar) | E102: 0
B103: TOTAL DO MÓDULO 5 | E103: =SUM(E99:E102) -> 0
B105: MÓDULO 6 – CUSTOS INDIRETOS, TRIBUTOS E LUCRO
B106: CUSTOS INDIRETOS, TRIBUTOS E LUCRO | D106: (%) | E106: VALOR (R$)
B107: A | C107: Custos Indiretos | D107: ='Mão de Obra'!D107 -> 0 | E107: =D107*E132 -> 0
B108: B | C108: Lucro | D108: ='Mão de Obra'!D108 -> 0 | E108: =D108*(E107+E132) -> 0
B109: C | C109: TRIBUTOS
B110: C.1 | C110: PIS | D110: ='Mão de Obra'!D110 -> 0 | E110: =(D110*E120) -> 0
B111: C.2 | C111: COFINS | D111: ='Mão de Obra'!D111 -> 0 | E111: =(D111*E120) -> 0
B112: C.3 | C112: ISS | D112: ='Mão de Obra'!D112 -> 0 | E112: =(D112*E120) -> 0
B113: C.4 | C113: Outros (CPBR) | D113: ='Mão de Obra'!D113 -> 0 | E113: =(D113*E120) -> 0
B114: TOTAL DO MÓDULO 6 | D114: =D107+D108+D110+D111+D112+D113 -> 0 | E114: =SUM(E107:E113) -> 0
B116: a) | C116: Total dos Tributos % = To = ............................................................. | D116: =D110+D111+D112+D113 -> 0
B118: b) | C118: (Total dos Módulos 1, 2, 3, 4 e 5 + Custos indiretos + lucro)= Po = ................................... | E118: =E132+E107+E108 -> 1715.3966
B120: c) | C120: Po / (1 - To) = Valor do Posto = .............................................................................. | E120: =E118/(1-D116) -> 1715.3966
B122: d) | C122: Valor dos Tributos = P1 - Po | E122: =E120-E118 -> 0
...

Sheet POSTO 8 - Assist. Lab. I
B2: PLANILHA DE CUSTO E FORMAÇÃO DE PREÇOS
B4: DADOS COMPLEMENTARES PARA COMPOSIÇÃO DOS CUSTOS REFERENTE AOS SERVIÇOS
B5: Nº do Processo Administrativo:
B7: Local da Prestação dos Serviços:
B9: Descrição do Posto de Trabalho:
B10: Assistente de Laboratório I
B12: Dados Complementares para Composição dos Custos com Mão de Obra
B13: Tipo de Jornada de Trabalho:
B14: 40 Horas Semanais (Segunda a Sexta)
B15: Descrição da Convenção Coletiva de Trabalho (CCT, ACT ou Dissídio Coletivo) | D15: Vigência da CCT, ACT ou Dissídio Coletivo:
B17: Classificação Brasileira de Ocupações (CBO) (MTE Nº)
B19: Piso Salarial Definido na CCT:
B20: 1412
B22: MÓDULO 1 - COMPOSIÇÃO DA REMUNERAÇÃO
B23: COMPOSIÇÃO DA REMUNERAÇÃO | D23: (%) | E23: VALOR (R$)
B24: A | C24: Salário Base | D24: ='Mão de Obra'!D24 -> 0 | E24: 2069.14
B25: B | C25: Adicional Periculosidade | D25: ='Mão de Obra'!D25 -> 0 | E25: 0
B26: C | C26: Adicional Insalubridade | D26: ='Mão de Obra'!D26 -> 0 | E26: =D26*B20 -> 0
B27: D | C27: Adicional Noturno | D27: ='Mão de Obra'!D27 -> 0 | E27: 0
B28: E | C28: Adicional de Hora Noturna Reduzida | D28: ='Mão de Obra'!D28 -> 0 | E28: 0
B29: F | C29: Outros (especificar) | D29: ='Mão de Obra'!D29 -> 0 | E29: 0
B30: TOTAL DO MÓDULO 1 | E30: =SUM(E24:E29) -> 2069.14
B32: MÓDULO 2 – ENCARGOS E BENEFÍCIOS ANUAIS, MENSAIS E DIÁRIOS
B33: Submódulo 2.1 - 13º Salário, Férias e Adicional de Férias | D33: (%) | E33: VALOR (R$)
B34: A | C34: 13 (Décimo-terceiro) salário | D34: ='Mão de Obra'!D34 -> 0 | E34: =$E$30*D34 -> 0
B35: B | C35: Férias e Adicional de Férias | D35: ='Mão de Obra'!D35 -> 0 | E35: =$E$30*D35 -> 0
B36: C | C36: Incidência dos encargos do submódulo 2.2 sobre Submódulo 2.1 - 13º Salário, Férias e Adicional de Férias | D36: ='Mão de Obra'!D36 -> 0 | E36: =$E$30*D36 -> 0
B37: TOTAL SUBMÓDULO 2.1 | C37: Incidência dos encargos do submódulo 2.2 sobre Submódulo 2.1 - 13º Salário, Férias e Adicional de Férias | D37: =SUM(D34:D36) -> 0 | E37: =SUM(E34:E36) -> 0
B39: Submódulo 2.2 - GPS, FGTS e Outras Contribuições | D39: (%) | E39: VALOR (R$)
B40: A | C40: INSS | D40: ='Mão de Obra'!D40 -> 0 | E40: =D40*$E$30 -> 0
B41: B | C41: Salário Educação | D41: ='Mão de Obra'!D41 -> 0 | E41: =D41*$E$30 -> 0
B42: C | C42: SAT (Seguro Acidente de Trabalho) | D42: ='Mão de Obra'!D42 -> 0 | E42: =D42*$E$30 -> 0
B43: D | C43: SESC ou SESI | D43: ='Mão de Obra'!D43 -> 0 | E43: =D43*$E$30 -> 0
B44: E | C44: SENAI - SENAC | D44: ='Mão de Obra'!D44 -> 0 | E44: =D44*$E$30 -> 0
B45: F | C45: SEBRAE | D45: ='Mão de Obra'!D45 -> 0 | E45: =D45*$E$30 -> 0
B46: G | C46: INCRA | D46: ='Mão de Obra'!D46 -> 0 | E46: =D46*$E$30 -> 0
B47: H | C47: FGTS | D47: ='Mão de Obra'!D47 -> 0 | E47: =D47*$E$30 -> 0
B48: TOTAL SUBMÓDULO 2.2 | D48: =SUM(D40:D47) -> 0 | E48: =SUM(E40:E47) -> 0
B50: Submódulo 2.3 - Benefícios Mensais e Diários | D50: Valor Unitário | E50: VALOR (R$)
B51: A | C51: Transporte | D51: ='Mão de Obra'!D51 -> 0 | E51: =(D51*4*22)-E24*6% -> -124.1484
B52: B | C52: Auxílio-Refeição/Alimentação | D52: ='Mão de Obra'!D52 -> 0 | E52: =D52*22 -> 0
B53: C | C53: Assistência Médica e Familiar | D53: ='Mão de Obra'!D53 -> 0 | E53: =D53 -> 0
B54: D | C54: Seguro de Vida/Auxilio Funeral | D54: ='Mão de Obra'!D54 -> 0 | E54: =D54 -> 0
B55: E | C55: Auxilio Creche conforme CCT | D55: ='Mão de Obra'!D55 -> 0 | E55: =D55 -> 0
B56: F | C56: Benefício Apoio Social | D56: ='Mão de Obra'!D56 -> 0 | E56: =D56 -> 0
B57: G | C57: Informar Benefício CCT da Proposta | D57: ='Mão de Obra'!D57 -> 0 | E57: 0
B58: H | C58: Informar Benefício CCT da Proposta | D58: ='Mão de Obra'!D58 -> 0 | E58: 0
B59: TOTAL SUBMÓDULO 2.3 | E59: =SUM(E51:E58) -> -124.1484
B61: QUADRO-RESUMO DO MÓDULO 2 - ENCARGOS, BENEFÍCIOS ANUAIS, MENSAIS E DIÁRIOS
B62: Módulo 2 - Encargos, Benefícios Anuais, Mensais e Diários | E62: VALOR (R$)
B63: 2.1 | C63: 13º Salário, Férias e Adicional de Férias | E63: =E37 -> 0
B64: 2.2 | C64: GPS, FGTS e Outras Contribuições | E64: =$E$48 -> 0
B65: 2.3 | C65: Benefícios Mensais e Diários | E65: =E59 -> -124.1484
B66: TOTAL DO MÓDULO 2 | E66: =SUM(E63:E65) -> -124.1484
B68: MÓDULO 3 – PROVISÃO PARA RESCISÃO
B69: PROVISÃO PARA RESCISÃO | D69: (%) | E69: VALOR (R$)
B70: A | C70: Aviso Prévio Indenizado | D70: ='Mão de Obra'!D70 -> 0 | E70: =$E$30*D70 -> 0
B71: B | C71: Incidência do FGTS sobre Aviso Prévio Indenizado | D71: ='Mão de Obra'!D71 -> 0 | E71: =$E$30*D71 -> 0
B72: D | C72: Aviso Prévio Trabalhado | D72: ='Mão de Obra'!D72 -> 0 | E72: =$E$30*D72 -> 0
B73: E | C73: Incidência de GPS, FGTS e outras contribuições sobre o Aviso Prévio Trabalhado | D73: ='Mão de Obra'!D73 -> 0 | E73: =$E$30*D73 -> 0
B74: F | C74: Multa do FGTS sobre API e APT | D74: ='Mão de Obra'!D74 -> 0 | E74: =$E$30*D74 -> 0
B75: TOTAL DO MÓDULO 3 | D75: =SUM(D70:D74) -> 0 | E75: =SUM(E70:E74) -> 0
B77: MÓDULO 4 – CUSTO DE REPOSIÇÃO DO PROFISSIONAL AUSENTE
B78: Submódulo 4.1 - Substituto nas Ausências Legais | D78: (%) | E78: VALOR (R$)
B79: A | C79: Substituto na cobertura de Férias | D79: ='Mão de Obra'!D79 -> 0 | E79: =D79*$E$30 -> 0
B80: B | C80: Substituto na cobertura de Ausências Legais | D80: ='Mão de Obra'!D80 -> 0 | E80: =D80*$E$30 -> 0
B81: C | C81: Substituto na cobertura de Licença Paternidade | D81: ='Mão de Obra'!D81 -> 0 | E81: =D81*$E$30 -> 0
B82: D | C82: Substituto na cobertura de Ausência por Acidente de Trabalho | D82: ='Mão de Obra'!D82 -> 0 | E82: =D82*$E$30 -> 0
B83: E | C83: Substituto na cobertura de Afastamento Maternidade | D83: ='Mão de Obra'!D83 -> 0 | E83: =D83*$E$30 -> 0
B84: F | C84: Substituto na cobertura de Outras ausências (especificar) | D84: ='Mão de Obra'!D84 -> 0 | E84: =D84*$E$30 -> 0
B85: TOTAL SUBMÓDULO 4.1 | D85: =SUM(D79:D84) -> 0 | E85: =SUM(E79:E84) -> 0
B87: Submódulo 4.2 - Substituto na Intrajornada | D87: (%) | E87: VALOR (R$)
B88: A | C88: Substituto na cobertura de Intervalo para Repouso ou Alimentação | D88: ='Mão de Obra'!D88 -> 0 | E88: =$E$30*D88 -> 0
B89: TOTAL SUBMÓDULO 4.2 | D89: =D88 -> 0 | E89: =E88 -> 0
B91: QUADRO-RESUMO DO MÓDULO 4 - CUSTO DE REPOSIÇÃO DO PROFISSIONAL AUSENTE
B92: Módulo 4 - Custo de Reposição do Profissional Ausente | E92: VALOR (R$)
B93: 4.1 | C93: Substituto nas Ausências Legais | E93: =$E$85 -> 0
B94: 4.2 | C94: Substituto na Intrajornada | E94: =$E$89 -> 0
B95: TOTAL DO MÓDULO 4 | E95: =SUM(E93:E94) -> 0
B97: MÓDULO 5 – INSUMOS DIVERSOS
B98: INSUMOS DIVERSOS | E98: VALOR (R$)
B99: A | C99: Uniformes e Epi' s | E99: 0
B100: B | C100: Materiais | E100: 0
B101: C | C101: Equipamentos/Ferramentas | E101: 0
B102: D | C102: Outros Necessários (Especificar) | E102: 0
B103: TOTAL DO MÓDULO 5 | E103: =SUM(E99:E102) -> 0
B105: MÓDULO 6 – CUSTOS INDIRETOS, TRIBUTOS E LUCRO
B106: CUSTOS INDIRETOS, TRIBUTOS E LUCRO | D106: (%) | E106: VALOR (R$)
B107: A | C107: Custos Indiretos | D107: ='Mão de Obra'!D107 -> 0 | E107: =D107*E132 -> 0
B108: B | C108: Lucro | D108: ='Mão de Obra'!D108 -> 0 | E108: =D108*(E107+E132) -> 0
B109: C | C109: TRIBUTOS
B110: C.1 | C110: PIS | D110: ='Mão de Obra'!D110 -> 0 | E110: =(D110*E120) -> 0
B111: C.2 | C111: COFINS | D111: ='Mão de Obra'!D111 -> 0 | E111: =(D111*E120) -> 0
B112: C.3 | C112: ISS | D112: ='Mão de Obra'!D112 -> 0 | E112: =(D112*E120) -> 0
B113: C.4 | C113: Outros (CPBR) | D113: ='Mão de Obra'!D113 -> 0 | E113: =(D113*E120) -> 0
B114: TOTAL DO MÓDULO 6 | D114: =D107+D108+D110+D111+D112+D113 -> 0 | E114: =SUM(E107:E113) -> 0
B116: a) | C116: Total dos Tributos % = To = ............................................................. | D116: =D110+D111+D112+D113 -> 0
B118: b) | C118: (Total dos Módulos 1, 2, 3, 4 e 5 + Custos indiretos + lucro)= Po = ................................... | E118: =E132+E107+E108 -> 1944.9916
B120: c) | C120: Po / (1 - To) = Valor do Posto = .............................................................................. | E120: =E118/(1-D116) -> 1944.9916
B122: d) | C122: Valor dos Tributos = P1 - Po | E122: =E120-E118 -> 0
...

Sheet POSTO 9 - Assist. Lab. II
B2: PLANILHA DE CUSTO E FORMAÇÃO DE PREÇOS
B4: DADOS COMPLEMENTARES PARA COMPOSIÇÃO DOS CUSTOS REFERENTE AOS SERVIÇOS
B5: Nº do Processo Administrativo:
B7: Local da Prestação dos Serviços:
B9: Descrição do Posto de Trabalho:
B10: Assistente de Laboratório II
B12: Dados Complementares para Composição dos Custos com Mão de Obra
B13: Tipo de Jornada de Trabalho:
B14: 40 Horas Semanais (Segunda a Sexta)
B15: Descrição da Convenção Coletiva de Trabalho (CCT, ACT ou Dissídio Coletivo) | D15: Vigência da CCT, ACT ou Dissídio Coletivo:
B17: Classificação Brasileira de Ocupações (CBO) (MTE Nº)
B19: Piso Salarial Definido na CCT:
B20: 1412
B22: MÓDULO 1 - COMPOSIÇÃO DA REMUNERAÇÃO
B23: COMPOSIÇÃO DA REMUNERAÇÃO | D23: (%) | E23: VALOR (R$)
B24: A | C24: Salário Base | D24: ='Mão de Obra'!D24 -> 0 | E24: 2278.95
B25: B | C25: Adicional Periculosidade | D25: ='Mão de Obra'!D25 -> 0 | E25: 0
B26: C | C26: Adicional Insalubridade | D26: ='Mão de Obra'!D26 -> 0 | E26: =D26*B20 -> 0
B27: D | C27: Adicional Noturno | D27: ='Mão de Obra'!D27 -> 0 | E27: 0
B28: E | C28: Adicional de Hora Noturna Reduzida | D28: ='Mão de Obra'!D28 -> 0 | E28: 0
B29: F | C29: Outros (especificar) | D29: ='Mão de Obra'!D29 -> 0 | E29: 0
B30: TOTAL DO MÓDULO 1 | E30: =SUM(E24:E29) -> 2278.95
B32: MÓDULO 2 – ENCARGOS E BENEFÍCIOS ANUAIS, MENSAIS E DIÁRIOS
B33: Submódulo 2.1 - 13º Salário, Férias e Adicional de Férias | D33: (%) | E33: VALOR (R$)
B34: A | C34: 13 (Décimo-terceiro) salário | D34: ='Mão de Obra'!D34 -> 0 | E34: =$E$30*D34 -> 0
B35: B | C35: Férias e Adicional de Férias | D35: ='Mão de Obra'!D35 -> 0 | E35: =$E$30*D35 -> 0
B36: C | C36: Incidência dos encargos do submódulo 2.2 sobre Submódulo 2.1 - 13º Salário, Férias e Adicional de Férias | D36: ='Mão de Obra'!D36 -> 0 | E36: =$E$30*D36 -> 0
B37: TOTAL SUBMÓDULO 2.1 | C37: Incidência dos encargos do submódulo 2.2 sobre Submódulo 2.1 - 13º Salário, Férias e Adicional de Férias | D37: =SUM(D34:D36) -> 0 | E37: =SUM(E34:E36) -> 0
B39: Submódulo 2.2 - GPS, FGTS e Outras Contribuições | D39: (%) | E39: VALOR (R$)
B40: A | C40: INSS | D40: ='Mão de Obra'!D40 -> 0 | E40: =D40*$E$30 -> 0
B41: B | C41: Salário Educação | D41: ='Mão de Obra'!D41 -> 0 | E41: =D41*$E$30 -> 0
B42: C | C42: SAT (Seguro Acidente de Trabalho) | D42: ='Mão de Obra'!D42 -> 0 | E42: =D42*$E$30 -> 0
B43: D | C43: SESC ou SESI | D43: ='Mão de Obra'!D43 -> 0 | E43: =D43*$E$30 -> 0
B44: E | C44: SENAI - SENAC | D44: ='Mão de Obra'!D44 -> 0 | E44: =D44*$E$30 -> 0
B45: F | C45: SEBRAE | D45: ='Mão de Obra'!D45 -> 0 | E45: =D45*$E$30 -> 0
B46: G | C46: INCRA | D46: ='Mão de Obra'!D46 -> 0 | E46: =D46*$E$30 -> 0
B47: H | C47: FGTS | D47: ='Mão de Obra'!D47 -> 0 | E47: =D47*$E$30 -> 0
B48: TOTAL SUBMÓDULO 2.2 | D48: =SUM(D40:D47) -> 0 | E48: =SUM(E40:E47) -> 0
B50: Submódulo 2.3 - Benefícios Mensais e Diários | D50: Valor Unitário | E50: VALOR (R$)
B51: A | C51: Transporte | D51: ='Mão de Obra'!D51 -> 0 | E51: =(D51*4*22)-E24*6% -> -136.737
B52: B | C52: Auxílio-Refeição/Alimentação | D52: ='Mão de Obra'!D52 -> 0 | E52: =D52*22 -> 0
B53: C | C53: Assistência Médica e Familiar | D53: ='Mão de Obra'!D53 -> 0 | E53: =D53 -> 0
B54: D | C54: Seguro de Vida/Auxilio Funeral | D54: ='Mão de Obra'!D54 -> 0 | E54: =D54 -> 0
B55: E | C55: Auxilio Creche conforme CCT | D55: ='Mão de Obra'!D55 -> 0 | E55: =D55 -> 0
B56: F | C56: Benefício Apoio Social | D56: ='Mão de Obra'!D56 -> 0 | E56: =D56 -> 0
B57: G | C57: Informar Benefício CCT da Proposta | D57: ='Mão de Obra'!D57 -> 0 | E57: 0
B58: H | C58: Informar Benefício CCT da Proposta | D58: ='Mão de Obra'!D58 -> 0 | E58: 0
B59: TOTAL SUBMÓDULO 2.3 | E59: =SUM(E51:E58) -> -136.737
B61: QUADRO-RESUMO DO MÓDULO 2 - ENCARGOS, BENEFÍCIOS ANUAIS, MENSAIS E DIÁRIOS
B62: Módulo 2 - Encargos, Benefícios Anuais, Mensais e Diários | E62: VALOR (R$)
B63: 2.1 | C63: 13º Salário, Férias e Adicional de Férias | E63: =E37 -> 0
B64: 2.2 | C64: GPS, FGTS e Outras Contribuições | E64: =$E$48 -> 0
B65: 2.3 | C65: Benefícios Mensais e Diários | E65: =E59 -> -136.737
B66: TOTAL DO MÓDULO 2 | E66: =SUM(E63:E65) -> -136.737
B68: MÓDULO 3 – PROVISÃO PARA RESCISÃO
B69: PROVISÃO PARA RESCISÃO | D69: (%) | E69: VALOR (R$)
B70: A | C70: Aviso Prévio Indenizado | D70: ='Mão de Obra'!D70 -> 0 | E70: =$E$30*D70 -> 0
B71: B | C71: Incidência do FGTS sobre Aviso Prévio Indenizado | D71: ='Mão de Obra'!D71 -> 0 | E71: =$E$30*D71 -> 0
B72: D | C72: Aviso Prévio Trabalhado | D72: ='Mão de Obra'!D72 -> 0 | E72: =$E$30*D72 -> 0
B73: E | C73: Incidência de GPS, FGTS e outras contribuições sobre o Aviso Prévio Trabalhado | D73: ='Mão de Obra'!D73 -> 0 | E73: =$E$30*D73 -> 0
B74: F | C74: Multa do FGTS sobre API e APT | D74: ='Mão de Obra'!D74 -> 0 | E74: =$E$30*D74 -> 0
B75: TOTAL DO MÓDULO 3 | D75: =SUM(D70:D74) -> 0 | E75: =SUM(E70:E74) -> 0
B77: MÓDULO 4 – CUSTO DE REPOSIÇÃO DO PROFISSIONAL AUSENTE
B78: Submódulo 4.1 - Substituto nas Ausências Legais | D78: (%) | E78: VALOR (R$)
B79: A | C79: Substituto na cobertura de Férias | D79: ='Mão de Obra'!D79 -> 0 | E79: =D79*$E$30 -> 0
B80: B | C80: Substituto na cobertura de Ausências Legais | D80: ='Mão de Obra'!D80 -> 0 | E80: =D80*$E$30 -> 0
B81: C | C81: Substituto na cobertura de Licença Paternidade | D81: ='Mão de Obra'!D81 -> 0 | E81: =D81*$E$30 -> 0
B82: D | C82: Substituto na cobertura de Ausência por Acidente de Trabalho | D82: ='Mão de Obra'!D82 -> 0 | E82: =D82*$E$30 -> 0
B83: E | C83: Substituto na cobertura de Afastamento Maternidade | D83: ='Mão de Obra'!D83 -> 0 | E83: =D83*$E$30 -> 0
B84: F | C84: Substituto na cobertura de Outras ausências (especificar) | D84: ='Mão de Obra'!D84 -> 0 | E84: =D84*$E$30 -> 0
B85: TOTAL SUBMÓDULO 4.1 | D85: =SUM(D79:D84) -> 0 | E85: =SUM(E79:E84) -> 0
B87: Submódulo 4.2 - Substituto na Intrajornada | D87: (%) | E87: VALOR (R$)
B88: A | C88: Substituto na cobertura de Intervalo para Repouso ou Alimentação | D88: ='Mão de Obra'!D88 -> 0 | E88: =$E$30*D88 -> 0
B89: TOTAL SUBMÓDULO 4.2 | D89: =D88 -> 0 | E89: =E88 -> 0
B91: QUADRO-RESUMO DO MÓDULO 4 - CUSTO DE REPOSIÇÃO DO PROFISSIONAL AUSENTE
B92: Módulo 4 - Custo de Reposição do Profissional Ausente | E92: VALOR (R$)
B93: 4.1 | C93: Substituto nas Ausências Legais | E93: =$E$85 -> 0
B94: 4.2 | C94: Substituto na Intrajornada | E94: =$E$89 -> 0
B95: TOTAL DO MÓDULO 4 | E95: =SUM(E93:E94) -> 0
B97: MÓDULO 5 – INSUMOS DIVERSOS
B98: INSUMOS DIVERSOS | E98: VALOR (R$)
B99: A | C99: Uniformes e Epi' s | E99: 0
B100: B | C100: Materiais | E100: 0
B101: C | C101: Equipamentos/Ferramentas | E101: 0
B102: D | C102: Outros Necessários (Especificar) | E102: 0
B103: TOTAL DO MÓDULO 5 | E103: =SUM(E99:E102) -> 0
B105: MÓDULO 6 – CUSTOS INDIRETOS, TRIBUTOS E LUCRO
B106: CUSTOS INDIRETOS, TRIBUTOS E LUCRO | D106: (%) | E106: VALOR (R$)
B107: A | C107: Custos Indiretos | D107: ='Mão de Obra'!D107 -> 0 | E107: =D107*E132 -> 0
B108: B | C108: Lucro | D108: ='Mão de Obra'!D108 -> 0 | E108: =D108*(E107+E132) -> 0
B109: C | C109: TRIBUTOS
B110: C.1 | C110: PIS | D110: ='Mão de Obra'!D110 -> 0 | E110: =(D110*E120) -> 0
B111: C.2 | C111: COFINS | D111: ='Mão de Obra'!D111 -> 0 | E111: =(D111*E120) -> 0
B112: C.3 | C112: ISS | D112: ='Mão de Obra'!D112 -> 0 | E112: =(D112*E120) -> 0
B113: C.4 | C113: Outros (CPBR) | D113: ='Mão de Obra'!D113 -> 0 | E113: =(D113*E120) -> 0
B114: TOTAL DO MÓDULO 6 | D114: =D107+D108+D110+D111+D112+D113 -> 0 | E114: =SUM(E107:E113) -> 0
B116: a) | C116: Total dos Tributos % = To = ............................................................. | D116: =D110+D111+D112+D113 -> 0
B118: b) | C118: (Total dos Módulos 1, 2, 3, 4 e 5 + Custos indiretos + lucro)= Po = ................................... | E118: =E132+E107+E108 -> 2142.213
B120: c) | C120: Po / (1 - To) = Valor do Posto = .............................................................................. | E120: =E118/(1-D116) -> 2142.213
B122: d) | C122: Valor dos Tributos = P1 - Po | E122: =E120-E118 -> 0
...

Sheet POSTO 10 Aux de Manut I
B2: PLANILHA DE CUSTO E FORMAÇÃO DE PREÇOS
B4: DADOS COMPLEMENTARES PARA COMPOSIÇÃO DOS CUSTOS REFERENTE AOS SERVIÇOS
B5: Nº do Processo Administrativo:
B7: Local da Prestação dos Serviços:
B9: Descrição do Posto de Trabalho:
B10: Auxiliar de Manutenção I
B12: Dados Complementares para Composição dos Custos com Mão de Obra
B13: Tipo de Jornada de Trabalho:
B14: 40 Horas Semanais (Segunda a Sexta)
B15: Descrição da Convenção Coletiva de Trabalho (CCT, ACT ou Dissídio Coletivo) | D15: Vigência da CCT, ACT ou Dissídio Coletivo:
B17: Classificação Brasileira de Ocupações (CBO) (MTE Nº)
B19: Piso Salarial Definido na CCT:
B20: 1412
B22: MÓDULO 1 - COMPOSIÇÃO DA REMUNERAÇÃO
B23: COMPOSIÇÃO DA REMUNERAÇÃO | D23: (%) | E23: VALOR (R$)
B24: A | C24: Salário Base | D24: ='Mão de Obra'!D24 -> 0 | E24: 1710.58
B25: B | C25: Adicional Periculosidade | D25: ='Mão de Obra'!D25 -> 0 | E25: 0
B26: C | C26: Adicional Insalubridade | D26: ='Mão de Obra'!D26 -> 0 | E26: =D26*B20 -> 0
B27: D | C27: Adicional Noturno | D27: ='Mão de Obra'!D27 -> 0 | E27: 0
B28: E | C28: Adicional de Hora Noturna Reduzida | D28: ='Mão de Obra'!D28 -> 0 | E28: 0
B29: F | C29: Outros (especificar) | D29: ='Mão de Obra'!D29 -> 0 | E29: 0
B30: TOTAL DO MÓDULO 1 | E30: =SUM(E24:E29) -> 1710.58
B32: MÓDULO 2 – ENCARGOS E BENEFÍCIOS ANUAIS, MENSAIS E DIÁRIOS
B33: Submódulo 2.1 - 13º Salário, Férias e Adicional de Férias | D33: (%) | E33: VALOR (R$)
B34: A | C34: 13 (Décimo-terceiro) salário | D34: ='Mão de Obra'!D34 -> 0 | E34: =$E$30*D34 -> 0
B35: B | C35: Férias e Adicional de Férias | D35: ='Mão de Obra'!D35 -> 0 | E35: =$E$30*D35 -> 0
B36: C | C36: Incidência dos encargos do submódulo 2.2 sobre Submódulo 2.1 - 13º Salário, Férias e Adicional de Férias | D36: ='Mão de Obra'!D36 -> 0 | E36: =$E$30*D36 -> 0
B37: TOTAL SUBMÓDULO 2.1 | C37: Incidência dos encargos do submódulo 2.2 sobre Submódulo 2.1 - 13º Salário, Férias e Adicional de Férias | D37: =SUM(D34:D36) -> 0 | E37: =SUM(E34:E36) -> 0
B39: Submódulo 2.2 - GPS, FGTS e Outras Contribuições | D39: (%) | E39: VALOR (R$)
B40: A | C40: INSS | D40: ='Mão de Obra'!D40 -> 0 | E40: =D40*$E$30 -> 0
B41: B | C41: Salário Educação | D41: ='Mão de Obra'!D41 -> 0 | E41: =D41*$E$30 -> 0
B42: C | C42: SAT (Seguro Acidente de Trabalho) | D42: ='Mão de Obra'!D42 -> 0 | E42: =D42*$E$30 -> 0
B43: D | C43: SESC ou SESI | D43: ='Mão de Obra'!D43 -> 0 | E43: =D43*$E$30 -> 0
B44: E | C44: SENAI - SENAC | D44: ='Mão de Obra'!D44 -> 0 | E44: =D44*$E$30 -> 0
B45: F | C45: SEBRAE | D45: ='Mão de Obra'!D45 -> 0 | E45: =D45*$E$30 -> 0
B46: G | C46: INCRA | D46: ='Mão de Obra'!D46 -> 0 | E46: =D46*$E$30 -> 0
B47: H | C47: FGTS | D47: ='Mão de Obra'!D47 -> 0 | E47: =D47*$E$30 -> 0
B48: TOTAL SUBMÓDULO 2.2 | D48: =SUM(D40:D47) -> 0 | E48: =SUM(E40:E47) -> 0
B50: Submódulo 2.3 - Benefícios Mensais e Diários | D50: Valor Unitário | E50: VALOR (R$)
B51: A | C51: Transporte | D51: ='Mão de Obra'!D51 -> 0 | E51: =(D51*4*22)-E24*6% -> -102.6348
B52: B | C52: Auxílio-Refeição/Alimentação | D52: ='Mão de Obra'!D52 -> 0 | E52: =D52*22 -> 0
B53: C | C53: Assistência Médica e Familiar | D53: ='Mão de Obra'!D53 -> 0 | E53: =D53 -> 0
B54: D | C54: Seguro de Vida/Auxilio Funeral | D54: ='Mão de Obra'!D54 -> 0 | E54: =D54 -> 0
B55: E | C55: Auxilio Creche conforme CCT | D55: ='Mão de Obra'!D55 -> 0 | E55: =D55 -> 0
B56: F | C56: Benefício Apoio Social | D56: ='Mão de Obra'!D56 -> 0 | E56: =D56 -> 0
B57: G | C57: Informar Benefício CCT da Proposta | D57: ='Mão de Obra'!D57 -> 0 | E57: 0
B58: H | C58: Informar Benefício CCT da Proposta | D58: ='Mão de Obra'!D58 -> 0 | E58: 0
B59: TOTAL SUBMÓDULO 2.3 | E59: =SUM(E51:E58) -> -102.6348
B61: QUADRO-RESUMO DO MÓDULO 2 - ENCARGOS, BENEFÍCIOS ANUAIS, MENSAIS E DIÁRIOS
B62: Módulo 2 - Encargos, Benefícios Anuais, Mensais e Diários | E62: VALOR (R$)
B63: 2.1 | C63: 13º Salário, Férias e Adicional de Férias | E63: =E37 -> 0
B64: 2.2 | C64: GPS, FGTS e Outras Contribuições | E64: =$E$48 -> 0
B65: 2.3 | C65: Benefícios Mensais e Diários | E65: =E59 -> -102.6348
B66: TOTAL DO MÓDULO 2 | E66: =SUM(E63:E65) -> -102.6348
B68: MÓDULO 3 – PROVISÃO PARA RESCISÃO
B69: PROVISÃO PARA RESCISÃO | D69: (%) | E69: VALOR (R$)
B70: A | C70: Aviso Prévio Indenizado | D70: ='Mão de Obra'!D70 -> 0 | E70: =$E$30*D70 -> 0
B71: B | C71: Incidência do FGTS sobre Aviso Prévio Indenizado | D71: ='Mão de Obra'!D71 -> 0 | E71: =$E$30*D71 -> 0
B72: D | C72: Aviso Prévio Trabalhado | D72: ='Mão de Obra'!D72 -> 0 | E72: =$E$30*D72 -> 0
B73: E | C73: Incidência de GPS, FGTS e outras contribuições sobre o Aviso Prévio Trabalhado | D73: ='Mão de Obra'!D73 -> 0 | E73: =$E$30*D73 -> 0
B74: F | C74: Multa do FGTS sobre API e APT | D74: ='Mão de Obra'!D74 -> 0 | E74: =$E$30*D74 -> 0
B75: TOTAL DO MÓDULO 3 | D75: =SUM(D70:D74) -> 0 | E75: =SUM(E70:E74) -> 0
B77: MÓDULO 4 – CUSTO DE REPOSIÇÃO DO PROFISSIONAL AUSENTE
B78: Submódulo 4.1 - Substituto nas Ausências Legais | D78: (%) | E78: VALOR (R$)
B79: A | C79: Substituto na cobertura de Férias | D79: ='Mão de Obra'!D79 -> 0 | E79: =D79*$E$30 -> 0
B80: B | C80: Substituto na cobertura de Ausências Legais | D80: ='Mão de Obra'!D80 -> 0 | E80: =D80*$E$30 -> 0
B81: C | C81: Substituto na cobertura de Licença Paternidade | D81: ='Mão de Obra'!D81 -> 0 | E81: =D81*$E$30 -> 0
B82: D | C82: Substituto na cobertura de Ausência por Acidente de Trabalho | D82: ='Mão de Obra'!D82 -> 0 | E82: =D82*$E$30 -> 0
B83: E | C83: Substituto na cobertura de Afastamento Maternidade | D83: ='Mão de Obra'!D83 -> 0 | E83: =D83*$E$30 -> 0
B84: F | C84: Substituto na cobertura de Outras ausências (especificar) | D84: ='Mão de Obra'!D84 -> 0 | E84: =D84*$E$30 -> 0
B85: TOTAL SUBMÓDULO 4.1 | D85: =SUM(D79:D84) -> 0 | E85: =SUM(E79:E84) -> 0
B87: Submódulo 4.2 - Substituto na Intrajornada | D87: (%) | E87: VALOR (R$)
B88: A | C88: Substituto na cobertura de Intervalo para Repouso ou Alimentação | D88: ='Mão de Obra'!D88 -> 0 | E88: =$E$30*D88 -> 0
B89: TOTAL SUBMÓDULO 4.2 | D89: =D88 -> 0 | E89: =E88 -> 0
B91: QUADRO-RESUMO DO MÓDULO 4 - CUSTO DE REPOSIÇÃO DO PROFISSIONAL AUSENTE
B92: Módulo 4 - Custo de Reposição do Profissional Ausente | E92: VALOR (R$)
B93: 4.1 | C93: Substituto nas Ausências Legais | E93: =$E$85 -> 0
B94: 4.2 | C94: Substituto na Intrajornada | E94: =$E$89 -> 0
B95: TOTAL DO MÓDULO 4 | E95: =SUM(E93:E94) -> 0
B97: MÓDULO 5 – INSUMOS DIVERSOS
B98: INSUMOS DIVERSOS | E98: VALOR (R$)
B99: A | C99: Uniformes e Epi' s | E99: 0
B100: B | C100: Materiais | E100: 0
B101: C | C101: Equipamentos/Ferramentas | E101: 0
B102: D | C102: Outros Necessários (Especificar) | E102: 0
B103: TOTAL DO MÓDULO 5 | E103: =SUM(E99:E102) -> 0
B105: MÓDULO 6 – CUSTOS INDIRETOS, TRIBUTOS E LUCRO
B106: CUSTOS INDIRETOS, TRIBUTOS E LUCRO | D106: (%) | E106: VALOR (R$)
B107: A | C107: Custos Indiretos | D107: ='Mão de Obra'!D107 -> 0 | E107: =D107*E132 -> 0
B108: B | C108: Lucro | D108: ='Mão de Obra'!D108 -> 0 | E108: =D108*(E107+E132) -> 0
B109: C | C109: TRIBUTOS
B110: C.1 | C110: PIS | D110: ='Mão de Obra'!D110 -> 0 | E110: =(D110*E120) -> 0
B111: C.2 | C111: COFINS | D111: ='Mão de Obra'!D111 -> 0 | E111: =(D111*E120) -> 0
B112: C.3 | C112: ISS | D112: ='Mão de Obra'!D112 -> 0 | E112: =(D112*E120) -> 0
B113: C.4 | C113: Outros (CPBR) | D113: ='Mão de Obra'!D113 -> 0 | E113: =(D113*E120) -> 0
B114: TOTAL DO MÓDULO 6 | D114: =D107+D108+D110+D111+D112+D113 -> 0 | E114: =SUM(E107:E113) -> 0
B116: a) | C116: Total dos Tributos % = To = ............................................................. | D116: =D110+D111+D112+D113 -> 0
B118: b) | C118: (Total dos Módulos 1, 2, 3, 4 e 5 + Custos indiretos + lucro)= Po = ................................... | E118: =E132+E107+E108 -> 1607.9452
B120: c) | C120: Po / (1 - To) = Valor do Posto = .............................................................................. | E120: =E118/(1-D116) -> 1607.9452
B122: d) | C122: Valor dos Tributos = P1 - Po | E122: =E120-E118 -> 0
...

Sheet POSTO 11 Meio-Oficial Manut.I
B2: PLANILHA DE CUSTO E FORMAÇÃO DE PREÇOS
B4: DADOS COMPLEMENTARES PARA COMPOSIÇÃO DOS CUSTOS REFERENTE AOS SERVIÇOS
B5: Nº do Processo Administrativo:
B7: Local da Prestação dos Serviços:
B9: Descrição do Posto de Trabalho:
B10: Meio-Oficial de Manutenção I
B12: Dados Complementares para Composição dos Custos com Mão de Obra
B13: Tipo de Jornada de Trabalho:
B14: 40 Horas Semanais (Segunda a Sexta)
B15: Descrição da Convenção Coletiva de Trabalho (CCT, ACT ou Dissídio Coletivo) | D15: Vigência da CCT, ACT ou Dissídio Coletivo:
B17: Classificação Brasileira de Ocupações (CBO) (MTE Nº)
B19: Piso Salarial Definido na CCT:
B20: 1412
B22: MÓDULO 1 - COMPOSIÇÃO DA REMUNERAÇÃO
B23: COMPOSIÇÃO DA REMUNERAÇÃO | D23: (%) | E23: VALOR (R$)
B24: A | C24: Salário Base | D24: ='Mão de Obra'!D24 -> 0 | E24: 2069.14
B25: B | C25: Adicional Periculosidade | D25: ='Mão de Obra'!D25 -> 0 | E25: 0
B26: C | C26: Adicional Insalubridade | D26: ='Mão de Obra'!D26 -> 0 | E26: =D26*B20 -> 0
B27: D | C27: Adicional Noturno | D27: ='Mão de Obra'!D27 -> 0 | E27: 0
B28: E | C28: Adicional de Hora Noturna Reduzida | D28: ='Mão de Obra'!D28 -> 0 | E28: 0
B29: F | C29: Outros (especificar) | D29: ='Mão de Obra'!D29 -> 0 | E29: 0
B30: TOTAL DO MÓDULO 1 | E30: =SUM(E24:E29) -> 2069.14
B32: MÓDULO 2 – ENCARGOS E BENEFÍCIOS ANUAIS, MENSAIS E DIÁRIOS
B33: Submódulo 2.1 - 13º Salário, Férias e Adicional de Férias | D33: (%) | E33: VALOR (R$)
B34: A | C34: 13 (Décimo-terceiro) salário | D34: ='Mão de Obra'!D34 -> 0 | E34: =$E$30*D34 -> 0
B35: B | C35: Férias e Adicional de Férias | D35: ='Mão de Obra'!D35 -> 0 | E35: =$E$30*D35 -> 0
B36: C | C36: Incidência dos encargos do submódulo 2.2 sobre Submódulo 2.1 - 13º Salário, Férias e Adicional de Férias | D36: ='Mão de Obra'!D36 -> 0 | E36: =$E$30*D36 -> 0
B37: TOTAL SUBMÓDULO 2.1 | C37: Incidência dos encargos do submódulo 2.2 sobre Submódulo 2.1 - 13º Salário, Férias e Adicional de Férias | D37: =SUM(D34:D36) -> 0 | E37: =SUM(E34:E36) -> 0
B39: Submódulo 2.2 - GPS, FGTS e Outras Contribuições | D39: (%) | E39: VALOR (R$)
B40: A | C40: INSS | D40: ='Mão de Obra'!D40 -> 0 | E40: =D40*$E$30 -> 0
B41: B | C41: Salário Educação | D41: ='Mão de Obra'!D41 -> 0 | E41: =D41*$E$30 -> 0
B42: C | C42: SAT (Seguro Acidente de Trabalho) | D42: ='Mão de Obra'!D42 -> 0 | E42: =D42*$E$30 -> 0
B43: D | C43: SESC ou SESI | D43: ='Mão de Obra'!D43 -> 0 | E43: =D43*$E$30 -> 0
B44: E | C44: SENAI - SENAC | D44: ='Mão de Obra'!D44 -> 0 | E44: =D44*$E$30 -> 0
B45: F | C45: SEBRAE | D45: ='Mão de Obra'!D45 -> 0 | E45: =D45*$E$30 -> 0
B46: G | C46: INCRA | D46: ='Mão de Obra'!D46 -> 0 | E46: =D46*$E$30 -> 0
B47: H | C47: FGTS | D47: ='Mão de Obra'!D47 -> 0 | E47: =D47*$E$30 -> 0
B48: TOTAL SUBMÓDULO 2.2 | D48: =SUM(D40:D47) -> 0 | E48: =SUM(E40:E47) -> 0
B50: Submódulo 2.3 - Benefícios Mensais e Diários | D50: Valor Unitário | E50: VALOR (R$)
B51: A | C51: Transporte | D51: ='Mão de Obra'!D51 -> 0 | E51: =(D51*4*22)-E24*6% -> -124.1484
B52: B | C52: Auxílio-Refeição/Alimentação | D52: ='Mão de Obra'!D52 -> 0 | E52: =D52*22 -> 0
B53: C | C53: Assistência Médica e Familiar | D53: ='Mão de Obra'!D53 -> 0 | E53: =D53 -> 0
B54: D | C54: Seguro de Vida/Auxilio Funeral | D54: ='Mão de Obra'!D54 -> 0 | E54: =D54 -> 0
B55: E | C55: Auxilio Creche conforme CCT | D55: ='Mão de Obra'!D55 -> 0 | E55: =D55 -> 0
B56: F | C56: Benefício Apoio Social | D56: ='Mão de Obra'!D56 -> 0 | E56: =D56 -> 0
B57: G | C57: Informar Benefício CCT da Proposta | D57: ='Mão de Obra'!D57 -> 0 | E57: 0
B58: H | C58: Informar Benefício CCT da Proposta | D58: ='Mão de Obra'!D58 -> 0 | E58: 0
B59: TOTAL SUBMÓDULO 2.3 | E59: =SUM(E51:E58) -> -124.1484
B61: QUADRO-RESUMO DO MÓDULO 2 - ENCARGOS, BENEFÍCIOS ANUAIS, MENSAIS E DIÁRIOS
B62: Módulo 2 - Encargos, Benefícios Anuais, Mensais e Diários | E62: VALOR (R$)
B63: 2.1 | C63: 13º Salário, Férias e Adicional de Férias | E63: =E37 -> 0
B64: 2.2 | C64: GPS, FGTS e Outras Contribuições | E64: =$E$48 -> 0
B65: 2.3 | C65: Benefícios Mensais e Diários | E65: =E59 -> -124.1484
B66: TOTAL DO MÓDULO 2 | E66: =SUM(E63:E65) -> -124.1484
B68: MÓDULO 3 – PROVISÃO PARA RESCISÃO
B69: PROVISÃO PARA RESCISÃO | D69: (%) | E69: VALOR (R$)
B70: A | C70: Aviso Prévio Indenizado | D70: ='Mão de Obra'!D70 -> 0 | E70: =$E$30*D70 -> 0
B71: B | C71: Incidência do FGTS sobre Aviso Prévio Indenizado | D71: ='Mão de Obra'!D71 -> 0 | E71: =$E$30*D71 -> 0
B72: D | C72: Aviso Prévio Trabalhado | D72: ='Mão de Obra'!D72 -> 0 | E72: =$E$30*D72 -> 0
B73: E | C73: Incidência de GPS, FGTS e outras contribuições sobre o Aviso Prévio Trabalhado | D73: ='Mão de Obra'!D73 -> 0 | E73: =$E$30*D73 -> 0
B74: F | C74: Multa do FGTS sobre API e APT | D74: ='Mão de Obra'!D74 -> 0 | E74: =$E$30*D74 -> 0
B75: TOTAL DO MÓDULO 3 | D75: =SUM(D70:D74) -> 0 | E75: =SUM(E70:E74) -> 0
B77: MÓDULO 4 – CUSTO DE REPOSIÇÃO DO PROFISSIONAL AUSENTE
B78: Submódulo 4.1 - Substituto nas Ausências Legais | D78: (%) | E78: VALOR (R$)
B79: A | C79: Substituto na cobertura de Férias | D79: ='Mão de Obra'!D79 -> 0 | E79: =D79*$E$30 -> 0
B80: B | C80: Substituto na cobertura de Ausências Legais | D80: ='Mão de Obra'!D80 -> 0 | E80: =D80*$E$30 -> 0
B81: C | C81: Substituto na cobertura de Licença Paternidade | D81: ='Mão de Obra'!D81 -> 0 | E81: =D81*$E$30 -> 0
B82: D | C82: Substituto na cobertura de Ausência por Acidente de Trabalho | D82: ='Mão de Obra'!D82 -> 0 | E82: =D82*$E$30 -> 0
B83: E | C83: Substituto na cobertura de Afastamento Maternidade | D83: ='Mão de Obra'!D83 -> 0 | E83: =D83*$E$30 -> 0
B84: F | C84: Substituto na cobertura de Outras ausências (especificar) | D84: ='Mão de Obra'!D84 -> 0 | E84: =D84*$E$30 -> 0
B85: TOTAL SUBMÓDULO 4.1 | D85: =SUM(D79:D84) -> 0 | E85: =SUM(E79:E84) -> 0
B87: Submódulo 4.2 - Substituto na Intrajornada | D87: (%) | E87: VALOR (R$)
B88: A | C88: Substituto na cobertura de Intervalo para Repouso ou Alimentação | D88: ='Mão de Obra'!D88 -> 0 | E88: =$E$30*D88 -> 0
B89: TOTAL SUBMÓDULO 4.2 | D89: =D88 -> 0 | E89: =E88 -> 0
B91: QUADRO-RESUMO DO MÓDULO 4 - CUSTO DE REPOSIÇÃO DO PROFISSIONAL AUSENTE
B92: Módulo 4 - Custo de Reposição do Profissional Ausente | E92: VALOR (R$)
B93: 4.1 | C93: Substituto nas Ausências Legais | E93: =$E$85 -> 0
B94: 4.2 | C94: Substituto na Intrajornada | E94: =$E$89 -> 0
B95: TOTAL DO MÓDULO 4 | E95: =SUM(E93:E94) -> 0
B97: MÓDULO 5 – INSUMOS DIVERSOS
B98: INSUMOS DIVERSOS | E98: VALOR (R$)
B99: A | C99: Uniformes e Epi' s | E99: 0
B100: B | C100: Materiais | E100: 0
B101: C | C101: Equipamentos/Ferramentas | E101: 0
B102: D | C102: Outros Necessários (Especificar) | E102: 0
B103: TOTAL DO MÓDULO 5 | E103: =SUM(E99:E102) -> 0
B105: MÓDULO 6 – CUSTOS INDIRETOS, TRIBUTOS E LUCRO
B106: CUSTOS INDIRETOS, TRIBUTOS E LUCRO | D106: (%) | E106: VALOR (R$)
B107: A | C107: Custos Indiretos | D107: ='Mão de Obra'!D107 -> 0 | E107: =D107*E132 -> 0
B108: B | C108: Lucro | D108: ='Mão de Obra'!D108 -> 0 | E108: =D108*(E107+E132) -> 0
B109: C | C109: TRIBUTOS
B110: C.1 | C110: PIS | D110: ='Mão de Obra'!D110 -> 0 | E110: =(D110*E120) -> 0
B111: C.2 | C111: COFINS | D111: ='Mão de Obra'!D111 -> 0 | E111: =(D111*E120) -> 0
B112: C.3 | C112: ISS | D112: ='Mão de Obra'!D112 -> 0 | E112: =(D112*E120) -> 0
B113: C.4 | C113: Outros (CPBR) | D113: ='Mão de Obra'!D113 -> 0 | E113: =(D113*E120) -> 0
B114: TOTAL DO MÓDULO 6 | D114: =D107+D108+D110+D111+D112+D113 -> 0 | E114: =SUM(E107:E113) -> 0
B116: a) | C116: Total dos Tributos % = To = ............................................................. | D116: =D110+D111+D112+D113 -> 0
B118: b) | C118: (Total dos Módulos 1, 2, 3, 4 e 5 + Custos indiretos + lucro)= Po = ................................... | E118: =E132+E107+E108 -> 1944.9916
B120: c) | C120: Po / (1 - To) = Valor do Posto = .............................................................................. | E120: =E118/(1-D116) -> 1944.9916
B122: d) | C122: Valor dos Tributos = P1 - Po | E122: =E120-E118 -> 0
...

Sheet POSTO 12 Meio-Oficial Manut. II
B2: PLANILHA DE CUSTO E FORMAÇÃO DE PREÇOS
B4: DADOS COMPLEMENTARES PARA COMPOSIÇÃO DOS CUSTOS REFERENTE AOS SERVIÇOS
B5: Nº do Processo Administrativo:
B7: Local da Prestação dos Serviços:
B9: Descrição do Posto de Trabalho:
B10: Meio-Oficial de Manutenção II
B12: Dados Complementares para Composição dos Custos com Mão de Obra
B13: Tipo de Jornada de Trabalho:
B14: 40 Horas Semanais (Segunda a Sexta)
B15: Descrição da Convenção Coletiva de Trabalho (CCT, ACT ou Dissídio Coletivo) | D15: Vigência da CCT, ACT ou Dissídio Coletivo:
B17: Classificação Brasileira de Ocupações (CBO) (MTE Nº)
B19: Piso Salarial Definido na CCT:
B20: 1412
B22: MÓDULO 1 - COMPOSIÇÃO DA REMUNERAÇÃO
B23: COMPOSIÇÃO DA REMUNERAÇÃO | D23: (%) | E23: VALOR (R$)
B24: A | C24: Salário Base | D24: ='Mão de Obra'!D24 -> 0 | E24: 2278.95
B25: B | C25: Adicional Periculosidade | D25: ='Mão de Obra'!D25 -> 0 | E25: 0
B26: C | C26: Adicional Insalubridade | D26: ='Mão de Obra'!D26 -> 0 | E26: =D26*B20 -> 0
B27: D | C27: Adicional Noturno | D27: ='Mão de Obra'!D27 -> 0 | E27: 0
B28: E | C28: Adicional de Hora Noturna Reduzida | D28: ='Mão de Obra'!D28 -> 0 | E28: 0
B29: F | C29: Outros (especificar) | D29: ='Mão de Obra'!D29 -> 0 | E29: 0
B30: TOTAL DO MÓDULO 1 | E30: =SUM(E24:E29) -> 2278.95
B32: MÓDULO 2 – ENCARGOS E BENEFÍCIOS ANUAIS, MENSAIS E DIÁRIOS
B33: Submódulo 2.1 - 13º Salário, Férias e Adicional de Férias | D33: (%) | E33: VALOR (R$)
B34: A | C34: 13 (Décimo-terceiro) salário | D34: ='Mão de Obra'!D34 -> 0 | E34: =$E$30*D34 -> 0
B35: B | C35: Férias e Adicional de Férias | D35: ='Mão de Obra'!D35 -> 0 | E35: =$E$30*D35 -> 0
B36: C | C36: Incidência dos encargos do submódulo 2.2 sobre Submódulo 2.1 - 13º Salário, Férias e Adicional de Férias | D36: ='Mão de Obra'!D36 -> 0 | E36: =$E$30*D36 -> 0
B37: TOTAL SUBMÓDULO 2.1 | C37: Incidência dos encargos do submódulo 2.2 sobre Submódulo 2.1 - 13º Salário, Férias e Adicional de Férias | D37: =SUM(D34:D36) -> 0 | E37: =SUM(E34:E36) -> 0
B39: Submódulo 2.2 - GPS, FGTS e Outras Contribuições | D39: (%) | E39: VALOR (R$)
B40: A | C40: INSS | D40: ='Mão de Obra'!D40 -> 0 | E40: =D40*$E$30 -> 0
B41: B | C41: Salário Educação | D41: ='Mão de Obra'!D41 -> 0 | E41: =D41*$E$30 -> 0
B42: C | C42: SAT (Seguro Acidente de Trabalho) | D42: ='Mão de Obra'!D42 -> 0 | E42: =D42*$E$30 -> 0
B43: D | C43: SESC ou SESI | D43: ='Mão de Obra'!D43 -> 0 | E43: =D43*$E$30 -> 0
B44: E | C44: SENAI - SENAC | D44: ='Mão de Obra'!D44 -> 0 | E44: =D44*$E$30 -> 0
B45: F | C45: SEBRAE | D45: ='Mão de Obra'!D45 -> 0 | E45: =D45*$E$30 -> 0
B46: G | C46: INCRA | D46: ='Mão de Obra'!D46 -> 0 | E46: =D46*$E$30 -> 0
B47: H | C47: FGTS | D47: ='Mão de Obra'!D47 -> 0 | E47: =D47*$E$30 -> 0
B48: TOTAL SUBMÓDULO 2.2 | D48: =SUM(D40:D47) -> 0 | E48: =SUM(E40:E47) -> 0
B50: Submódulo 2.3 - Benefícios Mensais e Diários | D50: Valor Unitário | E50: VALOR (R$)
B51: A | C51: Transporte | D51: ='Mão de Obra'!D51 -> 0 | E51: =(D51*4*22)-E24*6% -> -136.737
B52: B | C52: Auxílio-Refeição/Alimentação | D52: ='Mão de Obra'!D52 -> 0 | E52: =D52*22 -> 0
B53: C | C53: Assistência Médica e Familiar | D53: ='Mão de Obra'!D53 -> 0 | E53: =D53 -> 0
B54: D | C54: Seguro de Vida/Auxilio Funeral | D54: ='Mão de Obra'!D54 -> 0 | E54: =D54 -> 0
B55: E | C55: Auxilio Creche conforme CCT | D55: ='Mão de Obra'!D55 -> 0 | E55: =D55 -> 0
B56: F | C56: Benefício Apoio Social | D56: ='Mão de Obra'!D56 -> 0 | E56: =D56 -> 0
B57: G | C57: Informar Benefício CCT da Proposta | D57: ='Mão de Obra'!D57 -> 0 | E57: 0
B58: H | C58: Informar Benefício CCT da Proposta | D58: ='Mão de Obra'!D58 -> 0 | E58: 0
B59: TOTAL SUBMÓDULO 2.3 | E59: =SUM(E51:E58) -> -136.737
B61: QUADRO-RESUMO DO MÓDULO 2 - ENCARGOS, BENEFÍCIOS ANUAIS, MENSAIS E DIÁRIOS
B62: Módulo 2 - Encargos, Benefícios Anuais, Mensais e Diários | E62: VALOR (R$)
B63: 2.1 | C63: 13º Salário, Férias e Adicional de Férias | E63: =E37 -> 0
B64: 2.2 | C64: GPS, FGTS e Outras Contribuições | E64: =$E$48 -> 0
B65: 2.3 | C65: Benefícios Mensais e Diários | E65: =E59 -> -136.737
B66: TOTAL DO MÓDULO 2 | E66: =SUM(E63:E65) -> -136.737
B68: MÓDULO 3 – PROVISÃO PARA RESCISÃO
B69: PROVISÃO PARA RESCISÃO | D69: (%) | E69: VALOR (R$)
B70: A | C70: Aviso Prévio Indenizado | D70: ='Mão de Obra'!D70 -> 0 | E70: =$E$30*D70 -> 0
B71: B | C71: Incidência do FGTS sobre Aviso Prévio Indenizado | D71: ='Mão de Obra'!D71 -> 0 | E71: =$E$30*D71 -> 0
B72: D | C72: Aviso Prévio Trabalhado | D72: ='Mão de Obra'!D72 -> 0 | E72: =$E$30*D72 -> 0
B73: E | C73: Incidência de GPS, FGTS e outras contribuições sobre o Aviso Prévio Trabalhado | D73: ='Mão de Obra'!D73 -> 0 | E73: =$E$30*D73 -> 0
B74: F | C74: Multa do FGTS sobre API e APT | D74: ='Mão de Obra'!D74 -> 0 | E74: =$E$30*D74 -> 0
B75: TOTAL DO MÓDULO 3 | D75: =SUM(D70:D74) -> 0 | E75: =SUM(E70:E74) -> 0
B77: MÓDULO 4 – CUSTO DE REPOSIÇÃO DO PROFISSIONAL AUSENTE
B78: Submódulo 4.1 - Substituto nas Ausências Legais | D78: (%) | E78: VALOR (R$)
B79: A | C79: Substituto na cobertura de Férias | D79: ='Mão de Obra'!D79 -> 0 | E79: =D79*$E$30 -> 0
B80: B | C80: Substituto na cobertura de Ausências Legais | D80: ='Mão de Obra'!D80 -> 0 | E80: =D80*$E$30 -> 0
B81: C | C81: Substituto na cobertura de Licença Paternidade | D81: ='Mão de Obra'!D81 -> 0 | E81: =D81*$E$30 -> 0
B82: D | C82: Substituto na cobertura de Ausência por Acidente de Trabalho | D82: ='Mão de Obra'!D82 -> 0 | E82: =D82*$E$30 -> 0
B83: E | C83: Substituto na cobertura de Afastamento Maternidade | D83: ='Mão de Obra'!D83 -> 0 | E83: =D83*$E$30 -> 0
B84: F | C84: Substituto na cobertura de Outras ausências (especificar) | D84: ='Mão de Obra'!D84 -> 0 | E84: =D84*$E$30 -> 0
B85: TOTAL SUBMÓDULO 4.1 | D85: =SUM(D79:D84) -> 0 | E85: =SUM(E79:E84) -> 0
B87: Submódulo 4.2 - Substituto na Intrajornada | D87: (%) | E87: VALOR (R$)
B88: A | C88: Substituto na cobertura de Intervalo para Repouso ou Alimentação | D88: ='Mão de Obra'!D88 -> 0 | E88: =$E$30*D88 -> 0
B89: TOTAL SUBMÓDULO 4.2 | D89: =D88 -> 0 | E89: =E88 -> 0
B91: QUADRO-RESUMO DO MÓDULO 4 - CUSTO DE REPOSIÇÃO DO PROFISSIONAL AUSENTE
B92: Módulo 4 - Custo de Reposição do Profissional Ausente | E92: VALOR (R$)
B93: 4.1 | C93: Substituto nas Ausências Legais | E93: =$E$85 -> 0
B94: 4.2 | C94: Substituto na Intrajornada | E94: =$E$89 -> 0
B95: TOTAL DO MÓDULO 4 | E95: =SUM(E93:E94) -> 0
B97: MÓDULO 5 – INSUMOS DIVERSOS
B98: INSUMOS DIVERSOS | E98: VALOR (R$)
B99: A | C99: Uniformes e Epi' s | E99: 0
B100: B | C100: Materiais | E100: 0
B101: C | C101: Equipamentos/Ferramentas | E101: 0
B102: D | C102: Outros Necessários (Especificar) | E102: 0
B103: TOTAL DO MÓDULO 5 | E103: =SUM(E99:E102) -> 0
B105: MÓDULO 6 – CUSTOS INDIRETOS, TRIBUTOS E LUCRO
B106: CUSTOS INDIRETOS, TRIBUTOS E LUCRO | D106: (%) | E106: VALOR (R$)
B107: A | C107: Custos Indiretos | D107: ='Mão de Obra'!D107 -> 0 | E107: =D107*E132 -> 0
B108: B | C108: Lucro | D108: ='Mão de Obra'!D108 -> 0 | E108: =D108*(E107+E132) -> 0
B109: C | C109: TRIBUTOS
B110: C.1 | C110: PIS | D110: ='Mão de Obra'!D110 -> 0 | E110: =(D110*E120) -> 0
B111: C.2 | C111: COFINS | D111: ='Mão de Obra'!D111 -> 0 | E111: =(D111*E120) -> 0
B112: C.3 | C112: ISS | D112: ='Mão de Obra'!D112 -> 0 | E112: =(D112*E120) -> 0
B113: C.4 | C113: Outros (CPBR) | D113: ='Mão de Obra'!D113 -> 0 | E113: =(D113*E120) -> 0
B114: TOTAL DO MÓDULO 6 | D114: =D107+D108+D110+D111+D112+D113 -> 0 | E114: =SUM(E107:E113) -> 0
B116: a) | C116: Total dos Tributos % = To = ............................................................. | D116: =D110+D111+D112+D113 -> 0
B118: b) | C118: (Total dos Módulos 1, 2, 3, 4 e 5 + Custos indiretos + lucro)= Po = ................................... | E118: =E132+E107+E108 -> 2142.213
B120: c) | C120: Po / (1 - To) = Valor do Posto = .............................................................................. | E120: =E118/(1-D116) -> 2142.213
B122: d) | C122: Valor dos Tributos = P1 - Po | E122: =E120-E118 -> 0
...

Sheet POSTO 13 Meio-Oficial Manut.III
B2: PLANILHA DE CUSTO E FORMAÇÃO DE PREÇOS
B4: DADOS COMPLEMENTARES PARA COMPOSIÇÃO DOS CUSTOS REFERENTE AOS SERVIÇOS
B5: Nº do Processo Administrativo:
B7: Local da Prestação dos Serviços:
B9: Descrição do Posto de Trabalho:
B10: Meio-Oficial de Manutenção III
B12: Dados Complementares para Composição dos Custos com Mão de Obra
B13: Tipo de Jornada de Trabalho:
B14: 40 Horas Semanais (Segunda a Sexta)
B15: Descrição da Convenção Coletiva de Trabalho (CCT, ACT ou Dissídio Coletivo) | D15: Vigência da CCT, ACT ou Dissídio Coletivo:
B17: Classificação Brasileira de Ocupações (CBO) (MTE Nº)
B19: Piso Salarial Definido na CCT:
B20: 1412
B22: MÓDULO 1 - COMPOSIÇÃO DA REMUNERAÇÃO
B23: COMPOSIÇÃO DA REMUNERAÇÃO | D23: (%) | E23: VALOR (R$)
B24: A | C24: Salário Base | D24: ='Mão de Obra'!D24 -> 0 | E24: 3454.97
B25: B | C25: Adicional Periculosidade | D25: ='Mão de Obra'!D25 -> 0 | E25: 0
B26: C | C26: Adicional Insalubridade | D26: ='Mão de Obra'!D26 -> 0 | E26: =D26*B20 -> 0
B27: D | C27: Adicional Noturno | D27: ='Mão de Obra'!D27 -> 0 | E27: 0
B28: E | C28: Adicional de Hora Noturna Reduzida | D28: ='Mão de Obra'!D28 -> 0 | E28: 0
B29: F | C29: Outros (especificar) | D29: ='Mão de Obra'!D29 -> 0 | E29: 0
B30: TOTAL DO MÓDULO 1 | E30: =SUM(E24:E29) -> 3454.97
B32: MÓDULO 2 – ENCARGOS E BENEFÍCIOS ANUAIS, MENSAIS E DIÁRIOS
B33: Submódulo 2.1 - 13º Salário, Férias e Adicional de Férias | D33: (%) | E33: VALOR (R$)
B34: A | C34: 13 (Décimo-terceiro) salário | D34: ='Mão de Obra'!D34 -> 0 | E34: =$E$30*D34 -> 0
B35: B | C35: Férias e Adicional de Férias | D35: ='Mão de Obra'!D35 -> 0 | E35: =$E$30*D35 -> 0
B36: C | C36: Incidência dos encargos do submódulo 2.2 sobre Submódulo 2.1 - 13º Salário, Férias e Adicional de Férias | D36: ='Mão de Obra'!D36 -> 0 | E36: =$E$30*D36 -> 0
B37: TOTAL SUBMÓDULO 2.1 | C37: Incidência dos encargos do submódulo 2.2 sobre Submódulo 2.1 - 13º Salário, Férias e Adicional de Férias | D37: =SUM(D34:D36) -> 0 | E37: =SUM(E34:E36) -> 0
B39: Submódulo 2.2 - GPS, FGTS e Outras Contribuições | D39: (%) | E39: VALOR (R$)
B40: A | C40: INSS | D40: ='Mão de Obra'!D40 -> 0 | E40: =D40*$E$30 -> 0
B41: B | C41: Salário Educação | D41: ='Mão de Obra'!D41 -> 0 | E41: =D41*$E$30 -> 0
B42: C | C42: SAT (Seguro Acidente de Trabalho) | D42: ='Mão de Obra'!D42 -> 0 | E42: =D42*$E$30 -> 0
B43: D | C43: SESC ou SESI | D43: ='Mão de Obra'!D43 -> 0 | E43: =D43*$E$30 -> 0
B44: E | C44: SENAI - SENAC | D44: ='Mão de Obra'!D44 -> 0 | E44: =D44*$E$30 -> 0
B45: F | C45: SEBRAE | D45: ='Mão de Obra'!D45 -> 0 | E45: =D45*$E$30 -> 0
B46: G | C46: INCRA | D46: ='Mão de Obra'!D46 -> 0 | E46: =D46*$E$30 -> 0
B47: H | C47: FGTS | D47: ='Mão de Obra'!D47 -> 0 | E47: =D47*$E$30 -> 0
B48: TOTAL SUBMÓDULO 2.2 | D48: =SUM(D40:D47) -> 0 | E48: =SUM(E40:E47) -> 0
B50: Submódulo 2.3 - Benefícios Mensais e Diários | D50: Valor Unitário | E50: VALOR (R$)
B51: A | C51: Transporte | D51: ='Mão de Obra'!D51 -> 0 | E51: =(D51*4*22)-E24*6% -> -207.2982
B52: B | C52: Auxílio-Refeição/Alimentação | D52: ='Mão de Obra'!D52 -> 0 | E52: =D52*22 -> 0
B53: C | C53: Assistência Médica e Familiar | D53: ='Mão de Obra'!D53 -> 0 | E53: =D53 -> 0
B54: D | C54: Seguro de Vida | D54: ='Mão de Obra'!D54 -> 0 | E54: =D54 -> 0
B55: E | C55: Benefícios Sociais | D55: ='Mão de Obra'!D55 -> 0 | E55: =D55 -> 0
B56: F | C56: Informar Benefício CCT da Proposta | D56: ='Mão de Obra'!D56 -> 0 | E56: 0
B57: G | C57: Informar Benefício CCT da Proposta | D57: ='Mão de Obra'!D57 -> 0 | E57: 0
B58: H | C58: Informar Benefício CCT da Proposta | D58: ='Mão de Obra'!D58 -> 0 | E58: 0
B59: TOTAL SUBMÓDULO 2.3 | E59: =SUM(E51:E58) -> -207.2982
B61: QUADRO-RESUMO DO MÓDULO 2 - ENCARGOS, BENEFÍCIOS ANUAIS, MENSAIS E DIÁRIOS
B62: Módulo 2 - Encargos, Benefícios Anuais, Mensais e Diários | E62: VALOR (R$)
B63: 2.1 | C63: 13º Salário, Férias e Adicional de Férias | E63: =E37 -> 0
B64: 2.2 | C64: GPS, FGTS e Outras Contribuições | E64: =$E$48 -> 0
B65: 2.3 | C65: Benefícios Mensais e Diários | E65: =E59 -> -207.2982
B66: TOTAL DO MÓDULO 2 | E66: =SUM(E63:E65) -> -207.2982
B68: MÓDULO 3 – PROVISÃO PARA RESCISÃO
B69: PROVISÃO PARA RESCISÃO | D69: (%) | E69: VALOR (R$)
B70: A | C70: Aviso Prévio Indenizado | D70: ='Mão de Obra'!D70 -> 0 | E70: =$E$30*D70 -> 0
B71: B | C71: Incidência do FGTS sobre Aviso Prévio Indenizado | D71: ='Mão de Obra'!D71 -> 0 | E71: =$E$30*D71 -> 0
B72: D | C72: Aviso Prévio Trabalhado | D72: ='Mão de Obra'!D72 -> 0 | E72: =$E$30*D72 -> 0
B73: E | C73: Incidência de GPS, FGTS e outras contribuições sobre o Aviso Prévio Trabalhado | D73: ='Mão de Obra'!D73 -> 0 | E73: =$E$30*D73 -> 0
B74: F | C74: Multa do FGTS sobre API e APT | D74: ='Mão de Obra'!D74 -> 0 | E74: =$E$30*D74 -> 0
B75: TOTAL DO MÓDULO 3 | D75: =SUM(D70:D74) -> 0 | E75: =SUM(E70:E74) -> 0
B77: MÓDULO 4 – CUSTO DE REPOSIÇÃO DO PROFISSIONAL AUSENTE
B78: Submódulo 4.1 - Substituto nas Ausências Legais | D78: (%) | E78: VALOR (R$)
B79: A | C79: Substituto na cobertura de Férias | D79: ='Mão de Obra'!D79 -> 0 | E79: =D79*$E$30 -> 0
B80: B | C80: Substituto na cobertura de Ausências Legais | D80: ='Mão de Obra'!D80 -> 0 | E80: =D80*$E$30 -> 0
B81: C | C81: Substituto na cobertura de Licença Paternidade | D81: ='Mão de Obra'!D81 -> 0 | E81: =D81*$E$30 -> 0
B82: D | C82: Substituto na cobertura de Ausência por Acidente de Trabalho | D82: ='Mão de Obra'!D82 -> 0 | E82: =D82*$E$30 -> 0
B83: E | C83: Substituto na cobertura de Afastamento Maternidade | D83: ='Mão de Obra'!D83 -> 0 | E83: =D83*$E$30 -> 0
B84: F | C84: Substituto na cobertura de Outras ausências (especificar) | D84: ='Mão de Obra'!D84 -> 0 | E84: =D84*$E$30 -> 0
B85: TOTAL SUBMÓDULO 4.1 | D85: =SUM(D79:D84) -> 0 | E85: =SUM(E79:E84) -> 0
B87: Submódulo 4.2 - Substituto na Intrajornada | D87: (%) | E87: VALOR (R$)
B88: A | C88: Substituto na cobertura de Intervalo para Repouso ou Alimentação | D88: ='Mão de Obra'!D88 -> 0 | E88: =$E$30*D88 -> 0
B89: TOTAL SUBMÓDULO 4.2 | D89: =D88 -> 0 | E89: =E88 -> 0
B91: QUADRO-RESUMO DO MÓDULO 4 - CUSTO DE REPOSIÇÃO DO PROFISSIONAL AUSENTE
B92: Módulo 4 - Custo de Reposição do Profissional Ausente | E92: VALOR (R$)
B93: 4.1 | C93: Substituto nas Ausências Legais | E93: =$E$85 -> 0
B94: 4.2 | C94: Substituto na Intrajornada | E94: =$E$89 -> 0
B95: TOTAL DO MÓDULO 4 | E95: =SUM(E93:E94) -> 0
B97: MÓDULO 5 – INSUMOS DIVERSOS
B98: INSUMOS DIVERSOS | E98: VALOR (R$)
B99: A | C99: Uniformes e Epi' s | E99: 0
B100: B | C100: Materiais | E100: 0
B101: C | C101: Equipamentos/Ferramentas | E101: 0
B102: D | C102: Outros Necessários (Especificar) | E102: 0
B103: TOTAL DO MÓDULO 5 | E103: =SUM(E99:E102) -> 0
B105: MÓDULO 6 – CUSTOS INDIRETOS, TRIBUTOS E LUCRO
B106: CUSTOS INDIRETOS, TRIBUTOS E LUCRO | D106: (%) | E106: VALOR (R$)
B107: A | C107: Custos Indiretos | D107: ='Mão de Obra'!D107 -> 0 | E107: =D107*E132 -> 0
B108: B | C108: Lucro | D108: ='Mão de Obra'!D108 -> 0 | E108: =D108*(E107+E132) -> 0
B109: C | C109: TRIBUTOS
B110: C.1 | C110: PIS | D110: ='Mão de Obra'!D110 -> 0 | E110: =(D110*E120) -> 0
B111: C.2 | C111: COFINS | D111: ='Mão de Obra'!D111 -> 0 | E111: =(D111*E120) -> 0
B112: C.3 | C112: ISS | D112: ='Mão de Obra'!D112 -> 0 | E112: =(D112*E120) -> 0
B113: C.4 | C113: Outros (CPBR) | D113: ='Mão de Obra'!D113 -> 0 | E113: =(D113*E120) -> 0
B114: TOTAL DO MÓDULO 6 | D114: =D107+D108+D110+D111+D112+D113 -> 0 | E114: =SUM(E107:E113) -> 0
B116: a) | C116: Total dos Tributos % = To = ............................................................. | D116: =D110+D111+D112+D113 -> 0
B118: b) | C118: (Total dos Módulos 1, 2, 3, 4 e 5 + Custos indiretos + lucro)= Po = ................................... | E118: =E132+E107+E108 -> 3247.6718
B120: c) | C120: Po / (1 - To) = Valor do Posto = .............................................................................. | E120: =E118/(1-D116) -> 3247.6718
B122: d) | C122: Valor dos Tributos = P1 - Po | E122: =E120-E118 -> 0
...

Sheet POSTO 14 Intérprete de Libras
B2: PLANILHA DE CUSTO E FORMAÇÃO DE PREÇOS
B4: DADOS COMPLEMENTARES PARA COMPOSIÇÃO DOS CUSTOS REFERENTE AOS SERVIÇOS
B5: Nº do Processo Administrativo:
B7: Local da Prestação dos Serviços:
B9: Descrição do Posto de Trabalho:
B10: Intérprete de Libras
B12: Dados Complementares para Composição dos Custos com Mão de Obra
B13: Tipo de Jornada de Trabalho:
B14: 40 Horas Semanais (Segunda a Sexta)
B15: Descrição da Convenção Coletiva de Trabalho (CCT, ACT ou Dissídio Coletivo) | D15: Vigência da CCT, ACT ou Dissídio Coletivo:
B17: Classificação Brasileira de Ocupações (CBO) (MTE Nº)
B19: Piso Salarial Definido na CCT:
B20: 1412
B22: MÓDULO 1 - COMPOSIÇÃO DA REMUNERAÇÃO
B23: COMPOSIÇÃO DA REMUNERAÇÃO | D23: (%) | E23: VALOR (R$)
B24: A | C24: Salário Base | D24: ='Mão de Obra'!D24 -> 0 | E24: 3406.11
B25: B | C25: Adicional Periculosidade | D25: ='Mão de Obra'!D25 -> 0 | E25: 0
B26: C | C26: Adicional Insalubridade | D26: ='Mão de Obra'!D26 -> 0 | E26: =D26*B20 -> 0
B27: D | C27: Adicional Noturno | D27: ='Mão de Obra'!D27 -> 0 | E27: 0
B28: E | C28: Adicional de Hora Noturna Reduzida | D28: ='Mão de Obra'!D28 -> 0 | E28: 0
B29: F | C29: Outros (especificar) | D29: ='Mão de Obra'!D29 -> 0 | E29: 0
B30: TOTAL DO MÓDULO 1 | E30: =SUM(E24:E29) -> 3406.11
B32: MÓDULO 2 – ENCARGOS E BENEFÍCIOS ANUAIS, MENSAIS E DIÁRIOS
B33: Submódulo 2.1 - 13º Salário, Férias e Adicional de Férias | D33: (%) | E33: VALOR (R$)
B34: A | C34: 13 (Décimo-terceiro) salário | D34: ='Mão de Obra'!D34 -> 0 | E34: =$E$30*D34 -> 0
B35: B | C35: Férias e Adicional de Férias | D35: ='Mão de Obra'!D35 -> 0 | E35: =$E$30*D35 -> 0
B36: C | C36: Incidência dos encargos do submódulo 2.2 sobre Submódulo 2.1 - 13º Salário, Férias e Adicional de Férias | D36: ='Mão de Obra'!D36 -> 0 | E36: =$E$30*D36 -> 0
B37: TOTAL SUBMÓDULO 2.1 | C37: Incidência dos encargos do submódulo 2.2 sobre Submódulo 2.1 - 13º Salário, Férias e Adicional de Férias | D37: =SUM(D34:D36) -> 0 | E37: =SUM(E34:E36) -> 0
B39: Submódulo 2.2 - GPS, FGTS e Outras Contribuições | D39: (%) | E39: VALOR (R$)
B40: A | C40: INSS | D40: ='Mão de Obra'!D40 -> 0 | E40: =D40*$E$30 -> 0
B41: B | C41: Salário Educação | D41: ='Mão de Obra'!D41 -> 0 | E41: =D41*$E$30 -> 0
B42: C | C42: SAT (Seguro Acidente de Trabalho) | D42: ='Mão de Obra'!D42 -> 0 | E42: =D42*$E$30 -> 0
B43: D | C43: SESC ou SESI | D43: ='Mão de Obra'!D43 -> 0 | E43: =D43*$E$30 -> 0
B44: E | C44: SENAI - SENAC | D44: ='Mão de Obra'!D44 -> 0 | E44: =D44*$E$30 -> 0
B45: F | C45: SEBRAE | D45: ='Mão de Obra'!D45 -> 0 | E45: =D45*$E$30 -> 0
B46: G | C46: INCRA | D46: ='Mão de Obra'!D46 -> 0 | E46: =D46*$E$30 -> 0
B47: H | C47: FGTS | D47: ='Mão de Obra'!D47 -> 0 | E47: =D47*$E$30 -> 0
B48: TOTAL SUBMÓDULO 2.2 | D48: =SUM(D40:D47) -> 0 | E48: =SUM(E40:E47) -> 0
B50: Submódulo 2.3 - Benefícios Mensais e Diários | D50: Valor Unitário | E50: VALOR (R$)
B51: A | C51: Transporte | D51: ='Mão de Obra'!D51 -> 0 | E51: =(D51*4*22)-E24*6% -> -204.3666
B52: B | C52: Auxílio-Refeição/Alimentação | D52: ='Mão de Obra'!D52 -> 0 | E52: =D52*22 -> 0
B53: C | C53: Assistência Médica e Familiar | D53: ='Mão de Obra'!D53 -> 0 | E53: =D53 -> 0
B54: D | C54: Seguro de Vida | D54: ='Mão de Obra'!D54 -> 0 | E54: =D54 -> 0
B55: E | C55: Benefícios Sociais | D55: ='Mão de Obra'!D55 -> 0 | E55: =D55 -> 0
B56: F | C56: Informar Benefício CCT da Proposta | D56: ='Mão de Obra'!D56 -> 0 | E56: 0
B57: G | C57: Informar Benefício CCT da Proposta | D57: ='Mão de Obra'!D57 -> 0 | E57: 0
B58: H | C58: Informar Benefício CCT da Proposta | D58: ='Mão de Obra'!D58 -> 0 | E58: 0
B59: TOTAL SUBMÓDULO 2.3 | E59: =SUM(E51:E58) -> -204.3666
B61: QUADRO-RESUMO DO MÓDULO 2 - ENCARGOS, BENEFÍCIOS ANUAIS, MENSAIS E DIÁRIOS
B62: Módulo 2 - Encargos, Benefícios Anuais, Mensais e Diários | E62: VALOR (R$)
B63: 2.1 | C63: 13º Salário, Férias e Adicional de Férias | E63: =E37 -> 0
B64: 2.2 | C64: GPS, FGTS e Outras Contribuições | E64: =$E$48 -> 0
B65: 2.3 | C65: Benefícios Mensais e Diários | E65: =E59 -> -204.3666
B66: TOTAL DO MÓDULO 2 | E66: =SUM(E63:E65) -> -204.3666
B68: MÓDULO 3 – PROVISÃO PARA RESCISÃO
B69: PROVISÃO PARA RESCISÃO | D69: (%) | E69: VALOR (R$)
B70: A | C70: Aviso Prévio Indenizado | D70: ='Mão de Obra'!D70 -> 0 | E70: =$E$30*D70 -> 0
B71: B | C71: Incidência do FGTS sobre Aviso Prévio Indenizado | D71: ='Mão de Obra'!D71 -> 0 | E71: =$E$30*D71 -> 0
B72: D | C72: Aviso Prévio Trabalhado | D72: ='Mão de Obra'!D72 -> 0 | E72: =$E$30*D72 -> 0
B73: E | C73: Incidência de GPS, FGTS e outras contribuições sobre o Aviso Prévio Trabalhado | D73: ='Mão de Obra'!D73 -> 0 | E73: =$E$30*D73 -> 0
B74: F | C74: Multa do FGTS sobre API e APT | D74: ='Mão de Obra'!D74 -> 0 | E74: =$E$30*D74 -> 0
B75: TOTAL DO MÓDULO 3 | D75: =SUM(D70:D74) -> 0 | E75: =SUM(E70:E74) -> 0
B77: MÓDULO 4 – CUSTO DE REPOSIÇÃO DO PROFISSIONAL AUSENTE
B78: Submódulo 4.1 - Substituto nas Ausências Legais | D78: (%) | E78: VALOR (R$)
B79: A | C79: Substituto na cobertura de Férias | D79: ='Mão de Obra'!D79 -> 0 | E79: =D79*$E$30 -> 0
B80: B | C80: Substituto na cobertura de Ausências Legais | D80: ='Mão de Obra'!D80 -> 0 | E80: =D80*$E$30 -> 0
B81: C | C81: Substituto na cobertura de Licença Paternidade | D81: ='Mão de Obra'!D81 -> 0 | E81: =D81*$E$30 -> 0
B82: D | C82: Substituto na cobertura de Ausência por Acidente de Trabalho | D82: ='Mão de Obra'!D82 -> 0 | E82: =D82*$E$30 -> 0
B83: E | C83: Substituto na cobertura de Afastamento Maternidade | D83: ='Mão de Obra'!D83 -> 0 | E83: =D83*$E$30 -> 0
B84: F | C84: Substituto na cobertura de Outras ausências (especificar) | D84: ='Mão de Obra'!D84 -> 0 | E84: =D84*$E$30 -> 0
B85: TOTAL SUBMÓDULO 4.1 | D85: =SUM(D79:D84) -> 0 | E85: =SUM(E79:E84) -> 0
B87: Submódulo 4.2 - Substituto na Intrajornada | D87: (%) | E87: VALOR (R$)
B88: A | C88: Substituto na cobertura de Intervalo para Repouso ou Alimentação | D88: ='Mão de Obra'!D88 -> 0 | E88: =$E$30*D88 -> 0
B89: TOTAL SUBMÓDULO 4.2 | D89: =D88 -> 0 | E89: =E88 -> 0
B91: QUADRO-RESUMO DO MÓDULO 4 - CUSTO DE REPOSIÇÃO DO PROFISSIONAL AUSENTE
B92: Módulo 4 - Custo de Reposição do Profissional Ausente | E92: VALOR (R$)
B93: 4.1 | C93: Substituto nas Ausências Legais | E93: =$E$85 -> 0
B94: 4.2 | C94: Substituto na Intrajornada | E94: =$E$89 -> 0
B95: TOTAL DO MÓDULO 4 | E95: =SUM(E93:E94) -> 0
B97: MÓDULO 5 – INSUMOS DIVERSOS
B98: INSUMOS DIVERSOS | E98: VALOR (R$)
B99: A | C99: Uniformes e Epi' s | E99: 0
B100: B | C100: Materiais | E100: 0
B101: C | C101: Equipamentos/Ferramentas | E101: 0
B102: D | C102: Outros Necessários (Especificar) | E102: 0
B103: TOTAL DO MÓDULO 5 | E103: =SUM(E99:E102) -> 0
B105: MÓDULO 6 – CUSTOS INDIRETOS, TRIBUTOS E LUCRO
B106: CUSTOS INDIRETOS, TRIBUTOS E LUCRO | D106: (%) | E106: VALOR (R$)
B107: A | C107: Custos Indiretos | D107: ='Mão de Obra'!D107 -> 0 | E107: =D107*E132 -> 0
B108: B | C108: Lucro | D108: ='Mão de Obra'!D108 -> 0 | E108: =D108*(E107+E132) -> 0
B109: C | C109: TRIBUTOS
B110: C.1 | C110: PIS | D110: ='Mão de Obra'!D110 -> 0 | E110: =(D110*E120) -> 0
B111: C.2 | C111: COFINS | D111: ='Mão de Obra'!D111 -> 0 | E111: =(D111*E120) -> 0
B112: C.3 | C112: ISS | D112: ='Mão de Obra'!D112 -> 0 | E112: =(D112*E120) -> 0
B113: C.4 | C113: Outros (CPBR) | D113: ='Mão de Obra'!D113 -> 0 | E113: =(D113*E120) -> 0
B114: TOTAL DO MÓDULO 6 | D114: =D107+D108+D110+D111+D112+D113 -> 0 | E114: =SUM(E107:E113) -> 0
B116: a) | C116: Total dos Tributos % = To = ............................................................. | D116: =D110+D111+D112+D113 -> 0
B118: b) | C118: (Total dos Módulos 1, 2, 3, 4 e 5 + Custos indiretos + lucro)= Po = ................................... | E118: =E132+E107+E108 -> 3201.7434
B120: c) | C120: Po / (1 - To) = Valor do Posto = .............................................................................. | E120: =E118/(1-D116) -> 3201.7434
B122: d) | C122: Valor dos Tributos = P1 - Po | E122: =E120-E118 -> 0
...

Sheet POSTO 15 Psicólogo
B2: PLANILHA DE CUSTO E FORMAÇÃO DE PREÇOS
B4: DADOS COMPLEMENTARES PARA COMPOSIÇÃO DOS CUSTOS REFERENTE AOS SERVIÇOS
B5: Nº do Processo Administrativo:
B7: Local da Prestação dos Serviços:
B9: Descrição do Posto de Trabalho:
B10: Psicólogo(a)
B12: Dados Complementares para Composição dos Custos com Mão de Obra
B13: Tipo de Jornada de Trabalho:
B14: 40 Horas Semanais (Segunda a Sexta)
B15: Descrição da Convenção Coletiva de Trabalho (CCT, ACT ou Dissídio Coletivo) | D15: Vigência da CCT, ACT ou Dissídio Coletivo:
B17: Classificação Brasileira de Ocupações (CBO) (MTE Nº)
B19: Piso Salarial Definido na CCT:
B20: 1412
B22: MÓDULO 1 - COMPOSIÇÃO DA REMUNERAÇÃO
B23: COMPOSIÇÃO DA REMUNERAÇÃO | D23: (%) | E23: VALOR (R$)
B24: A | C24: Salário Base | D24: ='Mão de Obra'!D24 -> 0 | E24: 4991.14
B25: B | C25: Adicional Periculosidade | D25: ='Mão de Obra'!D25 -> 0 | E25: 0
B26: C | C26: Adicional Insalubridade | D26: ='Mão de Obra'!D26 -> 0 | E26: =D26*B20 -> 0
B27: D | C27: Adicional Noturno | D27: ='Mão de Obra'!D27 -> 0 | E27: 0
B28: E | C28: Adicional de Hora Noturna Reduzida | D28: ='Mão de Obra'!D28 -> 0 | E28: 0
B29: F | C29: Outros (especificar) | D29: ='Mão de Obra'!D29 -> 0 | E29: 0
B30: TOTAL DO MÓDULO 1 | E30: =SUM(E24:E29) -> 4991.14
B32: MÓDULO 2 – ENCARGOS E BENEFÍCIOS ANUAIS, MENSAIS E DIÁRIOS
B33: Submódulo 2.1 - 13º Salário, Férias e Adicional de Férias | D33: (%) | E33: VALOR (R$)
B34: A | C34: 13 (Décimo-terceiro) salário | D34: ='Mão de Obra'!D34 -> 0 | E34: =$E$30*D34 -> 0
B35: B | C35: Férias e Adicional de Férias | D35: ='Mão de Obra'!D35 -> 0 | E35: =$E$30*D35 -> 0
B36: C | C36: Incidência dos encargos do submódulo 2.2 sobre Submódulo 2.1 - 13º Salário, Férias e Adicional de Férias | D36: ='Mão de Obra'!D36 -> 0 | E36: =$E$30*D36 -> 0
B37: TOTAL SUBMÓDULO 2.1 | C37: Incidência dos encargos do submódulo 2.2 sobre Submódulo 2.1 - 13º Salário, Férias e Adicional de Férias | D37: =SUM(D34:D36) -> 0 | E37: =SUM(E34:E36) -> 0
B39: Submódulo 2.2 - GPS, FGTS e Outras Contribuições | D39: (%) | E39: VALOR (R$)
B40: A | C40: INSS | D40: ='Mão de Obra'!D40 -> 0 | E40: =D40*$E$30 -> 0
B41: B | C41: Salário Educação | D41: ='Mão de Obra'!D41 -> 0 | E41: =D41*$E$30 -> 0
B42: C | C42: SAT (Seguro Acidente de Trabalho) | D42: ='Mão de Obra'!D42 -> 0 | E42: =D42*$E$30 -> 0
B43: D | C43: SESC ou SESI | D43: ='Mão de Obra'!D43 -> 0 | E43: =D43*$E$30 -> 0
B44: E | C44: SENAI - SENAC | D44: ='Mão de Obra'!D44 -> 0 | E44: =D44*$E$30 -> 0
B45: F | C45: SEBRAE | D45: ='Mão de Obra'!D45 -> 0 | E45: =D45*$E$30 -> 0
B46: G | C46: INCRA | D46: ='Mão de Obra'!D46 -> 0 | E46: =D46*$E$30 -> 0
B47: H | C47: FGTS | D47: ='Mão de Obra'!D47 -> 0 | E47: =D47*$E$30 -> 0
B48: TOTAL SUBMÓDULO 2.2 | D48: =SUM(D40:D47) -> 0 | E48: =SUM(E40:E47) -> 0
B50: Submódulo 2.3 - Benefícios Mensais e Diários | D50: Valor Unitário | E50: VALOR (R$)
B51: A | C51: Transporte | D51: ='Mão de Obra'!D51 -> 0 | E51: =(D51*4*22)-E24*6% -> -299.4684
B52: B | C52: Auxílio-Refeição/Alimentação | D52: ='Mão de Obra'!D52 -> 0 | E52: 0
B53: C | C53: Assistência Médica e Familiar | D53: ='Mão de Obra'!D53 -> 0 | E53: 0
B54: D | C54: Informar Benefício CCT da Proposta | D54: ='Mão de Obra'!D54 -> 0 | E54: 0
B55: E | C55: Informar Benefício CCT da Proposta | D55: ='Mão de Obra'!D55 -> 0 | E55: 0
B56: F | C56: Informar Benefício CCT da Proposta | D56: ='Mão de Obra'!D56 -> 0 | E56: 0
B57: G | C57: Informar Benefício CCT da Proposta | D57: ='Mão de Obra'!D57 -> 0 | E57: 0
B58: H | C58: Informar Benefício CCT da Proposta | D58: ='Mão de Obra'!D58 -> 0 | E58: 0
B59: TOTAL SUBMÓDULO 2.3 | E59: =SUM(E51:E58) -> -299.4684
B61: QUADRO-RESUMO DO MÓDULO 2 - ENCARGOS, BENEFÍCIOS ANUAIS, MENSAIS E DIÁRIOS
B62: Módulo 2 - Encargos, Benefícios Anuais, Mensais e Diários | E62: VALOR (R$)
B63: 2.1 | C63: 13º Salário, Férias e Adicional de Férias | E63: =$E$38 -> 0
B64: 2.2 | C64: GPS, FGTS e Outras Contribuições | E64: =$E$48 -> 0
B65: 2.3 | C65: Benefícios Mensais e Diários | E65: =$E$59 -> -299.4684
B66: TOTAL DO MÓDULO 2 | E66: =SUM(E63:E65) -> -299.4684
B68: MÓDULO 3 – PROVISÃO PARA RESCISÃO
B69: PROVISÃO PARA RESCISÃO | D69: (%) | E69: VALOR (R$)
B70: A | C70: Aviso Prévio Indenizado | D70: ='Mão de Obra'!D70 -> 0 | E70: =$E$30*D70 -> 0
B71: B | C71: Incidência do FGTS sobre Aviso Prévio Indenizado | D71: ='Mão de Obra'!D71 -> 0 | E71: =$E$30*D71 -> 0
B72: D | C72: Aviso Prévio Trabalhado | D72: ='Mão de Obra'!D72 -> 0 | E72: =$E$30*D72 -> 0
B73: E | C73: Incidência de GPS, FGTS e outras contribuições sobre o Aviso Prévio Trabalhado | D73: ='Mão de Obra'!D73 -> 0 | E73: =$E$30*D73 -> 0
B74: F | C74: Multa do FGTS sobre API e APT | D74: ='Mão de Obra'!D74 -> 0 | E74: =$E$30*D74 -> 0
B75: TOTAL DO MÓDULO 3 | D75: =SUM(D70:D74) -> 0 | E75: =SUM(E70:E74) -> 0
B77: MÓDULO 4 – CUSTO DE REPOSIÇÃO DO PROFISSIONAL AUSENTE
B78: Submódulo 4.1 - Substituto nas Ausências Legais | D78: (%) | E78: VALOR (R$)
B79: A | C79: Substituto na cobertura de Férias | D79: ='Mão de Obra'!D79 -> 0 | E79: =D79*$E$30 -> 0
B80: B | C80: Substituto na cobertura de Ausências Legais | D80: ='Mão de Obra'!D80 -> 0 | E80: =D80*$E$30 -> 0
B81: C | C81: Substituto na cobertura de Licença Paternidade | D81: ='Mão de Obra'!D81 -> 0 | E81: =D81*$E$30 -> 0
B82: D | C82: Substituto na cobertura de Ausência por Acidente de Trabalho | D82: ='Mão de Obra'!D82 -> 0 | E82: =D82*$E$30 -> 0
B83: E | C83: Substituto na cobertura de Afastamento Maternidade | D83: ='Mão de Obra'!D83 -> 0 | E83: =D83*$E$30 -> 0
B84: F | C84: Substituto na cobertura de Outras ausências (especificar) | D84: ='Mão de Obra'!D84 -> 0 | E84: =D84*$E$30 -> 0
B85: TOTAL SUBMÓDULO 4.1 | D85: =SUM(D79:D84) -> 0 | E85: =SUM(E79:E84) -> 0
B87: Submódulo 4.2 - Substituto na Intrajornada | D87: (%) | E87: VALOR (R$)
B88: A | C88: Substituto na cobertura de Intervalo para Repouso ou Alimentação | D88: ='Mão de Obra'!D88 -> 0 | E88: =$E$30*D88 -> 0
B89: TOTAL SUBMÓDULO 4.2 | D89: =D88 -> 0 | E89: =E88 -> 0
B91: QUADRO-RESUMO DO MÓDULO 4 - CUSTO DE REPOSIÇÃO DO PROFISSIONAL AUSENTE
B92: Módulo 4 - Custo de Reposição do Profissional Ausente | E92: VALOR (R$)
B93: 4.1 | C93: Substituto nas Ausências Legais | E93: =$E$85 -> 0
B94: 4.2 | C94: Substituto na Intrajornada | E94: =$E$89 -> 0
B95: TOTAL DO MÓDULO 4 | E95: =SUM(E93:E94) -> 0
B97: MÓDULO 5 – INSUMOS DIVERSOS
B98: INSUMOS DIVERSOS | E98: VALOR (R$)
B99: A | C99: Uniformes e Epi' s | E99: 0
B100: B | C100: Materiais | E100: 0
B101: C | C101: Equipamentos/Ferramentas | E101: 0
B102: D | C102: Outros Necessários (Especificar) | E102: 0
B103: TOTAL DO MÓDULO 5 | E103: =SUM(E99:E102) -> 0
B105: MÓDULO 6 – CUSTOS INDIRETOS, TRIBUTOS E LUCRO
B106: CUSTOS INDIRETOS, TRIBUTOS E LUCRO | D106: (%) | E106: VALOR (R$)
B107: A | C107: Custos Indiretos | D107: ='Mão de Obra'!D107 -> 0 | E107: =D107*E132 -> 0
B108: B | C108: Lucro | D108: ='Mão de Obra'!D108 -> 0 | E108: =D108*(E107+E132) -> 0
B109: C | C109: TRIBUTOS
B110: C.1 | C110: PIS | D110: ='Mão de Obra'!D110 -> 0 | E110: =(D110*E120) -> 0
B111: C.2 | C111: COFINS | D111: ='Mão de Obra'!D111 -> 0 | E111: =(D111*E120) -> 0
B112: C.3 | C112: ISS | D112: ='Mão de Obra'!D112 -> 0 | E112: =(D112*E120) -> 0
B113: C.4 | C113: Outros (CPBR) | D113: ='Mão de Obra'!D113 -> 0 | E113: =(D113*E120) -> 0
B114: TOTAL DO MÓDULO 6 | D114: =D107+D108+D110+D111+D112+D113 -> 0 | E114: =SUM(E107:E113) -> 0
B116: a) | C116: Total dos Tributos % = To = ............................................................. | D116: =D110+D111+D112+D113 -> 0
B118: b) | C118: (Total dos Módulos 1, 2, 3, 4 e 5 + Custos indiretos + lucro)= Po = ................................... | E118: =E132+E107+E108 -> 4691.6716
B120: c) | C120: Po / (1 - To) = Valor do Posto = .............................................................................. | E120: =E118/(1-D116) -> 4691.6716
B122: d) | C122: Valor dos Tributos = P1 - Po | E122: =E120-E118 -> 0
...

Sheet POSTO 16 Assist. Social
B2: PLANILHA DE CUSTO E FORMAÇÃO DE PREÇOS
B4: DADOS COMPLEMENTARES PARA COMPOSIÇÃO DOS CUSTOS REFERENTE AOS SERVIÇOS
B5: Nº do Processo Administrativo:
B7: Local da Prestação dos Serviços:
B9: Descrição do Posto de Trabalho:
B10: Assistente Social
B12: Dados Complementares para Composição dos Custos com Mão de Obra
B13: Tipo de Jornada de Trabalho:
B14: 40 Horas Semanais (Segunda a Sexta)
B15: Descrição da Convenção Coletiva de Trabalho (CCT, ACT ou Dissídio Coletivo) | D15: Vigência da CCT, ACT ou Dissídio Coletivo:
B17: Classificação Brasileira de Ocupações (CBO) (MTE Nº)
B19: Piso Salarial Definido na CCT:
B20: 1412
B22: MÓDULO 1 - COMPOSIÇÃO DA REMUNERAÇÃO
B23: COMPOSIÇÃO DA REMUNERAÇÃO | D23: (%) | E23: VALOR (R$)
B24: A | C24: Salário Base | D24: ='Mão de Obra'!D24 -> 0 | E24: 4991.14
B25: B | C25: Adicional Periculosidade | D25: ='Mão de Obra'!D25 -> 0 | E25: 0
B26: C | C26: Adicional Insalubridade | D26: ='Mão de Obra'!D26 -> 0 | E26: =D26*B20 -> 0
B27: D | C27: Adicional Noturno | D27: ='Mão de Obra'!D27 -> 0 | E27: 0
B28: E | C28: Adicional de Hora Noturna Reduzida | D28: ='Mão de Obra'!D28 -> 0 | E28: 0
B29: F | C29: Outros (especificar) | D29: ='Mão de Obra'!D29 -> 0 | E29: 0
B30: TOTAL DO MÓDULO 1 | E30: =SUM(E24:E29) -> 4991.14
B32: MÓDULO 2 – ENCARGOS E BENEFÍCIOS ANUAIS, MENSAIS E DIÁRIOS
B33: Submódulo 2.1 - 13º Salário, Férias e Adicional de Férias | D33: (%) | E33: VALOR (R$)
B34: A | C34: 13 (Décimo-terceiro) salário | D34: ='Mão de Obra'!D34 -> 0 | E34: =$E$30*D34 -> 0
B35: B | C35: Férias e Adicional de Férias | D35: ='Mão de Obra'!D35 -> 0 | E35: =$E$30*D35 -> 0
B36: C | C36: Incidência dos encargos do submódulo 2.2 sobre Submódulo 2.1 - 13º Salário, Férias e Adicional de Férias | D36: ='Mão de Obra'!D36 -> 0 | E36: =$E$30*D36 -> 0
B37: TOTAL SUBMÓDULO 2.1 | C37: Incidência dos encargos do submódulo 2.2 sobre Submódulo 2.1 - 13º Salário, Férias e Adicional de Férias | D37: =SUM(D34:D36) -> 0 | E37: =SUM(E34:E36) -> 0
B39: Submódulo 2.2 - GPS, FGTS e Outras Contribuições | D39: (%) | E39: VALOR (R$)
B40: A | C40: INSS | D40: ='Mão de Obra'!D40 -> 0 | E40: =D40*$E$30 -> 0
B41: B | C41: Salário Educação | D41: ='Mão de Obra'!D41 -> 0 | E41: =D41*$E$30 -> 0
B42: C | C42: SAT (Seguro Acidente de Trabalho) | D42: ='Mão de Obra'!D42 -> 0 | E42: =D42*$E$30 -> 0
B43: D | C43: SESC ou SESI | D43: ='Mão de Obra'!D43 -> 0 | E43: =D43*$E$30 -> 0
B44: E | C44: SENAI - SENAC | D44: ='Mão de Obra'!D44 -> 0 | E44: =D44*$E$30 -> 0
B45: F | C45: SEBRAE | D45: ='Mão de Obra'!D45 -> 0 | E45: =D45*$E$30 -> 0
B46: G | C46: INCRA | D46: ='Mão de Obra'!D46 -> 0 | E46: =D46*$E$30 -> 0
B47: H | C47: FGTS | D47: ='Mão de Obra'!D47 -> 0 | E47: =D47*$E$30 -> 0
B48: TOTAL SUBMÓDULO 2.2 | D48: =SUM(D40:D47) -> 0 | E48: =SUM(E40:E47) -> 0
B50: Submódulo 2.3 - Benefícios Mensais e Diários | D50: Valor Unitário | E50: VALOR (R$)
B51: A | C51: Transporte | D51: ='Mão de Obra'!D51 -> 0 | E51: =(D51*4*22)-E24*6% -> -299.4684
B52: B | C52: Auxílio-Refeição/Alimentação | D52: ='Mão de Obra'!D52 -> 0 | E52: 0
B53: C | C53: Assistência Médica e Familiar | D53: ='Mão de Obra'!D53 -> 0 | E53: 0
B54: D | C54: Informar Benefício CCT da Proposta | D54: ='Mão de Obra'!D54 -> 0 | E54: 0
B55: E | C55: Informar Benefício CCT da Proposta | D55: ='Mão de Obra'!D55 -> 0 | E55: 0
B56: F | C56: Informar Benefício CCT da Proposta | D56: ='Mão de Obra'!D56 -> 0 | E56: 0
B57: G | C57: Informar Benefício CCT da Proposta | D57: ='Mão de Obra'!D57 -> 0 | E57: 0
B58: H | C58: Informar Benefício CCT da Proposta | D58: ='Mão de Obra'!D58 -> 0 | E58: 0
B59: TOTAL SUBMÓDULO 2.3 | E59: =SUM(E51:E58) -> -299.4684
B61: QUADRO-RESUMO DO MÓDULO 2 - ENCARGOS, BENEFÍCIOS ANUAIS, MENSAIS E DIÁRIOS
B62: Módulo 2 - Encargos, Benefícios Anuais, Mensais e Diários | E62: VALOR (R$)
B63: 2.1 | C63: 13º Salário, Férias e Adicional de Férias | E63: =$E$38 -> 0
B64: 2.2 | C64: GPS, FGTS e Outras Contribuições | E64: =$E$48 -> 0
B65: 2.3 | C65: Benefícios Mensais e Diários | E65: =$E$59 -> -299.4684
B66: TOTAL DO MÓDULO 2 | E66: =SUM(E63:E65) -> -299.4684
B68: MÓDULO 3 – PROVISÃO PARA RESCISÃO
B69: PROVISÃO PARA RESCISÃO | D69: (%) | E69: VALOR (R$)
B70: A | C70: Aviso Prévio Indenizado | D70: ='Mão de Obra'!D70 -> 0 | E70: =$E$30*D70 -> 0
B71: B | C71: Incidência do FGTS sobre Aviso Prévio Indenizado | D71: ='Mão de Obra'!D71 -> 0 | E71: =$E$30*D71 -> 0
B72: D | C72: Aviso Prévio Trabalhado | D72: ='Mão de Obra'!D72 -> 0 | E72: =$E$30*D72 -> 0
B73: E | C73: Incidência de GPS, FGTS e outras contribuições sobre o Aviso Prévio Trabalhado | D73: ='Mão de Obra'!D73 -> 0 | E73: =$E$30*D73 -> 0
B74: F | C74: Multa do FGTS sobre API e APT | D74: ='Mão de Obra'!D74 -> 0 | E74: =$E$30*D74 -> 0
B75: TOTAL DO MÓDULO 3 | D75: =SUM(D70:D74) -> 0 | E75: =SUM(E70:E74) -> 0
B77: MÓDULO 4 – CUSTO DE REPOSIÇÃO DO PROFISSIONAL AUSENTE
B78: Submódulo 4.1 - Substituto nas Ausências Legais | D78: (%) | E78: VALOR (R$)
B79: A | C79: Substituto na cobertura de Férias | D79: ='Mão de Obra'!D79 -> 0 | E79: =D79*$E$30 -> 0
B80: B | C80: Substituto na cobertura de Ausências Legais | D80: ='Mão de Obra'!D80 -> 0 | E80: =D80*$E$30 -> 0
B81: C | C81: Substituto na cobertura de Licença Paternidade | D81: ='Mão de Obra'!D81 -> 0 | E81: =D81*$E$30 -> 0
B82: D | C82: Substituto na cobertura de Ausência por Acidente de Trabalho | D82: ='Mão de Obra'!D82 -> 0 | E82: =D82*$E$30 -> 0
B83: E | C83: Substituto na cobertura de Afastamento Maternidade | D83: ='Mão de Obra'!D83 -> 0 | E83: =D83*$E$30 -> 0
B84: F | C84: Substituto na cobertura de Outras ausências (especificar) | D84: ='Mão de Obra'!D84 -> 0 | E84: =D84*$E$30 -> 0
B85: TOTAL SUBMÓDULO 4.1 | D85: =SUM(D79:D84) -> 0 | E85: =SUM(E79:E84) -> 0
B87: Submódulo 4.2 - Substituto na Intrajornada | D87: (%) | E87: VALOR (R$)
B88: A | C88: Substituto na cobertura de Intervalo para Repouso ou Alimentação | D88: ='Mão de Obra'!D88 -> 0 | E88: =$E$30*D88 -> 0
B89: TOTAL SUBMÓDULO 4.2 | D89: =D88 -> 0 | E89: =E88 -> 0
B91: QUADRO-RESUMO DO MÓDULO 4 - CUSTO DE REPOSIÇÃO DO PROFISSIONAL AUSENTE
B92: Módulo 4 - Custo de Reposição do Profissional Ausente | E92: VALOR (R$)
B93: 4.1 | C93: Substituto nas Ausências Legais | E93: =$E$85 -> 0
B94: 4.2 | C94: Substituto na Intrajornada | E94: =$E$89 -> 0
B95: TOTAL DO MÓDULO 4 | E95: =SUM(E93:E94) -> 0
B97: MÓDULO 5 – INSUMOS DIVERSOS
B98: INSUMOS DIVERSOS | E98: VALOR (R$)
B99: A | C99: Uniformes e Epi' s | E99: 0
B100: B | C100: Materiais | E100: 0
B101: C | C101: Equipamentos/Ferramentas | E101: 0
B102: D | C102: Outros Necessários (Especificar) | E102: 0
B103: TOTAL DO MÓDULO 5 | E103: =SUM(E99:E102) -> 0
B105: MÓDULO 6 – CUSTOS INDIRETOS, TRIBUTOS E LUCRO
B106: CUSTOS INDIRETOS, TRIBUTOS E LUCRO | D106: (%) | E106: VALOR (R$)
B107: A | C107: Custos Indiretos | D107: ='Mão de Obra'!D107 -> 0 | E107: =D107*E132 -> 0
B108: B | C108: Lucro | D108: ='Mão de Obra'!D108 -> 0 | E108: =D108*(E107+E132) -> 0
B109: C | C109: TRIBUTOS
B110: C.1 | C110: PIS | D110: ='Mão de Obra'!D110 -> 0 | E110: =(D110*E120) -> 0
B111: C.2 | C111: COFINS | D111: ='Mão de Obra'!D111 -> 0 | E111: =(D111*E120) -> 0
B112: C.3 | C112: ISS | D112: ='Mão de Obra'!D112 -> 0 | E112: =(D112*E120) -> 0
B113: C.4 | C113: Outros (CPBR) | D113: ='Mão de Obra'!D113 -> 0 | E113: =(D113*E120) -> 0
B114: TOTAL DO MÓDULO 6 | D114: =D107+D108+D110+D111+D112+D113 -> 0 | E114: =SUM(E107:E113) -> 0
B116: a) | C116: Total dos Tributos % = To = ............................................................. | D116: =D110+D111+D112+D113 -> 0
B118: b) | C118: (Total dos Módulos 1, 2, 3, 4 e 5 + Custos indiretos + lucro)= Po = ................................... | E118: =E132+E107+E108 -> 4691.6716
B120: c) | C120: Po / (1 - To) = Valor do Posto = .............................................................................. | E120: =E118/(1-D116) -> 4691.6716
B122: d) | C122: Valor dos Tributos = P1 - Po | E122: =E120-E118 -> 0
...

Sheet POSTO 17 Supervisão de Educação
B2: PLANILHA DE CUSTO E FORMAÇÃO DE PREÇOS
B4: DADOS COMPLEMENTARES PARA COMPOSIÇÃO DOS CUSTOS REFERENTE AOS SERVIÇOS
B5: Nº do Processo Administrativo:
B7: Local da Prestação dos Serviços:
B9: Descrição do Posto de Trabalho:
B10: Supervisão de Educação
B12: Dados Complementares para Composição dos Custos com Mão de Obra
B13: Tipo de Jornada de Trabalho:
B14: 40 Horas Semanais (Segunda a Sexta)
B15: Descrição da Convenção Coletiva de Trabalho (CCT, ACT ou Dissídio Coletivo) | D15: Vigência da CCT, ACT ou Dissídio Coletivo:
B17: Classificação Brasileira de Ocupações (CBO) (MTE Nº)
B19: Piso Salarial Definido na CCT:
B20: 1412
B22: MÓDULO 1 - COMPOSIÇÃO DA REMUNERAÇÃO
B23: COMPOSIÇÃO DA REMUNERAÇÃO | D23: (%) | E23: VALOR (R$)
B24: A | C24: Salário Base | D24: ='Mão de Obra'!D24 -> 0 | E24: 6102.62
B25: B | C25: Adicional Periculosidade | D25: ='Mão de Obra'!D25 -> 0 | E25: 0
B26: C | C26: Adicional Insalubridade | D26: ='Mão de Obra'!D26 -> 0 | E26: =D26*B20 -> 0
B27: D | C27: Adicional Noturno | D27: ='Mão de Obra'!D27 -> 0 | E27: 0
B28: E | C28: Adicional de Hora Noturna Reduzida | D28: ='Mão de Obra'!D28 -> 0 | E28: 0
B29: F | C29: Outros (especificar) | D29: ='Mão de Obra'!D29 -> 0 | E29: 0
B30: TOTAL DO MÓDULO 1 | E30: =SUM(E24:E29) -> 6102.62
B32: MÓDULO 2 – ENCARGOS E BENEFÍCIOS ANUAIS, MENSAIS E DIÁRIOS
B33: Submódulo 2.1 - 13º Salário, Férias e Adicional de Férias | D33: (%) | E33: VALOR (R$)
B34: A | C34: 13 (Décimo-terceiro) salário | D34: ='Mão de Obra'!D34 -> 0 | E34: =$E$30*D34 -> 0
B35: B | C35: Férias e Adicional de Férias | D35: ='Mão de Obra'!D35 -> 0 | E35: =$E$30*D35 -> 0
B36: C | C36: Incidência dos encargos do submódulo 2.2 sobre Submódulo 2.1 - 13º Salário, Férias e Adicional de Férias | D36: ='Mão de Obra'!D36 -> 0 | E36: =$E$30*D36 -> 0
B37: TOTAL SUBMÓDULO 2.1 | C37: Incidência dos encargos do submódulo 2.2 sobre Submódulo 2.1 - 13º Salário, Férias e Adicional de Férias | D37: =SUM(D34:D36) -> 0 | E37: =SUM(E34:E36) -> 0
B39: Submódulo 2.2 - GPS, FGTS e Outras Contribuições | D39: (%) | E39: VALOR (R$)
B40: A | C40: INSS | D40: ='Mão de Obra'!D40 -> 0 | E40: =D40*$E$30 -> 0
B41: B | C41: Salário Educação | D41: ='Mão de Obra'!D41 -> 0 | E41: =D41*$E$30 -> 0
B42: C | C42: SAT (Seguro Acidente de Trabalho) | D42: ='Mão de Obra'!D42 -> 0 | E42: =D42*$E$30 -> 0
B43: D | C43: SESC ou SESI | D43: ='Mão de Obra'!D43 -> 0 | E43: =D43*$E$30 -> 0
B44: E | C44: SENAI - SENAC | D44: ='Mão de Obra'!D44 -> 0 | E44: =D44*$E$30 -> 0
B45: F | C45: SEBRAE | D45: ='Mão de Obra'!D45 -> 0 | E45: =D45*$E$30 -> 0
B46: G | C46: INCRA | D46: ='Mão de Obra'!D46 -> 0 | E46: =D46*$E$30 -> 0
B47: H | C47: FGTS | D47: ='Mão de Obra'!D47 -> 0 | E47: =D47*$E$30 -> 0
B48: TOTAL SUBMÓDULO 2.2 | D48: =SUM(D40:D47) -> 0 | E48: =SUM(E40:E47) -> 0
B50: Submódulo 2.3 - Benefícios Mensais e Diários | D50: Valor Unitário | E50: VALOR (R$)
B51: A | C51: Transporte | D51: ='Mão de Obra'!D51 -> 0 | E51: =(D51*4*22)-E24*6% -> -366.1572
B52: B | C52: Auxílio-Refeição/Alimentação | D52: ='Mão de Obra'!D52 -> 0 | E52: 0
B53: C | C53: Assistência Médica e Familiar | D53: ='Mão de Obra'!D53 -> 0 | E53: 0
B54: D | C54: Informar Benefício CCT da Proposta | D54: ='Mão de Obra'!D54 -> 0 | E54: 0
B55: E | C55: Informar Benefício CCT da Proposta | D55: ='Mão de Obra'!D55 -> 0 | E55: 0
B56: F | C56: Informar Benefício CCT da Proposta | D56: ='Mão de Obra'!D56 -> 0 | E56: 0
B57: G | C57: Informar Benefício CCT da Proposta | D57: ='Mão de Obra'!D57 -> 0 | E57: 0
B58: H | C58: Informar Benefício CCT da Proposta | D58: ='Mão de Obra'!D58 -> 0 | E58: 0
B59: TOTAL SUBMÓDULO 2.3 | E59: =SUM(E51:E58) -> -366.1572
B61: QUADRO-RESUMO DO MÓDULO 2 - ENCARGOS, BENEFÍCIOS ANUAIS, MENSAIS E DIÁRIOS
B62: Módulo 2 - Encargos, Benefícios Anuais, Mensais e Diários | E62: VALOR (R$)
B63: 2.1 | C63: 13º Salário, Férias e Adicional de Férias | E63: =$E$38 -> 0
B64: 2.2 | C64: GPS, FGTS e Outras Contribuições | E64: =$E$48 -> 0
B65: 2.3 | C65: Benefícios Mensais e Diários | E65: =$E$59 -> -366.1572
B66: TOTAL DO MÓDULO 2 | E66: =SUM(E63:E65) -> -366.1572
B68: MÓDULO 3 – PROVISÃO PARA RESCISÃO
B69: PROVISÃO PARA RESCISÃO | D69: (%) | E69: VALOR (R$)
B70: A | C70: Aviso Prévio Indenizado | D70: ='Mão de Obra'!D70 -> 0 | E70: =$E$30*D70 -> 0
B71: B | C71: Incidência do FGTS sobre Aviso Prévio Indenizado | D71: ='Mão de Obra'!D71 -> 0 | E71: =$E$30*D71 -> 0
B72: D | C72: Aviso Prévio Trabalhado | D72: ='Mão de Obra'!D72 -> 0 | E72: =$E$30*D72 -> 0
B73: E | C73: Incidência de GPS, FGTS e outras contribuições sobre o Aviso Prévio Trabalhado | D73: ='Mão de Obra'!D73 -> 0 | E73: =$E$30*D73 -> 0
B74: F | C74: Multa do FGTS sobre API e APT | D74: ='Mão de Obra'!D74 -> 0 | E74: =$E$30*D74 -> 0
B75: TOTAL DO MÓDULO 3 | D75: =SUM(D70:D74) -> 0 | E75: =SUM(E70:E74) -> 0
B77: MÓDULO 4 – CUSTO DE REPOSIÇÃO DO PROFISSIONAL AUSENTE
B78: Submódulo 4.1 - Substituto nas Ausências Legais | D78: (%) | E78: VALOR (R$)
B79: A | C79: Substituto na cobertura de Férias | D79: ='Mão de Obra'!D79 -> 0 | E79: =D79*$E$30 -> 0
B80: B | C80: Substituto na cobertura de Ausências Legais | D80: ='Mão de Obra'!D80 -> 0 | E80: =D80*$E$30 -> 0
B81: C | C81: Substituto na cobertura de Licença Paternidade | D81: ='Mão de Obra'!D81 -> 0 | E81: =D81*$E$30 -> 0
B82: D | C82: Substituto na cobertura de Ausência por Acidente de Trabalho | D82: ='Mão de Obra'!D82 -> 0 | E82: =D82*$E$30 -> 0
B83: E | C83: Substituto na cobertura de Afastamento Maternidade | D83: ='Mão de Obra'!D83 -> 0 | E83: =D83*$E$30 -> 0
B84: F | C84: Substituto na cobertura de Outras ausências (especificar) | D84: ='Mão de Obra'!D84 -> 0 | E84: =D84*$E$30 -> 0
B85: TOTAL SUBMÓDULO 4.1 | D85: =SUM(D79:D84) -> 0 | E85: =SUM(E79:E84) -> 0
B87: Submódulo 4.2 - Substituto na Intrajornada | D87: (%) | E87: VALOR (R$)
B88: A | C88: Substituto na cobertura de Intervalo para Repouso ou Alimentação | D88: ='Mão de Obra'!D88 -> 0 | E88: =$E$30*D88 -> 0
B89: TOTAL SUBMÓDULO 4.2 | D89: =D88 -> 0 | E89: =E88 -> 0
B91: QUADRO-RESUMO DO MÓDULO 4 - CUSTO DE REPOSIÇÃO DO PROFISSIONAL AUSENTE
B92: Módulo 4 - Custo de Reposição do Profissional Ausente | E92: VALOR (R$)
B93: 4.1 | C93: Substituto nas Ausências Legais | E93: =$E$85 -> 0
B94: 4.2 | C94: Substituto na Intrajornada | E94: =$E$89 -> 0
B95: TOTAL DO MÓDULO 4 | E95: =SUM(E93:E94) -> 0
B97: MÓDULO 5 – INSUMOS DIVERSOS
B98: INSUMOS DIVERSOS | E98: VALOR (R$)
B99: A | C99: Uniformes e Epi' s | E99: 0
B100: B | C100: Materiais | E100: 0
B101: C | C101: Equipamentos/Ferramentas | E101: 0
B102: D | C102: Outros Necessários (Especificar) | E102: 0
B103: TOTAL DO MÓDULO 5 | E103: =SUM(E99:E102) -> 0
B105: MÓDULO 6 – CUSTOS INDIRETOS, TRIBUTOS E LUCRO
B106: CUSTOS INDIRETOS, TRIBUTOS E LUCRO | D106: (%) | E106: VALOR (R$)
B107: A | C107: Custos Indiretos | D107: ='Mão de Obra'!D107 -> 0 | E107: =D107*E132 -> 0
B108: B | C108: Lucro | D108: ='Mão de Obra'!D108 -> 0 | E108: =D108*(E107+E132) -> 0
B109: C | C109: TRIBUTOS
B110: C.1 | C110: PIS | D110: ='Mão de Obra'!D110 -> 0 | E110: =(D110*E120) -> 0
B111: C.2 | C111: COFINS | D111: ='Mão de Obra'!D111 -> 0 | E111: =(D111*E120) -> 0
B112: C.3 | C112: ISS | D112: ='Mão de Obra'!D112 -> 0 | E112: =(D112*E120) -> 0
B113: C.4 | C113: Outros (CPBR) | D113: ='Mão de Obra'!D113 -> 0 | E113: =(D113*E120) -> 0
B114: TOTAL DO MÓDULO 6 | D114: =D107+D108+D110+D111+D112+D113 -> 0 | E114: =SUM(E107:E113) -> 0
B116: a) | C116: Total dos Tributos % = To = ............................................................. | D116: =D110+D111+D112+D113 -> 0
B118: b) | C118: (Total dos Módulos 1, 2, 3, 4 e 5 + Custos indiretos + lucro)= Po = ................................... | E118: =E132+E107+E108 -> 5736.4628
B120: c) | C120: Po / (1 - To) = Valor do Posto = .............................................................................. | E120: =E118/(1-D116) -> 5736.4628
B122: d) | C122: Valor dos Tributos = P1 - Po | E122: =E120-E118 -> 0
...
